Workbook
Name programa: #REF!

Sheet Resumo Tecnico
D1: RESUMO TÉCNICO DO EMPREENDIMENTO
B5: Nome do empreendimento | L5: CCA-RTE_ResumoTecnicoEmpreendimento_v12 agosto2026
B7: Endereço do empreendimento | J7: Complemento
B9: Bairro | F9: Município | J9: UF | K9: CEP
B11: Agente Promotor | I11: CPF/ CNPJ
B13: Construtora | I13: CPF/ CNPJ
B15: Responsável Técnico | F15: CREA/CAU | I15: CPF
B17: Incorporador | I17: CPF/ CNPJ
B19: Proprietário do terreno | I19: CPF/ CNPJ
B21: Nome para contato | E21: Telefone | H21: E-mail
B24: TIPO DO EMPREENDIMENTO
B25: Casas | E25: unidades | F25: Edifício garagem | J25: Quadra | K25: -
B26: Apartamentos | E26: unidades | F26: Salas comerciais | J26: Equipamentos lazer | K26: -
B27: Tipos de UH diferentes | F27: Lojas | J27: Playground | K27: -
B28: Vagas | F28: Guarita/ Portaria | J28: Pavtos. / blocos | K28: -
B29: Sobresolos | F29: Salão de Festas
B30: Nº de blocos de aptos. | F30: Churrasqueira
B32: Descrição do empreendimento (tipologias, blocos, equipamentos de uso comum, lazer e infraestrutura):
B40: CARACTERÍSTICAS CONSTRUTIVAS
B41: Padrão de acabamento | G41: Sistema Construtivo | J41: ALVENARIA ESTRUTURAL
B42: Processo construtivo
B43: Indique
B46: ÁREAS DO EMPREENDIMENTO
C47: Área total do terreno | F47: Área Sistema Viário | J47: Área Non Edificandi
C48: Área de APP | F48: Área de praças/ áreas verdes | J48: Área de outros Equipamentos
C49: Área construída aprovada | J49: Área líquida do terreno | K49: =D47 -> 0
D50: (do Projeto Legal aprovado)
B52: Tipologia | C52: Qtidade | D52: Descrição | F52: Area Privativa Real | G52: Area Privativa Equivalente (NBR) | H52: Area Construída Real (NBR) | I52: Área total equivalente (NBR) | J52: Valor de VENDA proposto | K52: VGV | L52: VGV / M2 | N52: Fração Ideal da Unidade Habitacional
A54: Análise dos custos e valores de avaliação | B54: 1 | K54: =IF(C54=0,"",J54*C54) | L54: =IF(OR(J54=0,K54=""),"-","R$ "&TEXT(J54/I54,"0.000,00")&"/m2") -> -
B55: =B54+1 -> 2 | K55: =IF(C55=0,"",J55*C55) | L55: =IF(OR(J55=0,K55=""),"-","R$ "&TEXT(J55/I55,"0.000,00")&"/m2") -> -
B56: 3 | K56: =IF(C56=0,"",J56*C56) | L56: =IF(OR(J56=0,K56=""),"-","R$ "&TEXT(J56/I56,"0.000,00")&"/m2") -> - | N56: 0.0023639021
B57: 4 | K57: =IF(C57=0,"",J57*C57) | L57: =IF(OR(J57=0,K57=""),"-","R$ "&TEXT(J57/I57,"0.000,00")&"/m2") -> - | N57: 0.0024047957
B58: 5 | K58: =IF(C58=0,"",J58*C58) | L58: =IF(OR(J58=0,K58=""),"-","R$ "&TEXT(J58/I58,"0.000,00")&"/m2") -> - | N58: 0.0023870159
B59: 6 | K59: =IF(C59=0,"",J59*C59) | L59: =IF(OR(J59=0,K59=""),"-","R$ "&TEXT(J59/I59,"0.000,00")&"/m2") -> - | N59: 0.0023856443
B60: 7 | K60: =IF(C60=0,"",J60*C60) | L60: =IF(OR(J60=0,K60=""),"-","R$ "&TEXT(J60/I60,"0.000,00")&"/m2") -> - | N60: 0.0023846283
B61: 8 | K61: =IF(C61=0,"",J61*C61) | L61: =IF(OR(J61=0,K61=""),"-","R$ "&TEXT(J61/I61,"0.000,00")&"/m2") -> - | N61: 0.0023668485
B62: 9 | K62: =IF(C62=0,"",J62*C62) | L62: =IF(OR(J62=0,K62=""),"-","R$ "&TEXT(J62/I62,"0.000,00")&"/m2") -> - | N62: 0.0023628862
B63: 10 | K63: =IF(C63=0,"",J63*C63) | L63: =IF(OR(J63=0,K63=""),"-","R$ "&TEXT(J63/I63,"0.000,00")&"/m2") -> - | N63: 0.0023451063
B64: 11 | K64: =IF(C64=0,"",J64*C64) | L64: =IF(OR(J64=0,K64=""),"-","R$ "&TEXT(J64/I64,"0.000,00")&"/m2") -> -
B65: 12 | K65: =IF(C65=0,"",J65*C65) | L65: =IF(OR(J65=0,K65=""),"-","R$ "&TEXT(J65/I65,"0.000,00")&"/m2") -> -
B66: 13 | K66: =IF(C66=0,"",J66*C66) | L66: =IF(OR(J66=0,K66=""),"-","R$ "&TEXT(J66/I66,"0.000,00")&"/m2") -> -
B67: 14 | K67: =IF(C67=0,"",J67*C67) | L67: =IF(OR(J67=0,K67=""),"-","R$ "&TEXT(J67/I67,"0.000,00")&"/m2") -> -
B68: 15 | K68: =IF(C68=0,"",J68*C68) | L68: =IF(OR(J68=0,K68=""),"-","R$ "&TEXT(J68/I68,"0.000,00")&"/m2") -> -
C69: =SUM(C54:C68) -> 0 | F69: =SUMPRODUCT($C$54:$C$68,F54:F68) -> 0 | G69: =SUMPRODUCT($C$54:$C$68,G54:G68) -> 0 | H69: =SUMPRODUCT($C$54:$C$68,H54:H68) -> 0 | I69: =SUMPRODUCT($C$54:$C$68,I54:I68) -> 0 | J69: =SUMPRODUCT($C$54:$C$68,J54:J68) -> 0 | K69: =SUM(K54:K68) -> 0
B72: CRONOGRAMA DE EXECUÇÃO DA OBRA
B73: % de obra executada: | J73: Prazo de obras previsto no cronograma | L73: meses
B75: Descrição de estágio de obras e benfeitorias executadas
B81: CUSTOS E DESPESAS DO EMPREENDIMENTO | G81: DATA-BASE
C83: TERRENO
D84: ='Orçamento Detalhado'!H2 -> 0 | E84: Valor proposto de terreno | I84: VALOR TERRENO | K84: =D84 -> 0
C86: INDIRETO
D87: ='Orçamento Detalhado'!J16 -> 0 | E87: Custo previsto em orçamento | G87: BDI | H87: =IFERROR(ROUND(L87/D87,2)-1,"") | K87: Custo + BDI | L87: ='Orçamento Detalhado'!J528 -> 0
C89: HABITAÇÃO
D90: ='Orçamento Detalhado'!J48 -> 0 | E90: Custo previsto em orçamento | G90: BDI | H90: =IFERROR(ROUND(L90/D90,2)-1,"") | K90: Custo + BDI | L90: ='Orçamento Detalhado'!J531 -> 0
C92: INFRAESTRUTURA
D93: ='Orçamento Detalhado'!J361 -> 0 | E93: Custo previsto em orçamento | G93: BDI | H93: =IFERROR(ROUND(L93/D93,2)-1,"") | K93: Custo + BDI | L93: ='Orçamento Detalhado'!J532 -> 0
C95: EQUIPAMENTOS
D96: ='Orçamento Detalhado'!J480 -> 0 | E96: Custo previsto em orçamento | G96: BDI | H96: =IFERROR(ROUND(L96/D96,2)-1,"") | K96: Custo + BDI | L96: ='Orçamento Detalhado'!J533 -> 0
C98: INFRA EXTERNA
D99: ='Orçamento Detalhado'!J493 -> 0 | E99: Custo previsto em orçamento | G99: BDI | H99: =IFERROR(ROUND(L99/D99,2)-1,"") | K99: Custo + BDI | L99: ='Orçamento Detalhado'!J534 -> 0
I101: CUSTO TOTAL DE OBRAS | K101: =L90+L93+L96+L99 -> 0
K102: =IF(C69>0,K101/$H$69,"")
K103: =IF(C69>0,K101/$C$69,"")
C104: OUTRAS DESPESAS
D105: ='Quadro Resumo Orcamento'!C47 -> 0 | E105: Seguros (não previstos no BDI) | F105: =IFERROR(IF(D105/K101>0.005,"aceitável até 0,5% do custo de obra","OK"),"aceitável até 0,5% do custo de obra") -> aceitável até 0,5% do custo de obra | J105: TOTAL OUTRAS DESPESAS | K105: =D105+D106 -> 0
D106: ='Quadro Resumo Orcamento'!C50 -> 0 | E106: Legalização (Habite-se, cartório) | F106: =IFERROR(IF(D106/K118>0.02,"aceitável até 2% do VGV","OK"),"aceitável até 2% do VGV") -> aceitável até 2% do VGV | K106: =IF(C69>0,K105/$C$69,"")
B108: CUSTOS NÃO INCIDENTES | G108: Valores | J108: Responsabilidade de execução e fonte de recursos
B109: ='Orçamento Detalhado_Global'!D494 -> Rede Água Potável | G109: ='Orçamento Detalhado'!J494 | J109: =B14 -> 0
B110: ='Orçamento Detalhado_Global'!D495 -> Esgoto | G110: ='Orçamento Detalhado'!J495 | J110: =J109 -> 0
I114: CUSTO TOTAL DO EMPREENDIMENTO | K114: =K84+K105+K101 -> 0
K115: =IF(C69>0,K114/$H$69,"")
K116: =IF(C69>1,K114/$C$69,"")
B117: APORTE FINANCEIRO / CONTRAPARTIDA / CPAC | G117: Valores
B118: [ especificar origem ] | G118: =K114-K118 -> 0 | I118: VALOR GERAL DE VENDA (VGV) | K118: =K69 -> 0
K119: =IF(C69>1,K118/$C$69,"")
B122: Observações gerais
I132: Assinatura do Agente Promotor
I134: Nome: | J134: =B12 -> 0
I135: CPF: | J135: =I12 -> 0
I137: Local: | J137: SÃO PAULO / SP
I138: Data: | J138: =TODAY() -> 46262

Sheet Orçamento Resumo
E1: LOG0 EMPRESA
B2: Obra: | C2: ='Orçamento Detalhado'!C4 | E2: Data Base:
B3: Local: | C3: ='Orçamento Detalhado'!C5 | E3: ='Orçamento Detalhado'!H7 -> 46023
B4: RESUMO DE ORÇAMENTO - CUSTO TOTAL DA OBRA
B6: I T E M | C6: DISCRIMINAÇÃO DOS SERVIÇOS | D6: TOTAL | E6: %
B7: 0 | C7: =VLOOKUP($B7,'Orçamento Detalhado'!$A$14:$I$561,2,FALSE) -> 0 | D7: ='Orçamento Detalhado'!J15 -> 0 | E7: =D7/$D$56 -> #N/A
B8: 1 | C8: =VLOOKUP($B8,'Orçamento Detalhado'!$A$14:$I$561,2,FALSE) -> 0 | D8: =VLOOKUP($B8,'Orçamento Detalhado'!$A$14:$I$561,6,FALSE) -> 0 | E8: =D8/$D$56 -> #N/A
B9: 1.1 | C9: =VLOOKUP($B9,'Orçamento Detalhado'!$A$14:$I$561,2,FALSE) -> 0 | D9: =VLOOKUP($B9,'Orçamento Detalhado'!$A$14:$I$561,6,FALSE) -> 0 | E9: =D9/$D$56 -> #N/A
B10: 1.2 | C10: =VLOOKUP($B10,'Orçamento Detalhado'!$A$14:$I$561,2,FALSE) -> 0 | D10: =VLOOKUP($B10,'Orçamento Detalhado'!$A$14:$I$561,6,FALSE) -> 0 | E10: =D10/$D$56 -> #N/A
B11: 1.3 | C11: =VLOOKUP($B11,'Orçamento Detalhado'!$A$14:$I$561,2,FALSE) -> #N/A | D11: =VLOOKUP($B11,'Orçamento Detalhado'!$A$14:$I$561,6,FALSE) -> #N/A | E11: =D11/$D$56 -> #N/A
B12: 1.4 | C12: =VLOOKUP($B12,'Orçamento Detalhado'!$A$14:$I$561,2,FALSE) -> #N/A | D12: =VLOOKUP($B12,'Orçamento Detalhado'!$A$14:$I$561,6,FALSE) -> #N/A | E12: =D12/$D$56 -> #N/A
B13: 1.5 | C13: =VLOOKUP($B13,'Orçamento Detalhado'!$A$14:$I$561,2,FALSE) -> #N/A | D13: =VLOOKUP($B13,'Orçamento Detalhado'!$A$14:$I$561,6,FALSE) -> #N/A | E13: =D13/$D$56 -> #N/A
B14: 1.6 | C14: =VLOOKUP($B14,'Orçamento Detalhado'!$A$14:$I$561,2,FALSE) -> #N/A | D14: =VLOOKUP($B14,'Orçamento Detalhado'!$A$14:$I$561,6,FALSE) -> #N/A | E14: =D14/$D$56 -> #N/A
B15: 1.7 | C15: =VLOOKUP($B15,'Orçamento Detalhado'!$A$14:$I$561,2,FALSE) -> #N/A | D15: =VLOOKUP($B15,'Orçamento Detalhado'!$A$14:$I$561,6,FALSE) -> #N/A | E15: =D15/$D$56 -> #N/A
B16: 1.8 | C16: =VLOOKUP($B16,'Orçamento Detalhado'!$A$14:$I$561,2,FALSE) -> #N/A | D16: =VLOOKUP($B16,'Orçamento Detalhado'!$A$14:$I$561,6,FALSE) -> #N/A | E16: =D16/$D$56 -> #N/A
B17: 1.9 | C17: =VLOOKUP($B17,'Orçamento Detalhado'!$A$14:$I$561,2,FALSE) -> #N/A | D17: =VLOOKUP($B17,'Orçamento Detalhado'!$A$14:$I$561,6,FALSE) -> #N/A | E17: =D17/$D$56 -> #N/A
B18: 1.10 | C18: =VLOOKUP($B18,'Orçamento Detalhado'!$A$14:$I$561,2,FALSE) -> #N/A | D18: =VLOOKUP($B18,'Orçamento Detalhado'!$A$14:$I$561,6,FALSE) -> #N/A | E18: =D18/$D$56 -> #N/A
B19: 1.11 | C19: =VLOOKUP($B19,'Orçamento Detalhado'!$A$14:$I$561,2,FALSE) -> #N/A | D19: =VLOOKUP($B19,'Orçamento Detalhado'!$A$14:$I$561,6,FALSE) -> #N/A | E19: =D19/$D$56 -> #N/A
B20: 1.12 | C20: =VLOOKUP($B20,'Orçamento Detalhado'!$A$14:$I$561,2,FALSE) -> #N/A | D20: =VLOOKUP($B20,'Orçamento Detalhado'!$A$14:$I$561,6,FALSE) -> #N/A | E20: =D20/$D$56 -> #N/A
... B29: 1.22 | C29: =VLOOKUP($B29,'Orçamento Detalhado'!$A$14:$I$561,2,FALSE) -> #N/A | D29: =VLOOKUP($B29,'Orçamento Detalhado'!$A$14:$I$561,6,FALSE) -> #N/A | E29: =D29/$D$56 -> #N/A
B30: 2 | C30: =VLOOKUP($B30,'Orçamento Detalhado'!$A$14:$I$561,2,FALSE) -> 0 | D30: =VLOOKUP($B30,'Orçamento Detalhado'!$A$14:$I$561,6,FALSE) -> 0 | E30: =D30/$D$56 -> #N/A
B31: 2.1 | C31: =VLOOKUP($B31,'Orçamento Detalhado'!$A$14:$I$561,2,FALSE) -> 0 | D31: =VLOOKUP($B31,'Orçamento Detalhado'!$A$14:$I$561,6,FALSE) -> 0 | E31: =D31/$D$56 -> #N/A
B32: 2.2 | C32: =VLOOKUP($B32,'Orçamento Detalhado'!$A$14:$I$561,2,FALSE) -> 0 | D32: =VLOOKUP($B32,'Orçamento Detalhado'!$A$14:$I$561,6,FALSE) -> 0 | E32: =D32/$D$56 -> #N/A
B33: 2.3 | C33: =VLOOKUP($B33,'Orçamento Detalhado'!$A$14:$I$561,2,FALSE) -> 0 | D33: =VLOOKUP($B33,'Orçamento Detalhado'!$A$14:$I$561,6,FALSE) -> 0 | E33: =D33/$D$56 -> #N/A
B34: 2.4 | C34: =VLOOKUP($B34,'Orçamento Detalhado'!$A$14:$I$561,2,FALSE) -> 0 | D34: =VLOOKUP($B34,'Orçamento Detalhado'!$A$14:$I$561,6,FALSE) -> 0 | E34: =D34/$D$56 -> #N/A
B35: 2.5 | C35: =VLOOKUP($B35,'Orçamento Detalhado'!$A$14:$I$561,2,FALSE) -> 0 | D35: =VLOOKUP($B35,'Orçamento Detalhado'!$A$14:$I$561,6,FALSE) -> 0 | E35: =D35/$D$56 -> #N/A
B36: 2.6 | C36: =VLOOKUP($B36,'Orçamento Detalhado'!$A$14:$I$561,2,FALSE) -> 0 | D36: =VLOOKUP($B36,'Orçamento Detalhado'!$A$14:$I$561,6,FALSE) -> 0 | E36: =D36/$D$56 -> #N/A
B37: 2.7 | C37: =VLOOKUP($B37,'Orçamento Detalhado'!$A$14:$I$561,2,FALSE) -> 0 | D37: =VLOOKUP($B37,'Orçamento Detalhado'!$A$14:$I$561,6,FALSE) -> 0 | E37: =D37/$D$56 -> #N/A
B38: 2.8 | C38: =VLOOKUP($B38,'Orçamento Detalhado'!$A$14:$I$561,2,FALSE) -> 0 | D38: =VLOOKUP($B38,'Orçamento Detalhado'!$A$14:$I$561,6,FALSE) -> 0 | E38: =D38/$D$56 -> #N/A
B39: 2.9 | C39: =VLOOKUP($B39,'Orçamento Detalhado'!$A$14:$I$561,2,FALSE) -> 0 | D39: =VLOOKUP($B39,'Orçamento Detalhado'!$A$14:$I$561,6,FALSE) -> 0 | E39: =D39/$D$56 -> #N/A
B40: 2.10 | C40: =VLOOKUP($B40,'Orçamento Detalhado'!$A$14:$I$561,2,FALSE) -> 0 | D40: =VLOOKUP($B40,'Orçamento Detalhado'!$A$14:$I$561,6,FALSE) -> 0 | E40: =D40/$D$56 -> #N/A
B41: 3 | C41: =VLOOKUP($B41,'Orçamento Detalhado'!$A$14:$I$561,2,FALSE) -> 0 | D41: =VLOOKUP($B41,'Orçamento Detalhado'!$A$14:$I$561,6,FALSE) -> 0 | E41: =D41/$D$56 -> #N/A
B42: 25 | C42: =VLOOKUP($B42,'Orçamento Detalhado'!$A$14:$I$561,2,FALSE) -> #N/A | D42: =VLOOKUP($B42,'Orçamento Detalhado'!$A$14:$I$561,6,FALSE) -> #N/A | E42: =D42/$D$56 -> #N/A
B43: 24 | C43: =VLOOKUP($B43,'Orçamento Detalhado'!$A$14:$I$561,2,FALSE) -> #N/A | D43: =VLOOKUP($B43,'Orçamento Detalhado'!$A$14:$I$561,6,FALSE) -> #N/A | E43: =D43/$D$56 -> #N/A
B44: 25 | C44: =VLOOKUP($B44,'Orçamento Detalhado'!$A$14:$I$561,2,FALSE) -> #N/A | D44: =VLOOKUP($B44,'Orçamento Detalhado'!$A$14:$I$561,6,FALSE) -> #N/A | E44: =D44/$D$56 -> #N/A
B45: 24 | C45: =VLOOKUP($B45,'Orçamento Detalhado'!$A$14:$I$561,2,FALSE) -> #N/A | D45: =VLOOKUP($B45,'Orçamento Detalhado'!$A$14:$I$561,6,FALSE) -> #N/A | E45: =D45/$D$56 -> #N/A
B46: 25 | C46: =VLOOKUP($B46,'Orçamento Detalhado'!$A$14:$I$561,2,FALSE) -> #N/A | D46: =VLOOKUP($B46,'Orçamento Detalhado'!$A$14:$I$561,6,FALSE) -> #N/A | E46: =D46/$D$56 -> #N/A
B47: 24 | C47: =VLOOKUP($B47,'Orçamento Detalhado'!$A$14:$I$561,2,FALSE) -> #N/A | D47: =VLOOKUP($B47,'Orçamento Detalhado'!$A$14:$I$561,6,FALSE) -> #N/A | E47: =D47/$D$56 -> #N/A
B48: 25 | C48: =VLOOKUP($B48,'Orçamento Detalhado'!$A$14:$I$561,2,FALSE) -> #N/A | D48: =VLOOKUP($B48,'Orçamento Detalhado'!$A$14:$I$561,6,FALSE) -> #N/A | E48: =D48/$D$56 -> #N/A
B49: 24 | C49: =VLOOKUP($B49,'Orçamento Detalhado'!$A$14:$I$561,2,FALSE) -> #N/A | D49: =VLOOKUP($B49,'Orçamento Detalhado'!$A$14:$I$561,6,FALSE) -> #N/A | E49: =D49/$D$56 -> #N/A
B50: 25 | C50: =VLOOKUP($B50,'Orçamento Detalhado'!$A$14:$I$561,2,FALSE) -> #N/A | D50: =VLOOKUP($B50,'Orçamento Detalhado'!$A$14:$I$561,6,FALSE) -> #N/A | E50: =D50/$D$56 -> #N/A
B51: 24 | C51: =VLOOKUP($B51,'Orçamento Detalhado'!$A$14:$I$561,2,FALSE) -> #N/A | D51: =VLOOKUP($B51,'Orçamento Detalhado'!$A$14:$I$561,6,FALSE) -> #N/A | E51: =D51/$D$56 -> #N/A
B52: 25 | C52: =VLOOKUP($B52,'Orçamento Detalhado'!$A$14:$I$561,2,FALSE) -> #N/A | D52: =VLOOKUP($B52,'Orçamento Detalhado'!$A$14:$I$561,6,FALSE) -> #N/A | E52: =D52/$D$56 -> #N/A
... B54: 25 | C54: =VLOOKUP($B54,'Orçamento Detalhado'!$A$14:$I$561,2,FALSE) -> #N/A | D54: =VLOOKUP($B54,'Orçamento Detalhado'!$A$14:$I$561,6,FALSE) -> #N/A | E54: =D54/$D$56 -> #N/A
C56: T O T A L | D56: =SUM(D7:D32) -> #N/A | E56: =SUM(E7:E32) -> #N/A
C58: Valor por m² = | D58: =D56/'Quadro Resumo Orcamento'!B5 -> #N/A

Sheet Quadro Resumo Orcamento
B1: QUADRO RESUMO DO ORÇAMENTO
A2: Empreendimento: | B2: =IF('Resumo Tecnico'!B6:G6="","",'Resumo Tecnico'!B6:G6)
A3: Endereço: | B3: =IF('Resumo Tecnico'!B8:G8="","",'Resumo Tecnico'!B8:G8)
A4: Agente Promotor: | B4: =IF('Resumo Tecnico'!B12:H12="","",'Resumo Tecnico'!B12:H12) | C4: CPF/ CNPJ: | D4: =IF('Resumo Tecnico'!I14="","",'Resumo Tecnico'!I14)
A5: Área Construída: | B5: =IF(('Orçamento Detalhado'!H5)=0,"",'Orçamento Detalhado'!H5) | C5: Total de UH: | D5: =IF('Resumo Tecnico'!C69=0,"",'Resumo Tecnico'!C69)
A6: Data-Base: | B6: ='Orçamento Detalhado'!H7 -> 46023 | F6: ='Resumo Tecnico'!L5 -> CCA-RTE_ResumoTecnicoEmpreendimento_v12 agosto2026
A7: RESUMO DO ORÇAMENTO
A8: ITEM | B8: DESCRIÇÃO | C8: CUSTO TOTAL | E8: VALOR / M2 | F8: VALOR POR UH | H8: conferência
A10: 0 | B10: TERRENO (sem BDI) | C10: =VLOOKUP(B10,'Orçamento Detalhado'!D:J,7,FALSE) -> 0 | D10: =IF($C$53=0,0,C10/$C$53) -> 0 | E10: =IFERROR(IF(C10=0,0,$C10/$B$5),"") -> 0 | F10: =IFERROR(IF(C10=0,0,$C10/$D$5),"") -> 0 | H10: =IF(C10='Orçamento Detalhado'!J14,"OK","FALSO") -> OK
A13: 1 | B13: INDIRETOS (com BDI) | C13: =VLOOKUP(B13,'Orçamento Detalhado'!D:J,7,FALSE) -> 0 | D13: =IF($C$53=0,0,C13/$C$53) -> 0 | E13: =IFERROR(IF(C13=0,0,$C13/$B$5),"") -> 0 | F13: =IFERROR(IF(C13=0,0,$C13/$D$5),"") -> 0 | H13: =IF(C13='Orçamento Detalhado'!J16,"OK","FALSO") -> OK
A14: 1.1 | B14: =VLOOKUP($A14,'Orçamento Detalhado'!$A$17:$I$528,4,FALSE) -> SERVIÇOS TECNICOS | C14: =VLOOKUP($A14,'Orçamento Detalhado'!$A$17:$J$528,10,FALSE) -> 0 | D14: =IFERROR(IF($C$53=0,0,C14/$C$53),"") -> 0 | E14: =IFERROR(IF(C14=0,0,$C14/$B$5),"") -> 0 | F14: =IFERROR(IF(C14=0,0,$C14/$D$5),"") -> 0
A15: 1.2 | B15: =VLOOKUP($A15,'Orçamento Detalhado'!$A$17:$I$528,4,FALSE) -> CUSTOS GERAIS/MENSAIS | C15: =VLOOKUP($A15,'Orçamento Detalhado'!$A$17:$J$528,10,FALSE) -> 0 | D15: =IFERROR(IF($C$53=0,0,C15/$C$53),"") -> 0 | E15: =IFERROR(IF(C15=0,0,$C15/$B$5),"") -> 0 | F15: =IFERROR(IF(C15=0,0,$C15/$D$5),"") -> 0
A16: 2 | B16: HABITAÇÃO (com BDI) | C16: =VLOOKUP(B16,'Orçamento Detalhado'!D:J,7,FALSE) -> 0 | D16: =IF($C$53=0,0,C16/$C$53) -> 0 | E16: =IFERROR(IF(C16=0,0,$C16/$B$5),"") -> 0 | F16: =IFERROR(IF(C16=0,0,$C16/$D$5),"") -> 0 | H16: =IF(C16='Orçamento Detalhado'!J48,"OK","FALSO") -> OK
A17: 2.1 | B17: =VLOOKUP($A17,'Orçamento Detalhado'!$A$17:$I$528,4,FALSE) -> FUNDAÇÕES | C17: =VLOOKUP($A17,'Orçamento Detalhado'!$A$17:$J$528,10,FALSE) -> 0 | D17: =IFERROR(IF($C$53=0,0,C17/$C$53),"") -> 0 | E17: =IFERROR(IF(C17=0,0,$C17/$B$5),"") -> 0 | F17: =IFERROR(IF(C17=0,0,$C17/$D$5),"") -> 0
A18: 2.2 | B18: =VLOOKUP($A18,'Orçamento Detalhado'!$A$17:$I$528,4,FALSE) -> ESTRUTURA | C18: =VLOOKUP($A18,'Orçamento Detalhado'!$A$17:$J$528,10,FALSE) -> 0 | D18: =IFERROR(IF($C$53=0,0,C18/$C$53),"") -> 0 | E18: =IFERROR(IF(C18=0,0,$C18/$B$5),"") -> 0 | F18: =IFERROR(IF(C18=0,0,$C18/$D$5),"") -> 0
A19: 2.3 | B19: =VLOOKUP($A19,'Orçamento Detalhado'!$A$17:$I$528,4,FALSE) -> PAREDES E PAÍNEIS | C19: =VLOOKUP($A19,'Orçamento Detalhado'!$A$17:$J$528,10,FALSE) -> 0 | D19: =IFERROR(IF($C$53=0,0,C19/$C$53),"") -> 0 | E19: =IFERROR(IF(C19=0,0,$C19/$B$5),"") -> 0 | F19: =IFERROR(IF(C19=0,0,$C19/$D$5),"") -> 0
A20: 2.4 | B20: =VLOOKUP($A20,'Orçamento Detalhado'!$A$17:$I$528,4,FALSE) -> ESQUADRIAS DE ALUMINIO | C20: =VLOOKUP($A20,'Orçamento Detalhado'!$A$17:$J$528,10,FALSE) -> 0 | D20: =IFERROR(IF($C$53=0,0,C20/$C$53),"") -> 0 | E20: =IFERROR(IF(C20=0,0,$C20/$B$5),"") -> 0 | F20: =IFERROR(IF(C20=0,0,$C20/$D$5),"") -> 0
A21: 2.5 | B21: =VLOOKUP($A21,'Orçamento Detalhado'!$A$17:$I$528,4,FALSE) -> ESQUADRIAS DE FERRO | C21: =VLOOKUP($A21,'Orçamento Detalhado'!$A$17:$J$528,10,FALSE) -> 0 | D21: =IFERROR(IF($C$53=0,0,C21/$C$53),"") -> 0 | E21: =IFERROR(IF(C21=0,0,$C21/$B$5),"") -> 0 | F21: =IFERROR(IF(C21=0,0,$C21/$D$5),"") -> 0
A22: 2.6 | B22: =VLOOKUP($A22,'Orçamento Detalhado'!$A$17:$I$528,4,FALSE) -> ESQUADRIAS DE MADEIRA | C22: =VLOOKUP($A22,'Orçamento Detalhado'!$A$17:$J$528,10,FALSE) -> 0 | D22: =IFERROR(IF($C$53=0,0,C22/$C$53),"") -> 0 | E22: =IFERROR(IF(C22=0,0,$C22/$B$5),"") -> 0 | F22: =IFERROR(IF(C22=0,0,$C22/$D$5),"") -> 0
A23: 2.7 | B23: =VLOOKUP($A23,'Orçamento Detalhado'!$A$17:$I$528,4,FALSE) -> VIDROS E PVCs | C23: =VLOOKUP($A23,'Orçamento Detalhado'!$A$17:$J$528,10,FALSE) -> 0 | D23: =IFERROR(IF($C$53=0,0,C23/$C$53),"") -> 0 | E23: =IFERROR(IF(C23=0,0,$C23/$B$5),"") -> 0 | F23: =IFERROR(IF(C23=0,0,$C23/$D$5),"") -> 0
A24: 2.8 | B24: =VLOOKUP($A24,'Orçamento Detalhado'!$A$17:$I$528,4,FALSE) -> COBERTURAS | C24: =VLOOKUP($A24,'Orçamento Detalhado'!$A$17:$J$528,10,FALSE) -> 0 | D24: =IFERROR(IF($C$53=0,0,C24/$C$53),"") -> 0 | E24: =IFERROR(IF(C24=0,0,$C24/$B$5),"") -> 0 | F24: =IFERROR(IF(C24=0,0,$C24/$D$5),"") -> 0
A25: 2.9 | B25: =VLOOKUP($A25,'Orçamento Detalhado'!$A$17:$I$528,4,FALSE) -> IMPERMEABILIZAÇÕES E TRATAMENTOS | C25: =VLOOKUP($A25,'Orçamento Detalhado'!$A$17:$J$528,10,FALSE) -> 0 | D25: =IFERROR(IF($C$53=0,0,C25/$C$53),"") -> 0 | E25: =IFERROR(IF(C25=0,0,$C25/$B$5),"") -> 0 | F25: =IFERROR(IF(C25=0,0,$C25/$D$5),"") -> 0
A26: 2.10 | B26: =VLOOKUP($A26,'Orçamento Detalhado'!$A$17:$I$528,4,FALSE) -> REVESTIMENTOS INTERNOS | C26: =VLOOKUP($A26,'Orçamento Detalhado'!$A$17:$J$528,10,FALSE) -> 0 | D26: =IFERROR(IF($C$53=0,0,C26/$C$53),"") -> 0 | E26: =IFERROR(IF(C26=0,0,$C26/$B$5),"") -> 0 | F26: =IFERROR(IF(C26=0,0,$C26/$D$5),"") -> 0
A27: 2.11 | B27: =VLOOKUP($A27,'Orçamento Detalhado'!$A$17:$I$528,4,FALSE) -> REVESTIMENTO EXTERNO | C27: =VLOOKUP($A27,'Orçamento Detalhado'!$A$17:$J$528,10,FALSE) -> 0 | D27: =IFERROR(IF($C$53=0,0,C27/$C$53),"") -> 0 | E27: =IFERROR(IF(C27=0,0,$C27/$B$5),"") -> 0 | F27: =IFERROR(IF(C27=0,0,$C27/$D$5),"") -> 0
A28: 2.12 | B28: =VLOOKUP($A28,'Orçamento Detalhado'!$A$17:$I$528,4,FALSE) -> FORROS | C28: =VLOOKUP($A28,'Orçamento Detalhado'!$A$17:$J$528,10,FALSE) -> 0 | D28: =IFERROR(IF($C$53=0,0,C28/$C$53),"") -> 0 | E28: =IFERROR(IF(C28=0,0,$C28/$B$5),"") -> 0 | F28: =IFERROR(IF(C28=0,0,$C28/$D$5),"") -> 0
... A35: 2.19 | B35: =VLOOKUP($A35,'Orçamento Detalhado'!$A$17:$I$528,4,FALSE) -> COMPLEMENTAÇÃO | C35: =VLOOKUP($A35,'Orçamento Detalhado'!$A$17:$J$528,10,FALSE) -> 0 | D35: =IFERROR(IF($C$53=0,0,C35/$C$53),"") -> 0 | E35: =IFERROR(IF(C35=0,0,$C35/$B$5),"") -> 0 | F35: =IFERROR(IF(C35=0,0,$C35/$D$5),"") -> 0
A38: 3 | B38: INFRA-ESTRUTURA INTERNA (com BDI) | C38: =VLOOKUP(B38,'Orçamento Detalhado'!D:J,7,FALSE) -> 0 | D38: =IFERROR(IF($C$53=0,0,C38/$C$53),"") -> 0 | E38: =IFERROR(IF(C38=0,0,$C38/$B$5),"") -> 0 | F38: =IFERROR(IF(C38=0,0,$C38/$D$5),"") -> 0 | H38: =IF(C38='Orçamento Detalhado'!J361,"OK","FALSO") -> OK
A41: 4 | B41: EQUIPAMENTOS COMUNITÁRIOS (com BDI) | C41: =VLOOKUP(B41,'Orçamento Detalhado'!D:J,7,FALSE) -> 0 | D41: =IFERROR(IF($C$53=0,0,C41/$C$53),"") -> 0 | E41: =IFERROR(IF(C41=0,0,$C41/$B$5),"") -> 0 | F41: =IFERROR(IF(C41=0,0,$C41/$D$5),"") -> 0 | H41: =IF(C41='Orçamento Detalhado'!J480,"OK","FALSO") -> OK
A44: 5 | B44: INFRA-ESTRUTURA EXTERNA (com BDI) | C44: =VLOOKUP(B44,'Orçamento Detalhado'!D:J,7,FALSE) -> 0 | D44: =IFERROR(IF($C$53=0,0,C44/$C$53),"") -> 0 | E44: =IFERROR(IF(C44=0,0,$C44/$B$5),"") -> 0 | F44: =IFERROR(IF(C44=0,0,$C44/$D$5),"") -> 0 | H44: =IF(C44='Orçamento Detalhado'!J493,"OK","FALSO") -> OK
A47: 6 | B47: SEGUROS (sem BDI) | C47: =VLOOKUP(B47,'Orçamento Detalhado'!D:J,7,FALSE) -> 0 | D47: =IFERROR(IF($C$53=0,0,C47/$C$53),"") -> 0 | E47: =IFERROR(IF(C47=0,0,$C47/$B$5),"") -> 0 | F47: =IFERROR(IF(C47=0,0,$C47/$D$5),"") -> 0 | H47: =IF(C47='Orçamento Detalhado'!J506,"OK","FALSO") -> OK
A50: 7 | B50: LEGALIZAÇÃO (sem BDI) | C50: =VLOOKUP(B50,'Orçamento Detalhado'!D:J,7,FALSE) -> 0 | D50: =IFERROR(IF($C$53=0,0,C50/$C$53),"") -> 0 | E50: =IFERROR(IF(C50=0,0,$C50/$B$5),"") -> 0 | F50: =IFERROR(IF(C50=0,0,$C50/$D$5),"") -> 0 | H50: =IF(C50='Orçamento Detalhado'!J513,"OK","FALSO") -> OK
A53: TOTAL (0) + (1) + (2) + (3) + (4) + (5) + (6) + (7) | C53: =SUM(C13,C16,C38,C41,C44,C47,C50,C10) -> 0 | D53: =IF($C$53=0,0,C53/$C$53) -> 0 | E53: =IFERROR(IF(C53=0,0,$C53/$B$5),"") -> 0 | F53: =IFERROR(IF(C53=0,0,$C53/$D$5),"") -> 0
C60: Assinatura do Responsável Técnico pelo Orçamento
C62: Nome:
C63: CREA/CAU:
C64: CPF:
C66: Local:
C67: Data:

Sheet Orçamento Detalhado_Global
C2: ORÇAMENTO DETALHADO GLOBAL | G2: Valor de Terreno: | H2: =J15 -> 0
G3: Custo Total de Obras com BDI: | H3: =J535 -> 0
A4: Empreendimento: | C4: =IF('Resumo Tecnico'!B6="","",'Resumo Tecnico'!B6) | G4: Área Privativa: | I4: =IFERROR(H3/H4,0) -> 0
A5: Endereço: | C5: =IF('Resumo Tecnico'!B8="","",'Resumo Tecnico'!B8) | G5: Área Construída Real (NBR): | I5: =IFERROR(H3/H5,0) -> 0
A6: Agente Promotor: | C6: =IF('Resumo Tecnico'!B12="","",'Resumo Tecnico'!B12) | G6: Prazo de obra (meses):
A7: Construtora: | C7: =IF('Resumo Tecnico'!B14="","",'Resumo Tecnico'!B14) | G7: Data base: | H7: 46023
A8: Total UH do Empreendimento: | G8: BDI | H8: 0.2
A10: CCA-RTE_ResumoTecnicoEmpreendimento_v11-junho26
A11: ITEM | B11: REFERÊNCIA | D11: DISCRIMINAÇÃO DOS SERVIÇOS | E11: QTDE. | F11: UN. | G11: CUSTO UNIT. SEM B.D.I. | H11: TOTAL (SEM B.D.I) | I11: CUSTO UNIT. COM B.D.I. | J11: TOTAL (COM B.D.I.) | L11: COMENTÁRIOS
B12: tabela referência | C12: código ou especif.
A14: 0 | D14: TERRENO (sem BDI) | H14: =H15 -> 0 | J14: =J15 -> 0
A15: 0.1 | D15: TERRENO | F15: m² | G15: 382.07313 | H15: =IF(E15=0,0,G15*E15) -> 0 | J15: =H15 -> 0
A16: 1 | D16: INDIRETOS (com BDI) | H16: =SUM(H17,H29) -> 0 | J16: =SUM(J17,J29) -> 0
A17: 1.1 | D17: SERVIÇOS TECNICOS | H17: =SUM(H18:H28) -> 0 | J17: =SUM(J18:J28) -> 0
A18: 1.1.1 | B18: [ ESCOLHER ] | D18: Projeto Legal | F18: VB | H18: =IF(E18=0,"",G18*E18) | I18: =IF(G18="","",G18*(1+$H$8)) | J18: =IF(E18=0,"",I18*E18)
A19: 1.1.2 | B19: [ ESCOLHER ] | D19: Projetos Técnicos (Complementar e Executivo) | F19: VB | H19: =IF(E19=0,"",G19*E19) | I19: =IF(G19="","",G19*(1+$H$8)) | J19: =IF(E19=0,"",I19*E19)
A20: 1.1.3 | B20: [ ESCOLHER ] | D20: Projeto Final (As Built) | F20: VB | H20: =IF(E20=0,"",G20*E20) | I20: =IF(G20="","",G20*(1+$H$8)) | J20: =IF(E20=0,"",I20*E20)
A21: 1.1.4 | B21: [ ESCOLHER ] | D21: Sondagens | F21: VB | H21: =IF(E21=0,"",G21*E21) | I21: =IF(G21="","",G21*(1+$H$8)) | J21: =IF(E21=0,"",I21*E21)
A22: 1.1.5 | B22: [ ESCOLHER ] | D22: Levantamento Planialtimetrico | F22: VB | H22: =IF(E22=0,"",G22*E22) | I22: =IF(G22="","",G22*(1+$H$8)) | J22: =IF(E22=0,"",I22*E22)
A23: 1.1.6 | B23: [ ESCOLHER ] | D23: Laudo de Vizinhança | F23: VB | H23: =IF(E23=0,"",G23*E23) | I23: =IF(G23="","",G23*(1+$H$8)) | J23: =IF(E23=0,"",I23*E23)
A24: 1.1.7 | B24: [ ESCOLHER ] | H24: =IF(E24=0,"",G24*E24) | I24: =IF(G24="","",G24*(1+$H$8)) | J24: =IF(E24=0,"",I24*E24)
A25: 1.1.8 | B25: [ ESCOLHER ] | H25: =IF(E25=0,"",G25*E25) | I25: =IF(G25="","",G25*(1+$H$8)) | J25: =IF(E25=0,"",I25*E25)
A26: 1.1.9 | B26: [ ESCOLHER ] | H26: =IF(E26=0,"",G26*E26) | I26: =IF(G26="","",G26*(1+$H$8)) | J26: =IF(E26=0,"",I26*E26)
A27: 1.1.10 | B27: [ ESCOLHER ] | H27: =IF(E27=0,"",G27*E27) | I27: =IF(G27="","",G27*(1+$H$8)) | J27: =IF(E27=0,"",I27*E27)
A28: 1.1.11 | B28: [ ESCOLHER ] | H28: =IF(E28=0,"",G28*E28) | I28: =IF(G28="","",G28*(1+$H$8)) | J28: =IF(E28=0,"",I28*E28)
A29: 1.2 | D29: CUSTOS GERAIS/MENSAIS | H29: =SUM(H30:H47) -> 0 | J29: =SUM(J30:J47) -> 0
A30: 1.2.1 | B30: [ ESCOLHER ] | D30: Canteiro Provisorio | F30: UNID | H30: =IF(E30=0,"",G30*E30) | I30: =IF(G30="","",G30*(1+$H$8)) | J30: =IF(E30=0,"",I30*E30)
A31: 1.2.2 | B31: [ ESCOLHER ] | D31: Ligações Provisorias | F31: UNID | H31: =IF(E31=0,"",G31*E31) | I31: =IF(G31="","",G31*(1+$H$8)) | J31: =IF(E31=0,"",I31*E31)
A32: 1.2.3 | B32: [ ESCOLHER ] | D32: Canteiro Definitivo | F32: M2 | H32: =IF(E32=0,"",G32*E32) | I32: =IF(G32="","",G32*(1+$H$8)) | J32: =IF(E32=0,"",I32*E32)
A33: 1.2.4 | B33: [ ESCOLHER ] | D33: Consumo Mensais (Agua / Luz / Telefone / Internet) | F33: MÊS | H33: =IF(E33=0,"",G33*E33) | I33: =IF(G33="","",G33*(1+$H$8)) | J33: =IF(E33=0,"",I33*E33)
A34: 1.2.5 | B34: [ ESCOLHER ] | D34: Transportes máquinas e equipamentos | F34: VB | H34: =IF(E34=0,"",G34*E34) | I34: =IF(G34="","",G34*(1+$H$8)) | J34: =IF(E34=0,"",I34*E34)
A35: 1.2.6 | B35: [ ESCOLHER ] | D35: Equip. de Proteção Coletivos (bandejas, proteções perifericas, tela fachadeira) | F35: MÊS | H35: =IF(E35=0,"",G35*E35) | I35: =IF(G35="","",G35*(1+$H$8)) | J35: =IF(E35=0,"",I35*E35)
A36: 1.2.7 | B36: [ ESCOLHER ] | D36: Vigilancia Patrimonial | F36: MÊS | H36: =IF(E36=0,"",G36*E36) | I36: =IF(G36="","",G36*(1+$H$8)) | J36: =IF(E36=0,"",I36*E36)
A37: 1.2.8 | B37: [ ESCOLHER ] | D37: Locação de equipamentos | F37: MÊS | H37: =IF(E37=0,"",G37*E37) | I37: =IF(G37="","",G37*(1+$H$8)) | J37: =IF(E37=0,"",I37*E37)
A38: 1.2.9 | B38: [ ESCOLHER ] | D38: Segurança e medicina do trabalho | F38: MÊS | H38: =IF(E38=0,"",G38*E38) | I38: =IF(G38="","",G38*(1+$H$8)) | J38: =IF(E38=0,"",I38*E38)
A39: 1.2.10 | B39: [ ESCOLHER ] | D39: Equipe Permanente (Engº Residente, Mestre, Encarregados, Almoxarife, etc) | F39: MÊS | H39: =IF(E39=0,"",G39*E39) | I39: =IF(G39="","",G39*(1+$H$8)) | J39: =IF(E39=0,"",I39*E39)
A40: 1.2.11 | B40: [ ESCOLHER ] | D40: Controle Tecnologico | F40: M³ | H40: =IF(E40=0,"",G40*E40) | I40: =IF(G40="","",G40*(1+$H$8)) | J40: =IF(E40=0,"",I40*E40)
A41: 1.2.12 | B41: [ ESCOLHER ] | D41: Gestão de Resíduos e Qualidade | F41: UNID | H41: =IF(E41=0,"",G41*E41) | I41: =IF(G41="","",G41*(1+$H$8)) | J41: =IF(E41=0,"",I41*E41)
... A43: 1.2.14 | B43: [ ESCOLHER ] | D43: Demais elementos de canteiro (Despesas técnicas, tapume, preparo via de acesso, baias, lava rodas, portões, extintor, despesas fixas, etc) | F43: MÊS | H43: =IF(E43=0,"",G43*E43) | I43: =IF(G43="","",G43*(1+$H$8)) | J43: =IF(E43=0,"",I43*E43)
A44: 1.2.15 | B44: [ ESCOLHER ] | H44: =IF(E44=0,"",G44*E44) | I44: =IF(G44="","",G44*(1+$H$8)) | J44: =IF(E44=0,"",I44*E44)
A45: 1.2.16 | B45: [ ESCOLHER ] | H45: =IF(E45=0,"",G45*E45) | I45: =IF(G45="","",G45*(1+$H$8)) | J45: =IF(E45=0,"",I45*E45)
A46: 1.2.17 | B46: [ ESCOLHER ] | H46: =IF(E46=0,"",G46*E46) | I46: =IF(G46="","",G46*(1+$H$8)) | J46: =IF(E46=0,"",I46*E46)
A47: 1.2.18 | B47: [ ESCOLHER ] | H47: =IF(E47=0,"",G47*E47) | I47: =IF(G47="","",G47*(1+$H$8)) | J47: =IF(E47=0,"",I47*E47)
A48: 2 | D48: HABITAÇÃO (com BDI) | H48: =SUM(H49,H65,H77,H87,H106,H120,H138,H148,H158,H175,H191,H202,H212,H230,H249,H272,H323,H333,H353) -> 0 | J48: =SUM(J49,J65,J77,J87,J106,J120,J138,J148,J158,J175,J191,J202,J212,J230,J249,J272,J323,J333,J353) -> 0
A49: 2.1 | D49: FUNDAÇÕES | H49: =SUM(H50:H64) -> 0 | J49: =SUM(J50:J64) -> 0
A50: 2.1.1 | B50: [ ESCOLHER ] | D50: Locação da Obra | F50: VB | H50: =IF(E50=0,"",G50*E50) | I50: =IF(G50="","",G50*(1+$H$8)) | J50: =IF(E50=0,"",I50*E50)
A51: 2.1.2 | B51: [ ESCOLHER ] | D51: Fundações Profundas | F51: M | H51: =IF(E51=0,"",G51*E51) | I51: =IF(G51="","",G51*(1+$H$8)) | J51: =IF(E51=0,"",I51*E51)
A52: 2.1.3 | B52: [ ESCOLHER ] | D52: Fundações Superficiais | F52: M³ | H52: =IF(E52=0,"",G52*E52) | I52: =IF(G52="","",G52*(1+$H$8)) | J52: =IF(E52=0,"",I52*E52)
A53: 2.1.4 | B53: [ ESCOLHER ] | D53: Blocos,Vigas Baldrames e Alavancas | F53: M³ | H53: =IF(E53=0,"",G53*E53) | I53: =IF(G53="","",G53*(1+$H$8)) | J53: =IF(E53=0,"",I53*E53)
A54: 2.1.5 | B54: [ ESCOLHER ] | D54: Desmonte em Rocha | F54: M² | H54: =IF(E54=0,"",G54*E54) | I54: =IF(G54="","",G54*(1+$H$8)) | J54: =IF(E54=0,"",I54*E54)
A55: 2.1.6 | B55: [ ESCOLHER ] | D55: Escavação Mecanizada | F55: KG | H55: =IF(E55=0,"",G55*E55) | I55: =IF(G55="","",G55*(1+$H$8)) | J55: =IF(E55=0,"",I55*E55)
A56: 2.1.7 | B56: [ ESCOLHER ] | D56: Reb. Lençol Freático/Drenagem | F56: M² | H56: =IF(E56=0,"",G56*E56) | I56: =IF(G56="","",G56*(1+$H$8)) | J56: =IF(E56=0,"",I56*E56)
A57: 2.1.8 | B57: [ ESCOLHER ] | D57: Escavação Manual | F57: M³ | H57: =IF(E57=0,"",G57*E57) | I57: =IF(G57="","",G57*(1+$H$8)) | J57: =IF(E57=0,"",I57*E57)
A58: 2.1.9 | B58: [ ESCOLHER ] | D58: Aterro e apiloamento | F58: M² | H58: =IF(E58=0,"",G58*E58) | I58: =IF(G58="","",G58*(1+$H$8)) | J58: =IF(E58=0,"",I58*E58)
A59: 2.1.10 | B59: [ ESCOLHER ] | D59: Impermeabilização de vigas e baldrames | F59: M³ | H59: =IF(E59=0,"",G59*E59) | I59: =IF(G59="","",G59*(1+$H$8)) | J59: =IF(E59=0,"",I59*E59)
A60: 2.1.11 | B60: [ ESCOLHER ] | F60: M³XKM | H60: =IF(E60=0,"",G60*E60) | I60: =IF(G60="","",G60*(1+$H$8)) | J60: =IF(E60=0,"",I60*E60)
A61: 2.1.12 | B61: [ ESCOLHER ] | H61: =IF(E61=0,"",G61*E61) | I61: =IF(G61="","",G61*(1+$H$8)) | J61: =IF(E61=0,"",I61*E61)
A62: 2.1.13 | B62: [ ESCOLHER ] | H62: =IF(E62=0,"",G62*E62) | I62: =IF(G62="","",G62*(1+$H$8)) | J62: =IF(E62=0,"",I62*E62)
A63: 2.1.14 | B63: [ ESCOLHER ] | H63: =IF(E63=0,"",G63*E63) | I63: =IF(G63="","",G63*(1+$H$8)) | J63: =IF(E63=0,"",I63*E63)
A64: 2.1.15 | B64: [ ESCOLHER ] | H64: =IF(E64=0,"",G64*E64) | I64: =IF(G64="","",G64*(1+$H$8)) | J64: =IF(E64=0,"",I64*E64)
A65: 2.2 | D65: ESTRUTURA | H65: =SUM(H66:H76) -> 0 | J65: =SUM(J66:J76) -> 0
A66: 2.2.1 | B66: [ ESCOLHER ] | C66: 003526 | D66: Forma | F66: m3 | H66: =IF(E66=0,"",G66*E66) | I66: =IF(G66="","",G66*(1+$H$8)) | J66: =IF(E66=0,"",I66*E66)
A67: 2.2.2 | B67: [ ESCOLHER ] | C67: 2004004 | D67: Armadura de aço CA50A | F67: KG | H67: =IF(E67=0,"",G67*E67) | I67: =IF(G67="","",G67*(1+$H$8)) | J67: =IF(E67=0,"",I67*E67)
A68: 2.2.3 | B68: [ ESCOLHER ] | C68: 003013 | D68: Acessórios para concretagem | F68: M³ | H68: =IF(E68=0,"",G68*E68) | I68: =IF(G68="","",G68*(1+$H$8)) | J68: =IF(E68=0,"",I68*E68)
A69: 2.2.4 | B69: [ ESCOLHER ] | C69: 3001030 | D69: Concreto Armado | F69: M³ | H69: =IF(E69=0,"",G69*E69) | I69: =IF(G69="","",G69*(1+$H$8)) | J69: =IF(E69=0,"",I69*E69)
A70: 2.2.5 | B70: [ ESCOLHER ] | C70: =A70 -> 2.2.5 | D70: Pré-moldados / Juntas estruturais | F70: VB | H70: =IF(E70=0,"",G70*E70) | I70: =IF(G70="","",G70*(1+$H$8)) | J70: =IF(E70=0,"",I70*E70)
A71: 2.2.6 | B71: [ ESCOLHER ] | D71: Acessórios para tratamento | H71: =IF(E71=0,"",G71*E71) | I71: =IF(G71="","",G71*(1+$H$8)) | J71: =IF(E71=0,"",I71*E71)
A72: 2.2.7 | B72: [ ESCOLHER ] | D72: Alvenaria Estrutural | H72: =IF(E72=0,"",G72*E72) | I72: =IF(G72="","",G72*(1+$H$8)) | J72: =IF(E72=0,"",I72*E72)
A73: 2.2.8 | B73: [ ESCOLHER ] | H73: =IF(E73=0,"",G73*E73) | I73: =IF(G73="","",G73*(1+$H$8)) | J73: =IF(E73=0,"",I73*E73)
A74: 2.2.9 | B74: [ ESCOLHER ] | C74: 2004004 | F74: KG | H74: =IF(E74=0,"",G74*E74) | I74: =IF(G74="","",G74*(1+$H$8)) | J74: =IF(E74=0,"",I74*E74)
A75: 2.2.10 | B75: [ ESCOLHER ] | C75: 90280 | F75: M³ | H75: =IF(E75=0,"",G75*E75) | I75: =IF(G75="","",G75*(1+$H$8)) | J75: =IF(E75=0,"",I75*E75)
A76: 2.2.11 | B76: [ ESCOLHER ] | H76: =IF(E76=0,"",G76*E76) | I76: =IF(G76="","",G76*(1+$H$8)) | J76: =IF(E76=0,"",I76*E76)
A77: 2.3 | D77: PAREDES E PAÍNEIS | H77: =SUM(H78:H86) -> 0 | J77: =SUM(J78:J86) -> 0
A78: 2.3.1 | B78: [ ESCOLHER ] | C78: 002413 | D78: Alvenaria Vedação | F78: M² | G78: 122.2167 | H78: =IF(E78=0,"",G78*E78) | I78: =IF(G78="","",G78*(1+$H$8)) -> 146.66004 | J78: =IF(E78=0,"",I78*E78)
A79: 2.3.2 | B79: [ ESCOLHER ] | C79: 000840 | D79: Paredes de Concreto | F79: M² | G79: 121.7035 | H79: =IF(E79=0,"",G79*E79) | I79: =IF(G79="","",G79*(1+$H$8)) -> 146.0442 | J79: =IF(E79=0,"",I79*E79)
A80: 2.3.3 | B80: [ ESCOLHER ] | C80: 003663 | D80: Dry Wall | F80: M² | G80: 125.37042 | H80: =IF(E80=0,"",G80*E80) | I80: =IF(G80="","",G80*(1+$H$8)) -> 150.4445 | J80: =IF(E80=0,"",I80*E80)
A81: 2.3.4 | B81: [ ESCOLHER ] | C81: 000860 | F81: M² | G81: 134.69911 | H81: =IF(E81=0,"",G81*E81) | I81: =IF(G81="","",G81*(1+$H$8)) -> 161.63894 | J81: =IF(E81=0,"",I81*E81)
A82: 2.3.5 | B82: [ ESCOLHER ] | C82: 004093 | F82: M² | G82: 130.6266 | H82: =IF(E82=0,"",G82*E82) | I82: =IF(G82="","",G82*(1+$H$8)) -> 156.75192 | J82: =IF(E82=0,"",I82*E82)
A83: 2.3.6 | B83: [ ESCOLHER ] | C83: 004087 | F83: M² | G83: 129.97268 | H83: =IF(E83=0,"",G83*E83) | I83: =IF(G83="","",G83*(1+$H$8)) -> 155.96722 | J83: =IF(E83=0,"",I83*E83)
A84: 2.3.7 | B84: [ ESCOLHER ] | C84: 000760 | F84: M² | G84: 86.209751 | H84: =IF(E84=0,"",G84*E84) | I84: =IF(G84="","",G84*(1+$H$8)) -> 103.4517 | J84: =IF(E84=0,"",I84*E84)
A85: 2.3.8 | B85: [ ESCOLHER ] | C85: 003962 | F85: M² | G85: 138.00182 | H85: =IF(E85=0,"",G85*E85) | I85: =IF(G85="","",G85*(1+$H$8)) -> 165.60219 | J85: =IF(E85=0,"",I85*E85)
A86: 2.3.9 | B86: [ ESCOLHER ] | H86: =IF(E86=0,"",G86*E86) | I86: =IF(G86="","",G86*(1+$H$8)) | J86: =IF(E86=0,"",I86*E86)
A87: 2.4 | D87: ESQUADRIAS DE ALUMINIO | H87: =SUM(H88:H105) -> 0 | J87: =SUM(J88:J105) -> 0
A88: 2.4.1 | B88: [ ESCOLHER ] | C88: 003423 | D88: Dorm. 1 (_____x_______)m | F88: UNID | G88: 1322.076 | H88: =IF(E88=0,"",G88*E88) | I88: =IF(G88="","",G88*(1+$H$8)) -> 1586.4912 | J88: =IF(E88=0,"",I88*E88)
A89: 2.4.2 | B89: [ ESCOLHER ] | C89: 003438 | D89: Dorm. 2 (______x_______)m | F89: UNID | G89: 1582.8739 | H89: =IF(E89=0,"",G89*E89) | I89: =IF(G89="","",G89*(1+$H$8)) -> 1899.4487 | J89: =IF(E89=0,"",I89*E89)
A90: 2.4.3 | B90: [ ESCOLHER ] | C90: 94570 | D90: Sala Estar (______x_______)m | F90: M² | G90: 371.43 | H90: =IF(E90=0,"",G90*E90) | I90: =IF(G90="","",G90*(1+$H$8)) -> 445.716 | J90: =IF(E90=0,"",I90*E90)
A91: 2.4.4 | B91: [ ESCOLHER ] | C91: 003087 | D91: Cozinha (______x_______)m | F91: UNID | G91: 1868.5125 | H91: =IF(E91=0,"",G91*E91) | I91: =IF(G91="","",G91*(1+$H$8)) -> 2242.215 | J91: =IF(E91=0,"",I91*E91)
A92: 2.4.5 | B92: [ ESCOLHER ] | D92: Area de Serviço (______x_______)m | F92: UNID | H92: =IF(E92=0,"",G92*E92) | I92: =IF(G92="","",G92*(1+$H$8)) | J92: =IF(E92=0,"",I92*E92)
A93: 2.4.6 | B93: [ ESCOLHER ] | C93: 002877 | D93: Banheiro (______x_______)m | F93: UNID | G93: 526.6617 | H93: =IF(E93=0,"",G93*E93) | I93: =IF(G93="","",G93*(1+$H$8)) -> 631.99404 | J93: =IF(E93=0,"",I93*E93)
A94: 2.4.7 | B94: [ ESCOLHER ] | C94: =A94 -> 2.4.7 | D94: Portas | F94: UNID | G94: 17.941237 | H94: =IF(E94=0,"",G94*E94) | I94: =IF(G94="","",G94*(1+$H$8)) -> 21.529485 | J94: =IF(E94=0,"",I94*E94)
A95: 2.4.8 | B95: [ ESCOLHER ] | C95: =A95 -> 2.4.8 | D95: Gradil | F95: M² | G95: 49.317144 | H95: =IF(E95=0,"",G95*E95) | I95: =IF(G95="","",G95*(1+$H$8)) -> 59.180572 | J95: =IF(E95=0,"",I95*E95)
A96: 2.4.9 | B96: [ ESCOLHER ] | D96: Portas de Shaft | H96: =IF(E96=0,"",G96*E96) | I96: =IF(G96="","",G96*(1+$H$8)) | J96: =IF(E96=0,"",I96*E96)
A97: 2.4.10 | B97: [ ESCOLHER ] | D97: Área comum - portas | H97: =IF(E97=0,"",G97*E97) | I97: =IF(G97="","",G97*(1+$H$8)) | J97: =IF(E97=0,"",I97*E97)
A98: 2.4.11 | B98: [ ESCOLHER ] | D98: Área comum - janelas | H98: =IF(E98=0,"",G98*E98) | I98: =IF(G98="","",G98*(1+$H$8)) | J98: =IF(E98=0,"",I98*E98)
A99: 2.4.12 | B99: [ ESCOLHER ] | H99: =IF(E99=0,"",G99*E99) | I99: =IF(G99="","",G99*(1+$H$8)) | J99: =IF(E99=0,"",I99*E99)
A100: 2.4.13 | B100: [ ESCOLHER ] | H100: =IF(E100=0,"",G100*E100) | I100: =IF(G100="","",G100*(1+$H$8)) | J100: =IF(E100=0,"",I100*E100)
A101: 2.4.14 | B101: [ ESCOLHER ] | H101: =IF(E101=0,"",G101*E101) | I101: =IF(G101="","",G101*(1+$H$8)) | J101: =IF(E101=0,"",I101*E101)
A102: 2.4.15 | B102: [ ESCOLHER ] | H102: =IF(E102=0,"",G102*E102) | I102: =IF(G102="","",G102*(1+$H$8)) | J102: =IF(E102=0,"",I102*E102)
A103: 2.4.16 | B103: [ ESCOLHER ] | H103: =IF(E103=0,"",G103*E103) | I103: =IF(G103="","",G103*(1+$H$8)) | J103: =IF(E103=0,"",I103*E103)
A104: 2.4.17 | B104: [ ESCOLHER ] | H104: =IF(E104=0,"",G104*E104) | I104: =IF(G104="","",G104*(1+$H$8)) | J104: =IF(E104=0,"",I104*E104)
...

Sheet Orçamento Detalhado
C2: ORÇAMENTO DETALHADO | G2: Valor de Terreno: | H2: =J15 -> 0
G3: Custo Total de Obras com BDI: | H3: =J536 -> 0
A4: Empreendimento: | C4: =IF('Resumo Tecnico'!B6="","",'Resumo Tecnico'!B6) | G4: Área Privativa: | H4: ='Resumo Tecnico'!F69 -> 0 | I4: =IFERROR(H3/H4,0) -> 0
A5: Endereço: | C5: =IF('Resumo Tecnico'!B8="","",'Resumo Tecnico'!B8) | G5: Área Construída Real (NBR): | H5: ='Resumo Tecnico'!H69 -> 0 | I5: =IFERROR(H3/H5,0) -> 0
A6: Agente Promotor: | C6: =IF('Resumo Tecnico'!B12="","",'Resumo Tecnico'!B12) | G6: Prazo de obra (meses): | H6: =IF('Resumo Tecnico'!K73=0,0,'Resumo Tecnico'!K73) -> 0
A7: Construtora: | C7: =IF('Resumo Tecnico'!B14="","",'Resumo Tecnico'!B14) | G7: Data base: | H7: ='Orçamento Detalhado_Global'!H7 -> 46023
A8: Total de UH (CCA): | C8: =IF('Resumo Tecnico'!C69=0,"",'Resumo Tecnico'!C69) | G8: BDI | H8: ='Orçamento Detalhado_Global'!H8 -> 0.2
A10: ='Resumo Tecnico'!L5 -> CCA-RTE_ResumoTecnicoEmpreendimento_v12 agosto2026
A11: ITEM | B11: REFERÊNCIA | D11: DISCRIMINAÇÃO DOS SERVIÇOS | E11: QTDE. | F11: UN. | G11: CUSTO UNIT. SEM B.D.I. | H11: TOTAL (SEM B.D.I) | I11: CUSTO UNIT. COM B.D.I. | J11: TOTAL (COM B.D.I.) | L11: COMENTÁRIOS
B12: tabela referência | C12: código ou especif.
A14: 0 | D14: TERRENO (sem BDI) | H14: =H15 -> 0 | J14: =J15 -> 0
A15: 0.1 | D15: TERRENO | E15: =ROUND('Orçamento Detalhado_Global'!E15*'Orçamento Detalhado'!$E$10,6) -> 0 | F15: ='Orçamento Detalhado_Global'!F15 -> m² | G15: ='Orçamento Detalhado_Global'!G15 -> 382.07313 | H15: =IF(E15=0,0,G15*E15) -> 0 | J15: =H15 -> 0
A16: 1 | D16: INDIRETOS (com BDI) | H16: =SUM(H17,H29) -> 0 | J16: =SUM(J17,J29) -> 0
A17: 1.1 | D17: SERVIÇOS TECNICOS | H17: =SUM(H18:H28) -> 0 | J17: =SUM(J18:J28) -> 0
A18: 1.1.1 | B18: ='Orçamento Detalhado_Global'!B18 -> [ ESCOLHER ] | C18: =IF('Orçamento Detalhado_Global'!C18="","",'Orçamento Detalhado_Global'!C18) | D18: =IF('Orçamento Detalhado_Global'!D18="","",'Orçamento Detalhado_Global'!D18) -> Projeto Legal | E18: =IF('Orçamento Detalhado_Global'!E18="","",ROUND('Orçamento Detalhado_Global'!E18*'Orçamento Detalhado'!$E$10,6)) | F18: =IF('Orçamento Detalhado_Global'!F18="","",'Orçamento Detalhado_Global'!F18) -> VB | G18: ='Orçamento Detalhado_Global'!G18 -> 0 | H18: =IF(E18="","",ROUND(G18*E18,2)) | I18: ='Orçamento Detalhado_Global'!I18 | J18: =IF(E18="","",ROUND(I18*E18,2))
A19: 1.1.2 | B19: ='Orçamento Detalhado_Global'!B19 -> [ ESCOLHER ] | C19: =IF('Orçamento Detalhado_Global'!C19="","",'Orçamento Detalhado_Global'!C19) | D19: =IF('Orçamento Detalhado_Global'!D19="","",'Orçamento Detalhado_Global'!D19) -> Projetos Técnicos (Complementar e Executivo) | E19: =IF('Orçamento Detalhado_Global'!E19="","",ROUND('Orçamento Detalhado_Global'!E19*'Orçamento Detalhado'!$E$10,6)) | F19: =IF('Orçamento Detalhado_Global'!F19="","",'Orçamento Detalhado_Global'!F19) -> VB | G19: ='Orçamento Detalhado_Global'!G19 -> 0 | H19: =IF(E19="","",ROUND(G19*E19,2)) | I19: ='Orçamento Detalhado_Global'!I19 | J19: =IF(E19="","",ROUND(I19*E19,2))
A20: 1.1.3 | B20: ='Orçamento Detalhado_Global'!B20 -> [ ESCOLHER ] | C20: =IF('Orçamento Detalhado_Global'!C20="","",'Orçamento Detalhado_Global'!C20) | D20: =IF('Orçamento Detalhado_Global'!D20="","",'Orçamento Detalhado_Global'!D20) -> Projeto Final (As Built) | E20: =IF('Orçamento Detalhado_Global'!E20="","",ROUND('Orçamento Detalhado_Global'!E20*'Orçamento Detalhado'!$E$10,6)) | F20: =IF('Orçamento Detalhado_Global'!F20="","",'Orçamento Detalhado_Global'!F20) -> VB | G20: ='Orçamento Detalhado_Global'!G20 -> 0 | H20: =IF(E20="","",ROUND(G20*E20,2)) | I20: ='Orçamento Detalhado_Global'!I20 | J20: =IF(E20="","",ROUND(I20*E20,2))
A21: 1.1.4 | B21: ='Orçamento Detalhado_Global'!B21 -> [ ESCOLHER ] | C21: =IF('Orçamento Detalhado_Global'!C21="","",'Orçamento Detalhado_Global'!C21) | D21: =IF('Orçamento Detalhado_Global'!D21="","",'Orçamento Detalhado_Global'!D21) -> Sondagens | E21: =IF('Orçamento Detalhado_Global'!E21="","",ROUND('Orçamento Detalhado_Global'!E21*'Orçamento Detalhado'!$E$10,6)) | F21: =IF('Orçamento Detalhado_Global'!F21="","",'Orçamento Detalhado_Global'!F21) -> VB | G21: ='Orçamento Detalhado_Global'!G21 -> 0 | H21: =IF(E21="","",ROUND(G21*E21,2)) | I21: ='Orçamento Detalhado_Global'!I21 | J21: =IF(E21="","",ROUND(I21*E21,2))
A22: 1.1.5 | B22: ='Orçamento Detalhado_Global'!B22 -> [ ESCOLHER ] | C22: =IF('Orçamento Detalhado_Global'!C22="","",'Orçamento Detalhado_Global'!C22) | D22: =IF('Orçamento Detalhado_Global'!D22="","",'Orçamento Detalhado_Global'!D22) -> Levantamento Planialtimetrico | E22: =IF('Orçamento Detalhado_Global'!E22="","",ROUND('Orçamento Detalhado_Global'!E22*'Orçamento Detalhado'!$E$10,6)) | F22: =IF('Orçamento Detalhado_Global'!F22="","",'Orçamento Detalhado_Global'!F22) -> VB | G22: ='Orçamento Detalhado_Global'!G22 -> 0 | H22: =IF(E22="","",ROUND(G22*E22,2)) | I22: ='Orçamento Detalhado_Global'!I22 | J22: =IF(E22="","",ROUND(I22*E22,2))
A23: 1.1.6 | B23: ='Orçamento Detalhado_Global'!B23 -> [ ESCOLHER ] | C23: =IF('Orçamento Detalhado_Global'!C23="","",'Orçamento Detalhado_Global'!C23) | D23: =IF('Orçamento Detalhado_Global'!D23="","",'Orçamento Detalhado_Global'!D23) -> Laudo de Vizinhança | E23: =IF('Orçamento Detalhado_Global'!E23="","",ROUND('Orçamento Detalhado_Global'!E23*'Orçamento Detalhado'!$E$10,6)) | F23: =IF('Orçamento Detalhado_Global'!F23="","",'Orçamento Detalhado_Global'!F23) -> VB | G23: ='Orçamento Detalhado_Global'!G23 -> 0 | H23: =IF(E23="","",ROUND(G23*E23,2)) | I23: ='Orçamento Detalhado_Global'!I23 | J23: =IF(E23="","",ROUND(I23*E23,2))
A24: 1.1.7 | B24: ='Orçamento Detalhado_Global'!B24 -> [ ESCOLHER ] | C24: =IF('Orçamento Detalhado_Global'!C24="","",'Orçamento Detalhado_Global'!C24) | D24: =IF('Orçamento Detalhado_Global'!D24="","",'Orçamento Detalhado_Global'!D24) | E24: =IF('Orçamento Detalhado_Global'!E24="","",ROUND('Orçamento Detalhado_Global'!E24*'Orçamento Detalhado'!$E$10,6)) | F24: =IF('Orçamento Detalhado_Global'!F24="","",'Orçamento Detalhado_Global'!F24) | G24: ='Orçamento Detalhado_Global'!G24 -> 0 | H24: =IF(E24="","",ROUND(G24*E24,2)) | I24: ='Orçamento Detalhado_Global'!I24 | J24: =IF(E24="","",ROUND(I24*E24,2))
A25: 1.1.8 | B25: ='Orçamento Detalhado_Global'!B25 -> [ ESCOLHER ] | C25: =IF('Orçamento Detalhado_Global'!C25="","",'Orçamento Detalhado_Global'!C25) | D25: =IF('Orçamento Detalhado_Global'!D25="","",'Orçamento Detalhado_Global'!D25) | E25: =IF('Orçamento Detalhado_Global'!E25="","",ROUND('Orçamento Detalhado_Global'!E25*'Orçamento Detalhado'!$E$10,6)) | F25: =IF('Orçamento Detalhado_Global'!F25="","",'Orçamento Detalhado_Global'!F25) | G25: ='Orçamento Detalhado_Global'!G25 -> 0 | H25: =IF(E25="","",ROUND(G25*E25,2)) | I25: ='Orçamento Detalhado_Global'!I25 | J25: =IF(E25="","",ROUND(I25*E25,2))
A26: 1.1.9 | B26: ='Orçamento Detalhado_Global'!B26 -> [ ESCOLHER ] | C26: =IF('Orçamento Detalhado_Global'!C26="","",'Orçamento Detalhado_Global'!C26) | D26: =IF('Orçamento Detalhado_Global'!D26="","",'Orçamento Detalhado_Global'!D26) | E26: =IF('Orçamento Detalhado_Global'!E26="","",ROUND('Orçamento Detalhado_Global'!E26*'Orçamento Detalhado'!$E$10,6)) | F26: =IF('Orçamento Detalhado_Global'!F26="","",'Orçamento Detalhado_Global'!F26) | G26: ='Orçamento Detalhado_Global'!G26 -> 0 | H26: =IF(E26="","",ROUND(G26*E26,2)) | I26: ='Orçamento Detalhado_Global'!I26 | J26: =IF(E26="","",ROUND(I26*E26,2))
A27: 1.1.10 | B27: ='Orçamento Detalhado_Global'!B27 -> [ ESCOLHER ] | C27: =IF('Orçamento Detalhado_Global'!C27="","",'Orçamento Detalhado_Global'!C27) | D27: =IF('Orçamento Detalhado_Global'!D27="","",'Orçamento Detalhado_Global'!D27) | E27: =IF('Orçamento Detalhado_Global'!E27="","",ROUND('Orçamento Detalhado_Global'!E27*'Orçamento Detalhado'!$E$10,6)) | F27: =IF('Orçamento Detalhado_Global'!F27="","",'Orçamento Detalhado_Global'!F27) | G27: ='Orçamento Detalhado_Global'!G27 -> 0 | H27: =IF(E27="","",ROUND(G27*E27,2)) | I27: ='Orçamento Detalhado_Global'!I27 | J27: =IF(E27="","",ROUND(I27*E27,2))
A28: 1.1.11 | B28: ='Orçamento Detalhado_Global'!B28 -> [ ESCOLHER ] | C28: =IF('Orçamento Detalhado_Global'!C28="","",'Orçamento Detalhado_Global'!C28) | D28: =IF('Orçamento Detalhado_Global'!D28="","",'Orçamento Detalhado_Global'!D28) | E28: =IF('Orçamento Detalhado_Global'!E28="","",ROUND('Orçamento Detalhado_Global'!E28*'Orçamento Detalhado'!$E$10,6)) | F28: =IF('Orçamento Detalhado_Global'!F28="","",'Orçamento Detalhado_Global'!F28) | G28: ='Orçamento Detalhado_Global'!G28 -> 0 | H28: =IF(E28="","",ROUND(G28*E28,2)) | I28: ='Orçamento Detalhado_Global'!I28 | J28: =IF(E28="","",ROUND(I28*E28,2))
A29: 1.2 | D29: CUSTOS GERAIS/MENSAIS | H29: =SUM(H30:H47) -> 0 | J29: =SUM(J30:J47) -> 0
A30: 1.2.1 | B30: ='Orçamento Detalhado_Global'!B30 -> [ ESCOLHER ] | C30: =IF('Orçamento Detalhado_Global'!C30="","",'Orçamento Detalhado_Global'!C30) | D30: =IF('Orçamento Detalhado_Global'!D30="","",'Orçamento Detalhado_Global'!D30) -> Canteiro Provisorio | E30: =IF('Orçamento Detalhado_Global'!E30="","",ROUND('Orçamento Detalhado_Global'!E30*'Orçamento Detalhado'!$E$10,6)) | F30: =IF('Orçamento Detalhado_Global'!F30="","",'Orçamento Detalhado_Global'!F30) -> UNID | G30: ='Orçamento Detalhado_Global'!G30 -> 0 | H30: =IF(E30="","",ROUND(G30*E30,2)) | I30: ='Orçamento Detalhado_Global'!I30 | J30: =IF(E30="","",ROUND(I30*E30,2))
A31: 1.2.2 | B31: ='Orçamento Detalhado_Global'!B31 -> [ ESCOLHER ] | C31: =IF('Orçamento Detalhado_Global'!C31="","",'Orçamento Detalhado_Global'!C31) | D31: =IF('Orçamento Detalhado_Global'!D31="","",'Orçamento Detalhado_Global'!D31) -> Ligações Provisorias | E31: =IF('Orçamento Detalhado_Global'!E31="","",ROUND('Orçamento Detalhado_Global'!E31*'Orçamento Detalhado'!$E$10,6)) | F31: =IF('Orçamento Detalhado_Global'!F31="","",'Orçamento Detalhado_Global'!F31) -> UNID | G31: ='Orçamento Detalhado_Global'!G31 -> 0 | H31: =IF(E31="","",ROUND(G31*E31,2)) | I31: ='Orçamento Detalhado_Global'!I31 | J31: =IF(E31="","",ROUND(I31*E31,2))
A32: 1.2.3 | B32: ='Orçamento Detalhado_Global'!B32 -> [ ESCOLHER ] | C32: =IF('Orçamento Detalhado_Global'!C32="","",'Orçamento Detalhado_Global'!C32) | D32: =IF('Orçamento Detalhado_Global'!D32="","",'Orçamento Detalhado_Global'!D32) -> Canteiro Definitivo | E32: =IF('Orçamento Detalhado_Global'!E32="","",ROUND('Orçamento Detalhado_Global'!E32*'Orçamento Detalhado'!$E$10,6)) | F32: =IF('Orçamento Detalhado_Global'!F32="","",'Orçamento Detalhado_Global'!F32) -> M2 | G32: ='Orçamento Detalhado_Global'!G32 -> 0 | H32: =IF(E32="","",ROUND(G32*E32,2)) | I32: ='Orçamento Detalhado_Global'!I32 | J32: =IF(E32="","",ROUND(I32*E32,2))
A33: 1.2.4 | B33: ='Orçamento Detalhado_Global'!B33 -> [ ESCOLHER ] | C33: =IF('Orçamento Detalhado_Global'!C33="","",'Orçamento Detalhado_Global'!C33) | D33: =IF('Orçamento Detalhado_Global'!D33="","",'Orçamento Detalhado_Global'!D33) -> Consumo Mensais (Agua / Luz / Telefone / Internet) | E33: =IF('Orçamento Detalhado_Global'!E33="","",ROUND('Orçamento Detalhado_Global'!E33*'Orçamento Detalhado'!$E$10,6)) | F33: =IF('Orçamento Detalhado_Global'!F33="","",'Orçamento Detalhado_Global'!F33) -> MÊS | G33: ='Orçamento Detalhado_Global'!G33 -> 0 | H33: =IF(E33="","",ROUND(G33*E33,2)) | I33: ='Orçamento Detalhado_Global'!I33 | J33: =IF(E33="","",ROUND(I33*E33,2))
A34: 1.2.5 | B34: ='Orçamento Detalhado_Global'!B34 -> [ ESCOLHER ] | C34: =IF('Orçamento Detalhado_Global'!C34="","",'Orçamento Detalhado_Global'!C34) | D34: =IF('Orçamento Detalhado_Global'!D34="","",'Orçamento Detalhado_Global'!D34) -> Transportes máquinas e equipamentos | E34: =IF('Orçamento Detalhado_Global'!E34="","",ROUND('Orçamento Detalhado_Global'!E34*'Orçamento Detalhado'!$E$10,6)) | F34: =IF('Orçamento Detalhado_Global'!F34="","",'Orçamento Detalhado_Global'!F34) -> VB | G34: ='Orçamento Detalhado_Global'!G34 -> 0 | H34: =IF(E34="","",ROUND(G34*E34,2)) | I34: ='Orçamento Detalhado_Global'!I34 | J34: =IF(E34="","",ROUND(I34*E34,2))
A35: 1.2.6 | B35: ='Orçamento Detalhado_Global'!B35 -> [ ESCOLHER ] | C35: =IF('Orçamento Detalhado_Global'!C35="","",'Orçamento Detalhado_Global'!C35) | D35: =IF('Orçamento Detalhado_Global'!D35="","",'Orçamento Detalhado_Global'!D35) -> Equip. de Proteção Coletivos (bandejas, proteções perifericas, tela fachadeira) | E35: =IF('Orçamento Detalhado_Global'!E35="","",ROUND('Orçamento Detalhado_Global'!E35*'Orçamento Detalhado'!$E$10,6)) | F35: =IF('Orçamento Detalhado_Global'!F35="","",'Orçamento Detalhado_Global'!F35) -> MÊS | G35: ='Orçamento Detalhado_Global'!G35 -> 0 | H35: =IF(E35="","",ROUND(G35*E35,2)) | I35: ='Orçamento Detalhado_Global'!I35 | J35: =IF(E35="","",ROUND(I35*E35,2))
A36: 1.2.7 | B36: ='Orçamento Detalhado_Global'!B36 -> [ ESCOLHER ] | C36: =IF('Orçamento Detalhado_Global'!C36="","",'Orçamento Detalhado_Global'!C36) | D36: =IF('Orçamento Detalhado_Global'!D36="","",'Orçamento Detalhado_Global'!D36) -> Vigilancia Patrimonial | E36: =IF('Orçamento Detalhado_Global'!E36="","",ROUND('Orçamento Detalhado_Global'!E36*'Orçamento Detalhado'!$E$10,6)) | F36: =IF('Orçamento Detalhado_Global'!F36="","",'Orçamento Detalhado_Global'!F36) -> MÊS | G36: ='Orçamento Detalhado_Global'!G36 -> 0 | H36: =IF(E36="","",ROUND(G36*E36,2)) | I36: ='Orçamento Detalhado_Global'!I36 | J36: =IF(E36="","",ROUND(I36*E36,2))
A37: 1.2.8 | B37: ='Orçamento Detalhado_Global'!B37 -> [ ESCOLHER ] | C37: =IF('Orçamento Detalhado_Global'!C37="","",'Orçamento Detalhado_Global'!C37) | D37: =IF('Orçamento Detalhado_Global'!D37="","",'Orçamento Detalhado_Global'!D37) -> Locação de equipamentos | E37: =IF('Orçamento Detalhado_Global'!E37="","",ROUND('Orçamento Detalhado_Global'!E37*'Orçamento Detalhado'!$E$10,6)) | F37: =IF('Orçamento Detalhado_Global'!F37="","",'Orçamento Detalhado_Global'!F37) -> MÊS | G37: ='Orçamento Detalhado_Global'!G37 -> 0 | H37: =IF(E37="","",ROUND(G37*E37,2)) | I37: ='Orçamento Detalhado_Global'!I37 | J37: =IF(E37="","",ROUND(I37*E37,2))
A38: 1.2.9 | B38: ='Orçamento Detalhado_Global'!B38 -> [ ESCOLHER ] | C38: =IF('Orçamento Detalhado_Global'!C38="","",'Orçamento Detalhado_Global'!C38) | D38: =IF('Orçamento Detalhado_Global'!D38="","",'Orçamento Detalhado_Global'!D38) -> Segurança e medicina do trabalho | E38: =IF('Orçamento Detalhado_Global'!E38="","",ROUND('Orçamento Detalhado_Global'!E38*'Orçamento Detalhado'!$E$10,6)) | F38: =IF('Orçamento Detalhado_Global'!F38="","",'Orçamento Detalhado_Global'!F38) -> MÊS | G38: ='Orçamento Detalhado_Global'!G38 -> 0 | H38: =IF(E38="","",ROUND(G38*E38,2)) | I38: ='Orçamento Detalhado_Global'!I38 | J38: =IF(E38="","",ROUND(I38*E38,2))
A39: 1.2.10 | B39: ='Orçamento Detalhado_Global'!B39 -> [ ESCOLHER ] | C39: =IF('Orçamento Detalhado_Global'!C39="","",'Orçamento Detalhado_Global'!C39) | D39: =IF('Orçamento Detalhado_Global'!D39="","",'Orçamento Detalhado_Global'!D39) -> Equipe Permanente (Engº Residente, Mestre, Encarregados, Almoxarife, etc) | E39: =IF('Orçamento Detalhado_Global'!E39="","",ROUND('Orçamento Detalhado_Global'!E39*'Orçamento Detalhado'!$E$10,6)) | F39: =IF('Orçamento Detalhado_Global'!F39="","",'Orçamento Detalhado_Global'!F39) -> MÊS | G39: ='Orçamento Detalhado_Global'!G39 -> 0 | H39: =IF(E39="","",ROUND(G39*E39,2)) | I39: ='Orçamento Detalhado_Global'!I39 | J39: =IF(E39="","",ROUND(I39*E39,2))
A40: 1.2.11 | B40: ='Orçamento Detalhado_Global'!B40 -> [ ESCOLHER ] | C40: =IF('Orçamento Detalhado_Global'!C40="","",'Orçamento Detalhado_Global'!C40) | D40: =IF('Orçamento Detalhado_Global'!D40="","",'Orçamento Detalhado_Global'!D40) -> Controle Tecnologico | E40: =IF('Orçamento Detalhado_Global'!E40="","",ROUND('Orçamento Detalhado_Global'!E40*'Orçamento Detalhado'!$E$10,6)) | F40: =IF('Orçamento Detalhado_Global'!F40="","",'Orçamento Detalhado_Global'!F40) -> M³ | G40: ='Orçamento Detalhado_Global'!G40 -> 0 | H40: =IF(E40="","",ROUND(G40*E40,2)) | I40: ='Orçamento Detalhado_Global'!I40 | J40: =IF(E40="","",ROUND(I40*E40,2))
A41: 1.2.12 | B41: ='Orçamento Detalhado_Global'!B41 -> [ ESCOLHER ] | C41: =IF('Orçamento Detalhado_Global'!C41="","",'Orçamento Detalhado_Global'!C41) | D41: =IF('Orçamento Detalhado_Global'!D41="","",'Orçamento Detalhado_Global'!D41) -> Gestão de Resíduos e Qualidade | E41: =IF('Orçamento Detalhado_Global'!E41="","",ROUND('Orçamento Detalhado_Global'!E41*'Orçamento Detalhado'!$E$10,6)) | F41: =IF('Orçamento Detalhado_Global'!F41="","",'Orçamento Detalhado_Global'!F41) -> UNID | G41: ='Orçamento Detalhado_Global'!G41 -> 0 | H41: =IF(E41="","",ROUND(G41*E41,2)) | I41: ='Orçamento Detalhado_Global'!I41 | J41: =IF(E41="","",ROUND(I41*E41,2))
... A47: 1.2.18 | B47: ='Orçamento Detalhado_Global'!B47 -> [ ESCOLHER ] | C47: =IF('Orçamento Detalhado_Global'!C47="","",'Orçamento Detalhado_Global'!C47) | D47: =IF('Orçamento Detalhado_Global'!D47="","",'Orçamento Detalhado_Global'!D47) | E47: =IF('Orçamento Detalhado_Global'!E47="","",ROUND('Orçamento Detalhado_Global'!E47*'Orçamento Detalhado'!$E$10,6)) | F47: =IF('Orçamento Detalhado_Global'!F47="","",'Orçamento Detalhado_Global'!F47) | G47: ='Orçamento Detalhado_Global'!G47 -> 0 | H47: =IF(E47="","",ROUND(G47*E47,2)) | I47: ='Orçamento Detalhado_Global'!I47 | J47: =IF(E47="","",ROUND(I47*E47,2))
A48: 2 | D48: HABITAÇÃO (com BDI) | H48: =SUM(H49,H65,H77,H87,H106,H120,H138,H148,H158,H175,H191,H202,H212,H230,H249,H272,H323,H333,H353) -> 0 | J48: =SUM(J49,J65,J77,J87,J106,J120,J138,J148,J158,J175,J191,J202,J212,J230,J249,J272,J323,J333,J353) -> 0
A49: 2.1 | D49: FUNDAÇÕES | H49: =SUM(H50:H64) -> 0 | J49: =SUM(J50:J64) -> 0
A50: 2.1.1 | B50: ='Orçamento Detalhado_Global'!B50 -> [ ESCOLHER ] | C50: =IF('Orçamento Detalhado_Global'!C50="","",'Orçamento Detalhado_Global'!C50) | D50: =IF('Orçamento Detalhado_Global'!D50="","",'Orçamento Detalhado_Global'!D50) -> Locação da Obra | E50: =IF('Orçamento Detalhado_Global'!E50="","",ROUND('Orçamento Detalhado_Global'!E50*'Orçamento Detalhado'!$E$10,6)) | F50: =IF('Orçamento Detalhado_Global'!F50="","",'Orçamento Detalhado_Global'!F50) -> VB | G50: ='Orçamento Detalhado_Global'!G50 -> 0 | H50: =IF(E50="","",ROUND(G50*E50,2)) | I50: ='Orçamento Detalhado_Global'!I50 | J50: =IF(E50="","",ROUND(I50*E50,2))
A51: 2.1.2 | B51: ='Orçamento Detalhado_Global'!B51 -> [ ESCOLHER ] | C51: =IF('Orçamento Detalhado_Global'!C51="","",'Orçamento Detalhado_Global'!C51) | D51: =IF('Orçamento Detalhado_Global'!D51="","",'Orçamento Detalhado_Global'!D51) -> Fundações Profundas | E51: =IF('Orçamento Detalhado_Global'!E51="","",ROUND('Orçamento Detalhado_Global'!E51*'Orçamento Detalhado'!$E$10,6)) | F51: =IF('Orçamento Detalhado_Global'!F51="","",'Orçamento Detalhado_Global'!F51) -> M | G51: ='Orçamento Detalhado_Global'!G51 -> 0 | H51: =IF(E51="","",ROUND(G51*E51,2)) | I51: ='Orçamento Detalhado_Global'!I51 | J51: =IF(E51="","",ROUND(I51*E51,2))
A52: 2.1.3 | B52: ='Orçamento Detalhado_Global'!B52 -> [ ESCOLHER ] | C52: =IF('Orçamento Detalhado_Global'!C52="","",'Orçamento Detalhado_Global'!C52) | D52: =IF('Orçamento Detalhado_Global'!D52="","",'Orçamento Detalhado_Global'!D52) -> Fundações Superficiais | E52: =IF('Orçamento Detalhado_Global'!E52="","",ROUND('Orçamento Detalhado_Global'!E52*'Orçamento Detalhado'!$E$10,6)) | F52: =IF('Orçamento Detalhado_Global'!F52="","",'Orçamento Detalhado_Global'!F52) -> M³ | G52: ='Orçamento Detalhado_Global'!G52 -> 0 | H52: =IF(E52="","",ROUND(G52*E52,2)) | I52: ='Orçamento Detalhado_Global'!I52 | J52: =IF(E52="","",ROUND(I52*E52,2))
A53: 2.1.4 | B53: ='Orçamento Detalhado_Global'!B53 -> [ ESCOLHER ] | C53: =IF('Orçamento Detalhado_Global'!C53="","",'Orçamento Detalhado_Global'!C53) | D53: =IF('Orçamento Detalhado_Global'!D53="","",'Orçamento Detalhado_Global'!D53) -> Blocos,Vigas Baldrames e Alavancas | E53: =IF('Orçamento Detalhado_Global'!E53="","",ROUND('Orçamento Detalhado_Global'!E53*'Orçamento Detalhado'!$E$10,6)) | F53: =IF('Orçamento Detalhado_Global'!F53="","",'Orçamento Detalhado_Global'!F53) -> M³ | G53: ='Orçamento Detalhado_Global'!G53 -> 0 | H53: =IF(E53="","",ROUND(G53*E53,2)) | I53: ='Orçamento Detalhado_Global'!I53 | J53: =IF(E53="","",ROUND(I53*E53,2))
A54: 2.1.5 | B54: ='Orçamento Detalhado_Global'!B54 -> [ ESCOLHER ] | C54: =IF('Orçamento Detalhado_Global'!C54="","",'Orçamento Detalhado_Global'!C54) | D54: =IF('Orçamento Detalhado_Global'!D54="","",'Orçamento Detalhado_Global'!D54) -> Desmonte em Rocha | E54: =IF('Orçamento Detalhado_Global'!E54="","",ROUND('Orçamento Detalhado_Global'!E54*'Orçamento Detalhado'!$E$10,6)) | F54: =IF('Orçamento Detalhado_Global'!F54="","",'Orçamento Detalhado_Global'!F54) -> M² | G54: ='Orçamento Detalhado_Global'!G54 -> 0 | H54: =IF(E54="","",ROUND(G54*E54,2)) | I54: ='Orçamento Detalhado_Global'!I54 | J54: =IF(E54="","",ROUND(I54*E54,2))
A55: 2.1.6 | B55: ='Orçamento Detalhado_Global'!B55 -> [ ESCOLHER ] | C55: =IF('Orçamento Detalhado_Global'!C55="","",'Orçamento Detalhado_Global'!C55) | D55: =IF('Orçamento Detalhado_Global'!D55="","",'Orçamento Detalhado_Global'!D55) -> Escavação Mecanizada | E55: =IF('Orçamento Detalhado_Global'!E55="","",ROUND('Orçamento Detalhado_Global'!E55*'Orçamento Detalhado'!$E$10,6)) | F55: =IF('Orçamento Detalhado_Global'!F55="","",'Orçamento Detalhado_Global'!F55) -> KG | G55: ='Orçamento Detalhado_Global'!G55 -> 0 | H55: =IF(E55="","",ROUND(G55*E55,2)) | I55: ='Orçamento Detalhado_Global'!I55 | J55: =IF(E55="","",ROUND(I55*E55,2))
A56: 2.1.7 | B56: ='Orçamento Detalhado_Global'!B56 -> [ ESCOLHER ] | C56: =IF('Orçamento Detalhado_Global'!C56="","",'Orçamento Detalhado_Global'!C56) | D56: =IF('Orçamento Detalhado_Global'!D56="","",'Orçamento Detalhado_Global'!D56) -> Reb. Lençol Freático/Drenagem | E56: =IF('Orçamento Detalhado_Global'!E56="","",ROUND('Orçamento Detalhado_Global'!E56*'Orçamento Detalhado'!$E$10,6)) | F56: =IF('Orçamento Detalhado_Global'!F56="","",'Orçamento Detalhado_Global'!F56) -> M² | G56: ='Orçamento Detalhado_Global'!G56 -> 0 | H56: =IF(E56="","",ROUND(G56*E56,2)) | I56: ='Orçamento Detalhado_Global'!I56 | J56: =IF(E56="","",ROUND(I56*E56,2))
A57: 2.1.8 | B57: ='Orçamento Detalhado_Global'!B57 -> [ ESCOLHER ] | C57: =IF('Orçamento Detalhado_Global'!C57="","",'Orçamento Detalhado_Global'!C57) | D57: =IF('Orçamento Detalhado_Global'!D57="","",'Orçamento Detalhado_Global'!D57) -> Escavação Manual | E57: =IF('Orçamento Detalhado_Global'!E57="","",ROUND('Orçamento Detalhado_Global'!E57*'Orçamento Detalhado'!$E$10,6)) | F57: =IF('Orçamento Detalhado_Global'!F57="","",'Orçamento Detalhado_Global'!F57) -> M³ | G57: ='Orçamento Detalhado_Global'!G57 -> 0 | H57: =IF(E57="","",ROUND(G57*E57,2)) | I57: ='Orçamento Detalhado_Global'!I57 | J57: =IF(E57="","",ROUND(I57*E57,2))
A58: 2.1.9 | B58: ='Orçamento Detalhado_Global'!B58 -> [ ESCOLHER ] | C58: =IF('Orçamento Detalhado_Global'!C58="","",'Orçamento Detalhado_Global'!C58) | D58: =IF('Orçamento Detalhado_Global'!D58="","",'Orçamento Detalhado_Global'!D58) -> Aterro e apiloamento | E58: =IF('Orçamento Detalhado_Global'!E58="","",ROUND('Orçamento Detalhado_Global'!E58*'Orçamento Detalhado'!$E$10,6)) | F58: =IF('Orçamento Detalhado_Global'!F58="","",'Orçamento Detalhado_Global'!F58) -> M² | G58: ='Orçamento Detalhado_Global'!G58 -> 0 | H58: =IF(E58="","",ROUND(G58*E58,2)) | I58: ='Orçamento Detalhado_Global'!I58 | J58: =IF(E58="","",ROUND(I58*E58,2))
A59: 2.1.10 | B59: ='Orçamento Detalhado_Global'!B59 -> [ ESCOLHER ] | C59: =IF('Orçamento Detalhado_Global'!C59="","",'Orçamento Detalhado_Global'!C59) | D59: =IF('Orçamento Detalhado_Global'!D59="","",'Orçamento Detalhado_Global'!D59) -> Impermeabilização de vigas e baldrames | E59: =IF('Orçamento Detalhado_Global'!E59="","",ROUND('Orçamento Detalhado_Global'!E59*'Orçamento Detalhado'!$E$10,6)) | F59: =IF('Orçamento Detalhado_Global'!F59="","",'Orçamento Detalhado_Global'!F59) -> M³ | G59: ='Orçamento Detalhado_Global'!G59 -> 0 | H59: =IF(E59="","",ROUND(G59*E59,2)) | I59: ='Orçamento Detalhado_Global'!I59 | J59: =IF(E59="","",ROUND(I59*E59,2))
A60: 2.1.11 | B60: ='Orçamento Detalhado_Global'!B60 -> [ ESCOLHER ] | C60: =IF('Orçamento Detalhado_Global'!C60="","",'Orçamento Detalhado_Global'!C60) | D60: =IF('Orçamento Detalhado_Global'!D60="","",'Orçamento Detalhado_Global'!D60) | E60: =IF('Orçamento Detalhado_Global'!E60="","",ROUND('Orçamento Detalhado_Global'!E60*'Orçamento Detalhado'!$E$10,6)) | F60: =IF('Orçamento Detalhado_Global'!F60="","",'Orçamento Detalhado_Global'!F60) -> M³XKM | G60: ='Orçamento Detalhado_Global'!G60 -> 0 | H60: =IF(E60="","",ROUND(G60*E60,2)) | I60: ='Orçamento Detalhado_Global'!I60 | J60: =IF(E60="","",ROUND(I60*E60,2))
A61: 2.1.12 | B61: ='Orçamento Detalhado_Global'!B61 -> [ ESCOLHER ] | C61: =IF('Orçamento Detalhado_Global'!C61="","",'Orçamento Detalhado_Global'!C61) | D61: =IF('Orçamento Detalhado_Global'!D61="","",'Orçamento Detalhado_Global'!D61) | E61: =IF('Orçamento Detalhado_Global'!E61="","",ROUND('Orçamento Detalhado_Global'!E61*'Orçamento Detalhado'!$E$10,6)) | F61: =IF('Orçamento Detalhado_Global'!F61="","",'Orçamento Detalhado_Global'!F61) | G61: ='Orçamento Detalhado_Global'!G61 -> 0 | H61: =IF(E61="","",ROUND(G61*E61,2)) | I61: ='Orçamento Detalhado_Global'!I61 | J61: =IF(E61="","",ROUND(I61*E61,2))
... A64: 2.1.15 | B64: ='Orçamento Detalhado_Global'!B64 -> [ ESCOLHER ] | C64: =IF('Orçamento Detalhado_Global'!C64="","",'Orçamento Detalhado_Global'!C64) | D64: =IF('Orçamento Detalhado_Global'!D64="","",'Orçamento Detalhado_Global'!D64) | E64: =IF('Orçamento Detalhado_Global'!E64="","",ROUND('Orçamento Detalhado_Global'!E64*'Orçamento Detalhado'!$E$10,6)) | F64: =IF('Orçamento Detalhado_Global'!F64="","",'Orçamento Detalhado_Global'!F64) | G64: ='Orçamento Detalhado_Global'!G64 -> 0 | H64: =IF(E64="","",ROUND(G64*E64,2)) | I64: ='Orçamento Detalhado_Global'!I64 | J64: =IF(E64="","",ROUND(I64*E64,2))
A65: 2.2 | D65: ESTRUTURA | H65: =SUM(H66:H76) -> 0 | J65: =SUM(J66:J76) -> 0
A66: 2.2.1 | B66: ='Orçamento Detalhado_Global'!B66 -> [ ESCOLHER ] | C66: =IF('Orçamento Detalhado_Global'!C66="","",'Orçamento Detalhado_Global'!C66) -> 003526 | D66: =IF('Orçamento Detalhado_Global'!D66="","",'Orçamento Detalhado_Global'!D66) -> Forma | E66: =IF('Orçamento Detalhado_Global'!E66="","",ROUND('Orçamento Detalhado_Global'!E66*'Orçamento Detalhado'!$E$10,6)) | F66: =IF('Orçamento Detalhado_Global'!F66="","",'Orçamento Detalhado_Global'!F66) -> m3 | G66: ='Orçamento Detalhado_Global'!G66 -> 0 | H66: =IF(E66="","",ROUND(G66*E66,2)) | I66: ='Orçamento Detalhado_Global'!I66 | J66: =IF(E66="","",ROUND(I66*E66,2))
A67: 2.2.2 | B67: ='Orçamento Detalhado_Global'!B67 -> [ ESCOLHER ] | C67: =IF('Orçamento Detalhado_Global'!C67="","",'Orçamento Detalhado_Global'!C67) -> 2004004 | D67: =IF('Orçamento Detalhado_Global'!D67="","",'Orçamento Detalhado_Global'!D67) -> Armadura de aço CA50A | E67: =IF('Orçamento Detalhado_Global'!E67="","",ROUND('Orçamento Detalhado_Global'!E67*'Orçamento Detalhado'!$E$10,6)) | F67: =IF('Orçamento Detalhado_Global'!F67="","",'Orçamento Detalhado_Global'!F67) -> KG | G67: ='Orçamento Detalhado_Global'!G67 -> 0 | H67: =IF(E67="","",ROUND(G67*E67,2)) | I67: ='Orçamento Detalhado_Global'!I67 | J67: =IF(E67="","",ROUND(I67*E67,2))
A68: 2.2.3 | B68: ='Orçamento Detalhado_Global'!B68 -> [ ESCOLHER ] | C68: =IF('Orçamento Detalhado_Global'!C68="","",'Orçamento Detalhado_Global'!C68) -> 003013 | D68: =IF('Orçamento Detalhado_Global'!D68="","",'Orçamento Detalhado_Global'!D68) -> Acessórios para concretagem | E68: =IF('Orçamento Detalhado_Global'!E68="","",ROUND('Orçamento Detalhado_Global'!E68*'Orçamento Detalhado'!$E$10,6)) | F68: =IF('Orçamento Detalhado_Global'!F68="","",'Orçamento Detalhado_Global'!F68) -> M³ | G68: ='Orçamento Detalhado_Global'!G68 -> 0 | H68: =IF(E68="","",ROUND(G68*E68,2)) | I68: ='Orçamento Detalhado_Global'!I68 | J68: =IF(E68="","",ROUND(I68*E68,2))
A69: 2.2.4 | B69: ='Orçamento Detalhado_Global'!B69 -> [ ESCOLHER ] | C69: =IF('Orçamento Detalhado_Global'!C69="","",'Orçamento Detalhado_Global'!C69) -> 3001030 | D69: =IF('Orçamento Detalhado_Global'!D69="","",'Orçamento Detalhado_Global'!D69) -> Concreto Armado | E69: =IF('Orçamento Detalhado_Global'!E69="","",ROUND('Orçamento Detalhado_Global'!E69*'Orçamento Detalhado'!$E$10,6)) | F69: =IF('Orçamento Detalhado_Global'!F69="","",'Orçamento Detalhado_Global'!F69) -> M³ | G69: ='Orçamento Detalhado_Global'!G69 -> 0 | H69: =IF(E69="","",ROUND(G69*E69,2)) | I69: ='Orçamento Detalhado_Global'!I69 | J69: =IF(E69="","",ROUND(I69*E69,2))
A70: 2.2.5 | B70: ='Orçamento Detalhado_Global'!B70 -> [ ESCOLHER ] | C70: =IF('Orçamento Detalhado_Global'!C70="","",'Orçamento Detalhado_Global'!C70) -> 2.2.5 | D70: =IF('Orçamento Detalhado_Global'!D70="","",'Orçamento Detalhado_Global'!D70) -> Pré-moldados / Juntas estruturais | E70: =IF('Orçamento Detalhado_Global'!E70="","",ROUND('Orçamento Detalhado_Global'!E70*'Orçamento Detalhado'!$E$10,6)) | F70: =IF('Orçamento Detalhado_Global'!F70="","",'Orçamento Detalhado_Global'!F70) -> VB | G70: ='Orçamento Detalhado_Global'!G70 -> 0 | H70: =IF(E70="","",ROUND(G70*E70,2)) | I70: ='Orçamento Detalhado_Global'!I70 | J70: =IF(E70="","",ROUND(I70*E70,2))
A71: 2.2.6 | B71: ='Orçamento Detalhado_Global'!B71 -> [ ESCOLHER ] | C71: =IF('Orçamento Detalhado_Global'!C71="","",'Orçamento Detalhado_Global'!C71) | D71: =IF('Orçamento Detalhado_Global'!D71="","",'Orçamento Detalhado_Global'!D71) -> Acessórios para tratamento | E71: =IF('Orçamento Detalhado_Global'!E71="","",ROUND('Orçamento Detalhado_Global'!E71*'Orçamento Detalhado'!$E$10,6)) | F71: =IF('Orçamento Detalhado_Global'!F71="","",'Orçamento Detalhado_Global'!F71) | G71: ='Orçamento Detalhado_Global'!G71 -> 0 | H71: =IF(E71="","",ROUND(G71*E71,2)) | I71: ='Orçamento Detalhado_Global'!I71 | J71: =IF(E71="","",ROUND(I71*E71,2))
A72: 2.2.7 | B72: ='Orçamento Detalhado_Global'!B72 -> [ ESCOLHER ] | C72: =IF('Orçamento Detalhado_Global'!C72="","",'Orçamento Detalhado_Global'!C72) | D72: =IF('Orçamento Detalhado_Global'!D72="","",'Orçamento Detalhado_Global'!D72) -> Alvenaria Estrutural | E72: =IF('Orçamento Detalhado_Global'!E72="","",ROUND('Orçamento Detalhado_Global'!E72*'Orçamento Detalhado'!$E$10,6)) | F72: =IF('Orçamento Detalhado_Global'!F72="","",'Orçamento Detalhado_Global'!F72) | G72: ='Orçamento Detalhado_Global'!G72 -> 0 | H72: =IF(E72="","",ROUND(G72*E72,2)) | I72: ='Orçamento Detalhado_Global'!I72 | J72: =IF(E72="","",ROUND(I72*E72,2))
A73: 2.2.8 | B73: ='Orçamento Detalhado_Global'!B73 -> [ ESCOLHER ] | C73: =IF('Orçamento Detalhado_Global'!C73="","",'Orçamento Detalhado_Global'!C73) | D73: =IF('Orçamento Detalhado_Global'!D73="","",'Orçamento Detalhado_Global'!D73) | E73: =IF('Orçamento Detalhado_Global'!E73="","",ROUND('Orçamento Detalhado_Global'!E73*'Orçamento Detalhado'!$E$10,6)) | F73: =IF('Orçamento Detalhado_Global'!F73="","",'Orçamento Detalhado_Global'!F73) | G73: ='Orçamento Detalhado_Global'!G73 -> 0 | H73: =IF(E73="","",ROUND(G73*E73,2)) | I73: ='Orçamento Detalhado_Global'!I73 | J73: =IF(E73="","",ROUND(I73*E73,2))
A74: 2.2.9 | B74: ='Orçamento Detalhado_Global'!B74 -> [ ESCOLHER ] | C74: =IF('Orçamento Detalhado_Global'!C74="","",'Orçamento Detalhado_Global'!C74) -> 2004004 | D74: =IF('Orçamento Detalhado_Global'!D74="","",'Orçamento Detalhado_Global'!D74) | E74: =IF('Orçamento Detalhado_Global'!E74="","",ROUND('Orçamento Detalhado_Global'!E74*'Orçamento Detalhado'!$E$10,6)) | F74: =IF('Orçamento Detalhado_Global'!F74="","",'Orçamento Detalhado_Global'!F74) -> KG | G74: ='Orçamento Detalhado_Global'!G74 -> 0 | H74: =IF(E74="","",ROUND(G74*E74,2)) | I74: ='Orçamento Detalhado_Global'!I74 | J74: =IF(E74="","",ROUND(I74*E74,2))
A75: 2.2.10 | B75: ='Orçamento Detalhado_Global'!B75 -> [ ESCOLHER ] | C75: =IF('Orçamento Detalhado_Global'!C75="","",'Orçamento Detalhado_Global'!C75) -> 90280 | D75: =IF('Orçamento Detalhado_Global'!D75="","",'Orçamento Detalhado_Global'!D75) | E75: =IF('Orçamento Detalhado_Global'!E75="","",ROUND('Orçamento Detalhado_Global'!E75*'Orçamento Detalhado'!$E$10,6)) | F75: =IF('Orçamento Detalhado_Global'!F75="","",'Orçamento Detalhado_Global'!F75) -> M³ | G75: ='Orçamento Detalhado_Global'!G75 -> 0 | H75: =IF(E75="","",ROUND(G75*E75,2)) | I75: ='Orçamento Detalhado_Global'!I75 | J75: =IF(E75="","",ROUND(I75*E75,2))
A76: 2.2.11 | B76: ='Orçamento Detalhado_Global'!B76 -> [ ESCOLHER ] | C76: =IF('Orçamento Detalhado_Global'!C76="","",'Orçamento Detalhado_Global'!C76) | D76: =IF('Orçamento Detalhado_Global'!D76="","",'Orçamento Detalhado_Global'!D76) | E76: =IF('Orçamento Detalhado_Global'!E76="","",ROUND('Orçamento Detalhado_Global'!E76*'Orçamento Detalhado'!$E$10,6)) | F76: =IF('Orçamento Detalhado_Global'!F76="","",'Orçamento Detalhado_Global'!F76) | G76: ='Orçamento Detalhado_Global'!G76 -> 0 | H76: =IF(E76="","",ROUND(G76*E76,2)) | I76: ='Orçamento Detalhado_Global'!I76 | J76: =IF(E76="","",ROUND(I76*E76,2))
A77: 2.3 | D77: PAREDES E PAÍNEIS | H77: =SUM(H78:H86) -> 0 | J77: =SUM(J78:J86) -> 0
A78: 2.3.1 | B78: ='Orçamento Detalhado_Global'!B78 -> [ ESCOLHER ] | C78: =IF('Orçamento Detalhado_Global'!C78="","",'Orçamento Detalhado_Global'!C78) -> 002413 | D78: =IF('Orçamento Detalhado_Global'!D78="","",'Orçamento Detalhado_Global'!D78) -> Alvenaria Vedação | E78: =IF('Orçamento Detalhado_Global'!E78="","",ROUND('Orçamento Detalhado_Global'!E78*'Orçamento Detalhado'!$E$10,6)) | F78: =IF('Orçamento Detalhado_Global'!F78="","",'Orçamento Detalhado_Global'!F78) -> M² | G78: ='Orçamento Detalhado_Global'!G78 -> 122.2167 | H78: =IF(E78="","",ROUND(G78*E78,2)) | I78: ='Orçamento Detalhado_Global'!I78 -> 146.66004 | J78: =IF(E78="","",ROUND(I78*E78,2))
A79: 2.3.2 | B79: ='Orçamento Detalhado_Global'!B79 -> [ ESCOLHER ] | C79: =IF('Orçamento Detalhado_Global'!C79="","",'Orçamento Detalhado_Global'!C79) -> 000840 | D79: =IF('Orçamento Detalhado_Global'!D79="","",'Orçamento Detalhado_Global'!D79) -> Paredes de Concreto | E79: =IF('Orçamento Detalhado_Global'!E79="","",ROUND('Orçamento Detalhado_Global'!E79*'Orçamento Detalhado'!$E$10,6)) | F79: =IF('Orçamento Detalhado_Global'!F79="","",'Orçamento Detalhado_Global'!F79) -> M² | G79: ='Orçamento Detalhado_Global'!G79 -> 121.7035 | H79: =IF(E79="","",ROUND(G79*E79,2)) | I79: ='Orçamento Detalhado_Global'!I79 -> 146.0442 | J79: =IF(E79="","",ROUND(I79*E79,2))
A80: 2.3.3 | B80: ='Orçamento Detalhado_Global'!B80 -> [ ESCOLHER ] | C80: =IF('Orçamento Detalhado_Global'!C80="","",'Orçamento Detalhado_Global'!C80) -> 003663 | D80: =IF('Orçamento Detalhado_Global'!D80="","",'Orçamento Detalhado_Global'!D80) -> Dry Wall | E80: =IF('Orçamento Detalhado_Global'!E80="","",ROUND('Orçamento Detalhado_Global'!E80*'Orçamento Detalhado'!$E$10,6)) | F80: =IF('Orçamento Detalhado_Global'!F80="","",'Orçamento Detalhado_Global'!F80) -> M² | G80: ='Orçamento Detalhado_Global'!G80 -> 125.37042 | H80: =IF(E80="","",ROUND(G80*E80,2)) | I80: ='Orçamento Detalhado_Global'!I80 -> 150.4445 | J80: =IF(E80="","",ROUND(I80*E80,2))
A81: 2.3.4 | B81: ='Orçamento Detalhado_Global'!B81 -> [ ESCOLHER ] | C81: =IF('Orçamento Detalhado_Global'!C81="","",'Orçamento Detalhado_Global'!C81) -> 000860 | D81: =IF('Orçamento Detalhado_Global'!D81="","",'Orçamento Detalhado_Global'!D81) | E81: =IF('Orçamento Detalhado_Global'!E81="","",ROUND('Orçamento Detalhado_Global'!E81*'Orçamento Detalhado'!$E$10,6)) | F81: =IF('Orçamento Detalhado_Global'!F81="","",'Orçamento Detalhado_Global'!F81) -> M² | G81: ='Orçamento Detalhado_Global'!G81 -> 134.69911 | H81: =IF(E81="","",ROUND(G81*E81,2)) | I81: ='Orçamento Detalhado_Global'!I81 -> 161.63894 | J81: =IF(E81="","",ROUND(I81*E81,2))
A82: 2.3.5 | B82: ='Orçamento Detalhado_Global'!B82 -> [ ESCOLHER ] | C82: =IF('Orçamento Detalhado_Global'!C82="","",'Orçamento Detalhado_Global'!C82) -> 004093 | D82: =IF('Orçamento Detalhado_Global'!D82="","",'Orçamento Detalhado_Global'!D82) | E82: =IF('Orçamento Detalhado_Global'!E82="","",ROUND('Orçamento Detalhado_Global'!E82*'Orçamento Detalhado'!$E$10,6)) | F82: =IF('Orçamento Detalhado_Global'!F82="","",'Orçamento Detalhado_Global'!F82) -> M² | G82: ='Orçamento Detalhado_Global'!G82 -> 130.6266 | H82: =IF(E82="","",ROUND(G82*E82,2)) | I82: ='Orçamento Detalhado_Global'!I82 -> 156.75192 | J82: =IF(E82="","",ROUND(I82*E82,2))
A83: 2.3.6 | B83: ='Orçamento Detalhado_Global'!B83 -> [ ESCOLHER ] | C83: =IF('Orçamento Detalhado_Global'!C83="","",'Orçamento Detalhado_Global'!C83) -> 004087 | D83: =IF('Orçamento Detalhado_Global'!D83="","",'Orçamento Detalhado_Global'!D83) | E83: =IF('Orçamento Detalhado_Global'!E83="","",ROUND('Orçamento Detalhado_Global'!E83*'Orçamento Detalhado'!$E$10,6)) | F83: =IF('Orçamento Detalhado_Global'!F83="","",'Orçamento Detalhado_Global'!F83) -> M² | G83: ='Orçamento Detalhado_Global'!G83 -> 129.97268 | H83: =IF(E83="","",ROUND(G83*E83,2)) | I83: ='Orçamento Detalhado_Global'!I83 -> 155.96722 | J83: =IF(E83="","",ROUND(I83*E83,2))
A84: 2.3.7 | B84: ='Orçamento Detalhado_Global'!B84 -> [ ESCOLHER ] | C84: =IF('Orçamento Detalhado_Global'!C84="","",'Orçamento Detalhado_Global'!C84) -> 000760 | D84: =IF('Orçamento Detalhado_Global'!D84="","",'Orçamento Detalhado_Global'!D84) | E84: =IF('Orçamento Detalhado_Global'!E84="","",ROUND('Orçamento Detalhado_Global'!E84*'Orçamento Detalhado'!$E$10,6)) | F84: =IF('Orçamento Detalhado_Global'!F84="","",'Orçamento Detalhado_Global'!F84) -> M² | G84: ='Orçamento Detalhado_Global'!G84 -> 86.209751 | H84: =IF(E84="","",ROUND(G84*E84,2)) | I84: ='Orçamento Detalhado_Global'!I84 -> 103.4517 | J84: =IF(E84="","",ROUND(I84*E84,2))
A85: 2.3.8 | B85: ='Orçamento Detalhado_Global'!B85 -> [ ESCOLHER ] | C85: =IF('Orçamento Detalhado_Global'!C85="","",'Orçamento Detalhado_Global'!C85) -> 003962 | D85: =IF('Orçamento Detalhado_Global'!D85="","",'Orçamento Detalhado_Global'!D85) | E85: =IF('Orçamento Detalhado_Global'!E85="","",ROUND('Orçamento Detalhado_Global'!E85*'Orçamento Detalhado'!$E$10,6)) | F85: =IF('Orçamento Detalhado_Global'!F85="","",'Orçamento Detalhado_Global'!F85) -> M² | G85: ='Orçamento Detalhado_Global'!G85 -> 138.00182 | H85: =IF(E85="","",ROUND(G85*E85,2)) | I85: ='Orçamento Detalhado_Global'!I85 -> 165.60219 | J85: =IF(E85="","",ROUND(I85*E85,2))
A86: 2.3.9 | B86: ='Orçamento Detalhado_Global'!B86 -> [ ESCOLHER ] | C86: =IF('Orçamento Detalhado_Global'!C86="","",'Orçamento Detalhado_Global'!C86) | D86: =IF('Orçamento Detalhado_Global'!D86="","",'Orçamento Detalhado_Global'!D86) | E86: =IF('Orçamento Detalhado_Global'!E86="","",ROUND('Orçamento Detalhado_Global'!E86*'Orçamento Detalhado'!$E$10,6)) | F86: =IF('Orçamento Detalhado_Global'!F86="","",'Orçamento Detalhado_Global'!F86) | G86: ='Orçamento Detalhado_Global'!G86 -> 0 | H86: =IF(E86="","",ROUND(G86*E86,2)) | I86: ='Orçamento Detalhado_Global'!I86 | J86: =IF(E86="","",ROUND(I86*E86,2))
A87: 2.4 | D87: ESQUADRIAS DE ALUMINIO | H87: =SUM(H88:H105) -> 0 | J87: =SUM(J88:J105) -> 0
A88: 2.4.1 | B88: ='Orçamento Detalhado_Global'!B88 -> [ ESCOLHER ] | C88: =IF('Orçamento Detalhado_Global'!C88="","",'Orçamento Detalhado_Global'!C88) -> 003423 | D88: =IF('Orçamento Detalhado_Global'!D88="","",'Orçamento Detalhado_Global'!D88) -> Dorm. 1 (_____x_______)m | E88: =IF('Orçamento Detalhado_Global'!E88="","",ROUND('Orçamento Detalhado_Global'!E88*'Orçamento Detalhado'!$E$10,6)) | F88: =IF('Orçamento Detalhado_Global'!F88="","",'Orçamento Detalhado_Global'!F88) -> UNID | G88: ='Orçamento Detalhado_Global'!G88 -> 1322.076 | H88: =IF(E88="","",ROUND(G88*E88,2)) | I88: ='Orçamento Detalhado_Global'!I88 -> 1586.4912 | J88: =IF(E88="","",ROUND(I88*E88,2))
A89: 2.4.2 | B89: ='Orçamento Detalhado_Global'!B89 -> [ ESCOLHER ] | C89: =IF('Orçamento Detalhado_Global'!C89="","",'Orçamento Detalhado_Global'!C89) -> 003438 | D89: =IF('Orçamento Detalhado_Global'!D89="","",'Orçamento Detalhado_Global'!D89) -> Dorm. 2 (______x_______)m | E89: =IF('Orçamento Detalhado_Global'!E89="","",ROUND('Orçamento Detalhado_Global'!E89*'Orçamento Detalhado'!$E$10,6)) | F89: =IF('Orçamento Detalhado_Global'!F89="","",'Orçamento Detalhado_Global'!F89) -> UNID | G89: ='Orçamento Detalhado_Global'!G89 -> 1582.8739 | H89: =IF(E89="","",ROUND(G89*E89,2)) | I89: ='Orçamento Detalhado_Global'!I89 -> 1899.4487 | J89: =IF(E89="","",ROUND(I89*E89,2))
A90: 2.4.3 | B90: ='Orçamento Detalhado_Global'!B90 -> [ ESCOLHER ] | C90: =IF('Orçamento Detalhado_Global'!C90="","",'Orçamento Detalhado_Global'!C90) -> 94570 | D90: =IF('Orçamento Detalhado_Global'!D90="","",'Orçamento Detalhado_Global'!D90) -> Sala Estar (______x_______)m | E90: =IF('Orçamento Detalhado_Global'!E90="","",ROUND('Orçamento Detalhado_Global'!E90*'Orçamento Detalhado'!$E$10,6)) | F90: =IF('Orçamento Detalhado_Global'!F90="","",'Orçamento Detalhado_Global'!F90) -> M² | G90: ='Orçamento Detalhado_Global'!G90 -> 371.43 | H90: =IF(E90="","",ROUND(G90*E90,2)) | I90: ='Orçamento Detalhado_Global'!I90 -> 445.716 | J90: =IF(E90="","",ROUND(I90*E90,2))
A91: 2.4.4 | B91: ='Orçamento Detalhado_Global'!B91 -> [ ESCOLHER ] | C91: =IF('Orçamento Detalhado_Global'!C91="","",'Orçamento Detalhado_Global'!C91) -> 003087 | D91: =IF('Orçamento Detalhado_Global'!D91="","",'Orçamento Detalhado_Global'!D91) -> Cozinha (______x_______)m | E91: =IF('Orçamento Detalhado_Global'!E91="","",ROUND('Orçamento Detalhado_Global'!E91*'Orçamento Detalhado'!$E$10,6)) | F91: =IF('Orçamento Detalhado_Global'!F91="","",'Orçamento Detalhado_Global'!F91) -> UNID | G91: ='Orçamento Detalhado_Global'!G91 -> 1868.5125 | H91: =IF(E91="","",ROUND(G91*E91,2)) | I91: ='Orçamento Detalhado_Global'!I91 -> 2242.215 | J91: =IF(E91="","",ROUND(I91*E91,2))
A92: 2.4.5 | B92: ='Orçamento Detalhado_Global'!B92 -> [ ESCOLHER ] | C92: =IF('Orçamento Detalhado_Global'!C92="","",'Orçamento Detalhado_Global'!C92) | D92: =IF('Orçamento Detalhado_Global'!D92="","",'Orçamento Detalhado_Global'!D92) -> Area de Serviço (______x_______)m | E92: =IF('Orçamento Detalhado_Global'!E92="","",ROUND('Orçamento Detalhado_Global'!E92*'Orçamento Detalhado'!$E$10,6)) | F92: =IF('Orçamento Detalhado_Global'!F92="","",'Orçamento Detalhado_Global'!F92) -> UNID | G92: ='Orçamento Detalhado_Global'!G92 -> 0 | H92: =IF(E92="","",ROUND(G92*E92,2)) | I92: ='Orçamento Detalhado_Global'!I92 | J92: =IF(E92="","",ROUND(I92*E92,2))
A93: 2.4.6 | B93: ='Orçamento Detalhado_Global'!B93 -> [ ESCOLHER ] | C93: =IF('Orçamento Detalhado_Global'!C93="","",'Orçamento Detalhado_Global'!C93) -> 002877 | D93: =IF('Orçamento Detalhado_Global'!D93="","",'Orçamento Detalhado_Global'!D93) -> Banheiro (______x_______)m | E93: =IF('Orçamento Detalhado_Global'!E93="","",ROUND('Orçamento Detalhado_Global'!E93*'Orçamento Detalhado'!$E$10,6)) | F93: =IF('Orçamento Detalhado_Global'!F93="","",'Orçamento Detalhado_Global'!F93) -> UNID | G93: ='Orçamento Detalhado_Global'!G93 -> 526.6617 | H93: =IF(E93="","",ROUND(G93*E93,2)) | I93: ='Orçamento Detalhado_Global'!I93 -> 631.99404 | J93: =IF(E93="","",ROUND(I93*E93,2))
A94: 2.4.7 | B94: ='Orçamento Detalhado_Global'!B94 -> [ ESCOLHER ] | C94: =IF('Orçamento Detalhado_Global'!C94="","",'Orçamento Detalhado_Global'!C94) -> 2.4.7 | D94: =IF('Orçamento Detalhado_Global'!D94="","",'Orçamento Detalhado_Global'!D94) -> Portas | E94: =IF('Orçamento Detalhado_Global'!E94="","",ROUND('Orçamento Detalhado_Global'!E94*'Orçamento Detalhado'!$E$10,6)) | F94: =IF('Orçamento Detalhado_Global'!F94="","",'Orçamento Detalhado_Global'!F94) -> UNID | G94: ='Orçamento Detalhado_Global'!G94 -> 17.941237 | H94: =IF(E94="","",ROUND(G94*E94,2)) | I94: ='Orçamento Detalhado_Global'!I94 -> 21.529485 | J94: =IF(E94="","",ROUND(I94*E94,2))
A95: 2.4.8 | B95: ='Orçamento Detalhado_Global'!B95 -> [ ESCOLHER ] | C95: =IF('Orçamento Detalhado_Global'!C95="","",'Orçamento Detalhado_Global'!C95) -> 2.4.8 | D95: =IF('Orçamento Detalhado_Global'!D95="","",'Orçamento Detalhado_Global'!D95) -> Gradil | E95: =IF('Orçamento Detalhado_Global'!E95="","",ROUND('Orçamento Detalhado_Global'!E95*'Orçamento Detalhado'!$E$10,6)) | F95: =IF('Orçamento Detalhado_Global'!F95="","",'Orçamento Detalhado_Global'!F95) -> M² | G95: ='Orçamento Detalhado_Global'!G95 -> 49.317144 | H95: =IF(E95="","",ROUND(G95*E95,2)) | I95: ='Orçamento Detalhado_Global'!I95 -> 59.180572 | J95: =IF(E95="","",ROUND(I95*E95,2))
A96: 2.4.9 | B96: ='Orçamento Detalhado_Global'!B96 -> [ ESCOLHER ] | C96: =IF('Orçamento Detalhado_Global'!C96="","",'Orçamento Detalhado_Global'!C96) | D96: =IF('Orçamento Detalhado_Global'!D96="","",'Orçamento Detalhado_Global'!D96) -> Portas de Shaft | E96: =IF('Orçamento Detalhado_Global'!E96="","",ROUND('Orçamento Detalhado_Global'!E96*'Orçamento Detalhado'!$E$10,6)) | F96: =IF('Orçamento Detalhado_Global'!F96="","",'Orçamento Detalhado_Global'!F96) | G96: ='Orçamento Detalhado_Global'!G96 -> 0 | H96: =IF(E96="","",ROUND(G96*E96,2)) | I96: ='Orçamento Detalhado_Global'!I96 | J96: =IF(E96="","",ROUND(I96*E96,2))
A97: 2.4.10 | B97: ='Orçamento Detalhado_Global'!B97 -> [ ESCOLHER ] | C97: =IF('Orçamento Detalhado_Global'!C97="","",'Orçamento Detalhado_Global'!C97) | D97: =IF('Orçamento Detalhado_Global'!D97="","",'Orçamento Detalhado_Global'!D97) -> Área comum - portas | E97: =IF('Orçamento Detalhado_Global'!E97="","",ROUND('Orçamento Detalhado_Global'!E97*'Orçamento Detalhado'!$E$10,6)) | F97: =IF('Orçamento Detalhado_Global'!F97="","",'Orçamento Detalhado_Global'!F97) | G97: ='Orçamento Detalhado_Global'!G97 -> 0 | H97: =IF(E97="","",ROUND(G97*E97,2)) | I97: ='Orçamento Detalhado_Global'!I97 | J97: =IF(E97="","",ROUND(I97*E97,2))
A98: 2.4.11 | B98: ='Orçamento Detalhado_Global'!B98 -> [ ESCOLHER ] | C98: =IF('Orçamento Detalhado_Global'!C98="","",'Orçamento Detalhado_Global'!C98) | D98: =IF('Orçamento Detalhado_Global'!D98="","",'Orçamento Detalhado_Global'!D98) -> Área comum - janelas | E98: =IF('Orçamento Detalhado_Global'!E98="","",ROUND('Orçamento Detalhado_Global'!E98*'Orçamento Detalhado'!$E$10,6)) | F98: =IF('Orçamento Detalhado_Global'!F98="","",'Orçamento Detalhado_Global'!F98) | G98: ='Orçamento Detalhado_Global'!G98 -> 0 | H98: =IF(E98="","",ROUND(G98*E98,2)) | I98: ='Orçamento Detalhado_Global'!I98 | J98: =IF(E98="","",ROUND(I98*E98,2))
A99: 2.4.12 | B99: ='Orçamento Detalhado_Global'!B99 -> [ ESCOLHER ] | C99: =IF('Orçamento Detalhado_Global'!C99="","",'Orçamento Detalhado_Global'!C99) | D99: =IF('Orçamento Detalhado_Global'!D99="","",'Orçamento Detalhado_Global'!D99) | E99: =IF('Orçamento Detalhado_Global'!E99="","",ROUND('Orçamento Detalhado_Global'!E99*'Orçamento Detalhado'!$E$10,6)) | F99: =IF('Orçamento Detalhado_Global'!F99="","",'Orçamento Detalhado_Global'!F99) | G99: ='Orçamento Detalhado_Global'!G99 -> 0 | H99: =IF(E99="","",ROUND(G99*E99,2)) | I99: ='Orçamento Detalhado_Global'!I99 | J99: =IF(E99="","",ROUND(I99*E99,2))
... A105: 2.4.18 | B105: ='Orçamento Detalhado_Global'!B105 -> [ ESCOLHER ] | C105: =IF('Orçamento Detalhado_Global'!C105="","",'Orçamento Detalhado_Global'!C105) | D105: =IF('Orçamento Detalhado_Global'!D105="","",'Orçamento Detalhado_Global'!D105) | E105: =IF('Orçamento Detalhado_Global'!E105="","",ROUND('Orçamento Detalhado_Global'!E105*'Orçamento Detalhado'!$E$10,6)) | F105: =IF('Orçamento Detalhado_Global'!F105="","",'Orçamento Detalhado_Global'!F105) | G105: ='Orçamento Detalhado_Global'!G105 -> 0 | H105: =IF(E105="","",ROUND(G105*E105,2)) | I105: ='Orçamento Detalhado_Global'!I105 | J105: =IF(E105="","",ROUND(I105*E105,2))
A106: 2.5 | D106: ESQUADRIAS DE FERRO | H106: =SUM(H107:H119) -> 0 | J106: =SUM(J107:J119) -> 0
A107: 2.5.1 | B107: ='Orçamento Detalhado_Global'!B107 -> [ ESCOLHER ] | C107: =IF('Orçamento Detalhado_Global'!C107="","",'Orçamento Detalhado_Global'!C107) | D107: =IF('Orçamento Detalhado_Global'!D107="","",'Orçamento Detalhado_Global'!D107) -> Gradis | E107: =IF('Orçamento Detalhado_Global'!E107="","",ROUND('Orçamento Detalhado_Global'!E107*'Orçamento Detalhado'!$E$10,6)) | F107: =IF('Orçamento Detalhado_Global'!F107="","",'Orçamento Detalhado_Global'!F107) -> M² | G107: ='Orçamento Detalhado_Global'!G107 -> 0 | H107: =IF(E107="","",ROUND(G107*E107,2)) | I107: ='Orçamento Detalhado_Global'!I107 | J107: =IF(E107="","",ROUND(I107*E107,2))
A108: 2.5.2 | B108: ='Orçamento Detalhado_Global'!B108 -> [ ESCOLHER ] | C108: =IF('Orçamento Detalhado_Global'!C108="","",'Orçamento Detalhado_Global'!C108) -> 003372 | D108: =IF('Orçamento Detalhado_Global'!D108="","",'Orçamento Detalhado_Global'!D108) -> Corrimão | E108: =IF('Orçamento Detalhado_Global'!E108="","",ROUND('Orçamento Detalhado_Global'!E108*'Orçamento Detalhado'!$E$10,6)) | F108: =IF('Orçamento Detalhado_Global'!F108="","",'Orçamento Detalhado_Global'!F108) -> ML | G108: ='Orçamento Detalhado_Global'!G108 -> 0 | H108: =IF(E108="","",ROUND(G108*E108,2)) | I108: ='Orçamento Detalhado_Global'!I108 | J108: =IF(E108="","",ROUND(I108*E108,2))
A109: 2.5.3 | B109: ='Orçamento Detalhado_Global'!B109 -> [ ESCOLHER ] | C109: =IF('Orçamento Detalhado_Global'!C109="","",'Orçamento Detalhado_Global'!C109) -> 003809 | D109: =IF('Orçamento Detalhado_Global'!D109="","",'Orçamento Detalhado_Global'!D109) -> Porta corta-fogo | E109: =IF('Orçamento Detalhado_Global'!E109="","",ROUND('Orçamento Detalhado_Global'!E109*'Orçamento Detalhado'!$E$10,6)) | F109: =IF('Orçamento Detalhado_Global'!F109="","",'Orçamento Detalhado_Global'!F109) -> UNID | G109: ='Orçamento Detalhado_Global'!G109 -> 0 | H109: =IF(E109="","",ROUND(G109*E109,2)) | I109: ='Orçamento Detalhado_Global'!I109 | J109: =IF(E109="","",ROUND(I109*E109,2))
A110: 2.5.4 | B110: ='Orçamento Detalhado_Global'!B110 -> [ ESCOLHER ] | C110: =IF('Orçamento Detalhado_Global'!C110="","",'Orçamento Detalhado_Global'!C110) -> 002404 | D110: =IF('Orçamento Detalhado_Global'!D110="","",'Orçamento Detalhado_Global'!D110) -> Escada Marinheiro | E110: =IF('Orçamento Detalhado_Global'!E110="","",ROUND('Orçamento Detalhado_Global'!E110*'Orçamento Detalhado'!$E$10,6)) | F110: =IF('Orçamento Detalhado_Global'!F110="","",'Orçamento Detalhado_Global'!F110) -> UNID | G110: ='Orçamento Detalhado_Global'!G110 -> 0 | H110: =IF(E110="","",ROUND(G110*E110,2)) | I110: ='Orçamento Detalhado_Global'!I110 | J110: =IF(E110="","",ROUND(I110*E110,2))
A111: 2.5.5 | B111: ='Orçamento Detalhado_Global'!B111 -> [ ESCOLHER ] | C111: =IF('Orçamento Detalhado_Global'!C111="","",'Orçamento Detalhado_Global'!C111) -> 003447 | D111: =IF('Orçamento Detalhado_Global'!D111="","",'Orçamento Detalhado_Global'!D111) -> Alçapão | E111: =IF('Orçamento Detalhado_Global'!E111="","",ROUND('Orçamento Detalhado_Global'!E111*'Orçamento Detalhado'!$E$10,6)) | F111: =IF('Orçamento Detalhado_Global'!F111="","",'Orçamento Detalhado_Global'!F111) -> UNID | G111: ='Orçamento Detalhado_Global'!G111 -> 0 | H111: =IF(E111="","",ROUND(G111*E111,2)) | I111: ='Orçamento Detalhado_Global'!I111 | J111: =IF(E111="","",ROUND(I111*E111,2))
A112: 2.5.6 | B112: ='Orçamento Detalhado_Global'!B112 -> [ ESCOLHER ] | C112: =IF('Orçamento Detalhado_Global'!C112="","",'Orçamento Detalhado_Global'!C112) | D112: =IF('Orçamento Detalhado_Global'!D112="","",'Orçamento Detalhado_Global'!D112) -> Portas | E112: =IF('Orçamento Detalhado_Global'!E112="","",ROUND('Orçamento Detalhado_Global'!E112*'Orçamento Detalhado'!$E$10,6)) | F112: =IF('Orçamento Detalhado_Global'!F112="","",'Orçamento Detalhado_Global'!F112) -> UNID | G112: ='Orçamento Detalhado_Global'!G112 -> 0 | H112: =IF(E112="","",ROUND(G112*E112,2)) | I112: ='Orçamento Detalhado_Global'!I112 | J112: =IF(E112="","",ROUND(I112*E112,2))
A113: 2.5.7 | B113: ='Orçamento Detalhado_Global'!B113 -> [ ESCOLHER ] | C113: =IF('Orçamento Detalhado_Global'!C113="","",'Orçamento Detalhado_Global'!C113) | D113: =IF('Orçamento Detalhado_Global'!D113="","",'Orçamento Detalhado_Global'!D113) -> Janelas | E113: =IF('Orçamento Detalhado_Global'!E113="","",ROUND('Orçamento Detalhado_Global'!E113*'Orçamento Detalhado'!$E$10,6)) | F113: =IF('Orçamento Detalhado_Global'!F113="","",'Orçamento Detalhado_Global'!F113) -> UNID | G113: ='Orçamento Detalhado_Global'!G113 -> 0 | H113: =IF(E113="","",ROUND(G113*E113,2)) | I113: ='Orçamento Detalhado_Global'!I113 | J113: =IF(E113="","",ROUND(I113*E113,2))
A114: 2.5.8 | B114: ='Orçamento Detalhado_Global'!B114 -> [ ESCOLHER ] | C114: =IF('Orçamento Detalhado_Global'!C114="","",'Orçamento Detalhado_Global'!C114) | D114: =IF('Orçamento Detalhado_Global'!D114="","",'Orçamento Detalhado_Global'!D114) -> Guarda-corpo | E114: =IF('Orçamento Detalhado_Global'!E114="","",ROUND('Orçamento Detalhado_Global'!E114*'Orçamento Detalhado'!$E$10,6)) | F114: =IF('Orçamento Detalhado_Global'!F114="","",'Orçamento Detalhado_Global'!F114) | G114: ='Orçamento Detalhado_Global'!G114 -> 0 | H114: =IF(E114="","",ROUND(G114*E114,2)) | I114: ='Orçamento Detalhado_Global'!I114 | J114: =IF(E114="","",ROUND(I114*E114,2))
A115: 2.5.9 | B115: ='Orçamento Detalhado_Global'!B115 -> [ ESCOLHER ] | C115: =IF('Orçamento Detalhado_Global'!C115="","",'Orçamento Detalhado_Global'!C115) | D115: =IF('Orçamento Detalhado_Global'!D115="","",'Orçamento Detalhado_Global'!D115) | E115: =IF('Orçamento Detalhado_Global'!E115="","",ROUND('Orçamento Detalhado_Global'!E115*'Orçamento Detalhado'!$E$10,6)) | F115: =IF('Orçamento Detalhado_Global'!F115="","",'Orçamento Detalhado_Global'!F115) | G115: ='Orçamento Detalhado_Global'!G115 -> 0 | H115: =IF(E115="","",ROUND(G115*E115,2)) | I115: ='Orçamento Detalhado_Global'!I115 | J115: =IF(E115="","",ROUND(I115*E115,2))
...

Sheet Cronograma Fisico-Econ.
C1: CRONOGRAMA FÍSICO FINANCEIRO DETALHADO
B2: Empreendimento: | C2: ='Orçamento Detalhado'!C4
B3: Endereço: | C3: ='Orçamento Detalhado'!C5
B4: Agente Promotor: | C4: ='Orçamento Detalhado'!C6
B5: Data-Base: | C5: ='Orçamento Detalhado'!H7 -> 46023 | F5: 1 | H5: 0 | J5: =H5+1 -> 1 | L5: =J5+1 -> 2 | N5: =L5+1 -> 3 | P5: =N5+1 -> 4 | R5: =P5+1 -> 5 | T5: =R5+1 -> 6 | V5: =T5+1 -> 7 | X5: =V5+1 -> 8 | Z5: =X5+1 -> 9 | AB5: 10 | AD5: 11 | AF5: 12 | AH5: 13 | AJ5: 14 | AL5: 15 | AN5: 16 | AP5: 17 | AR5: 18 | AT5: 19 | AV5: 20 | AX5: 21 | AZ5: 22 | BB5: 23 | BD5: 24 | BF5: 25 | BH5: 26 | BJ5: 27 | BL5: 28 | BN5: 29 | BP5: 30
B6: ='Resumo Tecnico'!L5 -> CCA-RTE_ResumoTecnicoEmpreendimento_v12 agosto2026 | F6: 2 | G6: MÊS 0 | I6: 1 | K6: =I6+1 -> 2 | M6: =K6+1 -> 3 | O6: =M6+1 -> 4 | Q6: =O6+1 -> 5 | S6: =Q6+1 -> 6 | U6: =S6+1 -> 7 | W6: =U6+1 -> 8 | Y6: =W6+1 -> 9 | AA6: =Y6+1 -> 10 | AC6: =AA6+1 -> 11 | AE6: =AC6+1 -> 12 | AG6: =AE6+1 -> 13 | AI6: =AG6+1 -> 14 | AK6: =AI6+1 -> 15 | AM6: =AK6+1 -> 16 | AO6: =AM6+1 -> 17 | AQ6: =AO6+1 -> 18 | AS6: =AQ6+1 -> 19 | AU6: =AS6+1 -> 20 | AW6: =AU6+1 -> 21 | AY6: =AW6+1 -> 22 | BA6: =AY6+1 -> 23 | BC6: =BA6+1 -> 24 | BE6: =BC6+1 -> 25 | BG6: =BE6+1 -> 26 | BI6: =BG6+1 -> 27 | BK6: =BI6+1 -> 28 | BM6: =BK6+1 -> 29 | BO6: =BM6+1 -> 30
B7: ITEM | C7: DISCRIMINAÇÃO DOS SERVIÇOS | D7: Valor Orçado | E7: % | F7: 3 | G7: Valor | H7: % | I7: Valor | J7: % | K7: Valor | L7: % | M7: Valor | N7: % | O7: Valor | P7: % | Q7: Valor | R7: % | S7: Valor | T7: % | U7: Valor | V7: % | W7: Valor | X7: % | Y7: Valor | Z7: % | AA7: Valor | AB7: % | AC7: Valor | AD7: % | AE7: Valor | AF7: % | AG7: Valor | AH7: % | AI7: Valor | AJ7: % | AK7: Valor | AL7: % | AM7: Valor | AN7: % | AO7: Valor | AP7: % | AQ7: Valor | AR7: % | AS7: Valor | AT7: % | AU7: Valor | AV7: % | AW7: Valor | AX7: % | AY7: Valor | AZ7: % | BA7: Valor | BB7: % | BC7: Valor | BD7: % | BE7: Valor | BF7: % | BG7: Valor | BH7: % | BI7: Valor | BJ7: % | BK7: Valor | BL7: % | BM7: Valor | BN7: % | BO7: Valor | BP7: %
B8: 0 | C8: =IF(B8="","",VLOOKUP(B8,'Orçamento Detalhado'!$A$11:$I$531,4,)) -> TERRENO (sem BDI) | D8: =SUM(D9) -> 0 | E8: =IFERROR(D8/$D$524,0) -> 0 | F8: 4 | G8: =SUM(G9) -> 0 | H8: =IFERROR(G8/$D8,0) -> 0 | I8: =SUM(I9) -> 0 | J8: =IFERROR(I8/$D8,0) -> 0 | K8: =SUM(K9) -> 0 | L8: =IFERROR(K8/$D8,0) -> 0 | M8: =SUM(M9) -> 0 | N8: =IFERROR(M8/$D8,0) -> 0 | O8: =SUM(O9) -> 0 | P8: =IFERROR(O8/$D8,0) -> 0 | Q8: =SUM(Q9) -> 0 | R8: =IFERROR(Q8/$D8,0) -> 0 | S8: =SUM(S9) -> 0 | T8: =IFERROR(S8/$D8,0) -> 0 | U8: =SUM(U9) -> 0 | V8: =IFERROR(U8/$D8,0) -> 0 | W8: =SUM(W9) -> 0 | X8: =IFERROR(W8/$D8,0) -> 0 | Y8: =SUM(Y9) -> 0 | Z8: =IFERROR(Y8/$D8,0) -> 0 | AA8: =SUM(AA9) -> 0 | AB8: =IFERROR(AA8/$D8,0) -> 0 | AC8: =SUM(AC9) -> 0 | AD8: =IFERROR(AC8/$D8,0) -> 0 | AE8: =SUM(AE9) -> 0 | AF8: =IFERROR(AE8/$D8,0) -> 0 | AG8: =SUM(AG9) -> 0 | AH8: =IFERROR(AG8/$D8,0) -> 0 | AI8: =SUM(AI9) -> 0 | AJ8: =IFERROR(AI8/$D8,0) -> 0 | AK8: =SUM(AK9) -> 0 | AL8: =IFERROR(AK8/$D8,0) -> 0 | AM8: =SUM(AM9) -> 0 | AN8: =IFERROR(AM8/$D8,0) -> 0 | AO8: =SUM(AO9) -> 0 | AP8: =IFERROR(AO8/$D8,0) -> 0 | AQ8: =SUM(AQ9) -> 0 | AR8: =IFERROR(AQ8/$D8,0) -> 0 | AS8: =SUM(AS9) -> 0 | AT8: =IFERROR(AS8/$D8,0) -> 0 | AU8: =SUM(AU9) -> 0 | AV8: =IFERROR(AU8/$D8,0) -> 0 | AW8: =SUM(AW9) -> 0 | AX8: =IFERROR(AW8/$D8,0) -> 0 | AY8: =SUM(AY9) -> 0 | AZ8: =IFERROR(AY8/$D8,0) -> 0 | BA8: =SUM(BA9) -> 0 | BB8: =IFERROR(BA8/$D8,0) -> 0 | BC8: =SUM(BC9) -> 0 | BD8: =IFERROR(BC8/$D8,0) -> 0 | BE8: =SUM(BE9) -> 0 | BF8: =IFERROR(BE8/$D8,0) -> 0 | BG8: =SUM(BG9) -> 0 | BH8: =IFERROR(BG8/$D8,0) -> 0 | BI8: =SUM(BI9) -> 0 | BJ8: =IFERROR(BI8/$D8,0) -> 0 | BK8: =SUM(BK9) -> 0 | BL8: =IFERROR(BK8/$D8,0) -> 0 | BM8: =SUM(BM9) -> 0 | BN8: =IFERROR(BM8/$D8,0) -> 0 | BO8: =SUM(BO9) -> 0 | BP8: =IFERROR(BO8/$D8,0) -> 0 | BQ8: =SUM(BN8,BL8,BJ8,BH8,BF8,BD8,BB8,AZ8,AX8,AV8,AT8,AR8,AP8,AN8,AL8,AJ8,AH8,AF8,AD8,AB8,Z8,X8,V8,T8,R8,P8,N8,L8,J8,H8,BP8) -> 0 | BR8: =SUM(G8,I8,K8,M8,O8,Q8,S8,U8,W8,Y8,AA8,AC8,AE8,AG8,AI8,AK8,AM8,AO8,AQ8,AS8,AU8,AW8,AY8,BA8,BC8,BE8,BG8,BI8,BK8,BM8,BO8) -> 0 | BS8: =D8='Orçamento Detalhado'!J14 -> TRUE
B9: 0.1 | C9: =IF(B9="","",VLOOKUP(B9,'Orçamento Detalhado'!$A$11:$I$531,4,)) -> TERRENO | D9: =IF(B9="",0,VLOOKUP($B9,'Orçamento Detalhado'!$A$11:$J$531,10,)) -> 0 | E9: =IFERROR(D9/$D$527,0) -> 0 | F9: 5 | G9: =$D9*H9 -> 0 | I9: =$D9*J9 -> 0 | K9: =$D9*L9 -> 0 | M9: =$D9*N9 -> 0 | O9: =$D9*P9 -> 0 | Q9: =$D9*R9 -> 0 | S9: =$D9*T9 -> 0 | U9: =$D9*V9 -> 0 | W9: =$D9*X9 -> 0 | Y9: =$D9*Z9 -> 0 | AA9: =$D9*AB9 -> 0 | AC9: =$D9*AD9 -> 0 | AE9: =$D9*AF9 -> 0 | AG9: =$D9*AH9 -> 0 | AI9: =$D9*AJ9 -> 0 | AK9: =$D9*AL9 -> 0 | AM9: =$D9*AN9 -> 0 | AO9: =$D9*AP9 -> 0 | AQ9: =$D9*AR9 -> 0 | AS9: =$D9*AT9 -> 0 | AU9: =$D9*AV9 -> 0 | AW9: =$D9*AX9 -> 0 | AY9: =$D9*AZ9 -> 0 | BA9: =$D9*BB9 -> 0 | BC9: =$D9*BD9 -> 0 | BE9: =$D9*BF9 -> 0 | BG9: =$D9*BH9 -> 0 | BI9: =$D9*BJ9 -> 0 | BK9: =$D9*BL9 -> 0 | BM9: =$D9*BN9 -> 0 | BO9: =$D9*BP9 -> 0 | BQ9: =SUM(BN9,BL9,BJ9,BH9,BF9,BD9,BB9,AZ9,AX9,AV9,AT9,AR9,AP9,AN9,AL9,AJ9,AH9,AF9,AD9,AB9,Z9,X9,V9,T9,R9,P9,N9,L9,J9,H9,BP9) -> 0 | BR9: =SUM(G9,I9,K9,M9,O9,Q9,S9,U9,W9,Y9,AA9,AC9,AE9,AG9,AI9,AK9,AM9,AO9,AQ9,AS9,AU9,AW9,AY9,BA9,BC9,BE9,BG9,BI9,BK9,BM9,BO9) -> 0 | BS9: =D9='Orçamento Detalhado'!J15 -> TRUE
B10: 1 | C10: =IF(B10="","",VLOOKUP(B10,'Orçamento Detalhado'!$A$11:$I$531,4,)) -> INDIRETOS (com BDI) | D10: =SUM(D11,D23) -> 0 | E10: =IFERROR(D10/$D$527,0) -> 0 | F10: 6 | G10: =SUM(G11,G23) -> 0 | H10: =IFERROR(G10/$D10,0) -> 0 | I10: =SUM(I11,I23) -> 0 | J10: =IFERROR(I10/$D10,0) -> 0 | K10: =SUM(K11,K23) -> 0 | L10: =IFERROR(K10/$D10,0) -> 0 | M10: =SUM(M11,M23) -> 0 | N10: =IFERROR(M10/$D10,0) -> 0 | O10: =SUM(O11,O23) -> 0 | P10: =IFERROR(O10/$D10,0) -> 0 | Q10: =SUM(Q11,Q23) -> 0 | R10: =IFERROR(Q10/$D10,0) -> 0 | S10: =SUM(S11,S23) -> 0 | T10: =IFERROR(S10/$D10,0) -> 0 | U10: =SUM(U11,U23) -> 0 | V10: =IFERROR(U10/$D10,0) -> 0 | W10: =SUM(W11,W23) -> 0 | X10: =IFERROR(W10/$D10,0) -> 0 | Y10: =SUM(Y11,Y23) -> 0 | Z10: =IFERROR(Y10/$D10,0) -> 0 | AA10: =SUM(AA11,AA23) -> 0 | AB10: =IFERROR(AA10/$D10,0) -> 0 | AC10: =SUM(AC11,AC23) -> 0 | AD10: =IFERROR(AC10/$D10,0) -> 0 | AE10: =SUM(AE11,AE23) -> 0 | AF10: =IFERROR(AE10/$D10,0) -> 0 | AG10: =SUM(AG11,AG23) -> 0 | AH10: =IFERROR(AG10/$D10,0) -> 0 | AI10: =SUM(AI11,AI23) -> 0 | AJ10: =IFERROR(AI10/$D10,0) -> 0 | AK10: =SUM(AK11,AK23) -> 0 | AL10: =IFERROR(AK10/$D10,0) -> 0 | AM10: =SUM(AM11,AM23) -> 0 | AN10: =IFERROR(AM10/$D10,0) -> 0 | AO10: =SUM(AO11,AO23) -> 0 | AP10: =IFERROR(AO10/$D10,0) -> 0 | AQ10: =SUM(AQ11,AQ23) -> 0 | AR10: =IFERROR(AQ10/$D10,0) -> 0 | AS10: =SUM(AS11,AS23) -> 0 | AT10: =IFERROR(AS10/$D10,0) -> 0 | AU10: =SUM(AU11,AU23) -> 0 | AV10: =IFERROR(AU10/$D10,0) -> 0 | AW10: =SUM(AW11,AW23) -> 0 | AX10: =IFERROR(AW10/$D10,0) -> 0 | AY10: =SUM(AY11,AY23) -> 0 | AZ10: =IFERROR(AY10/$D10,0) -> 0 | BA10: =SUM(BA11,BA23) -> 0 | BB10: =IFERROR(BA10/$D10,0) -> 0 | BC10: =SUM(BC11,BC23) -> 0 | BD10: =IFERROR(BC10/$D10,0) -> 0 | BE10: =SUM(BE11,BE23) -> 0 | BF10: =IFERROR(BE10/$D10,0) -> 0 | BG10: =SUM(BG11,BG23) -> 0 | BH10: =IFERROR(BG10/$D10,0) -> 0 | BI10: =SUM(BI11,BI23) -> 0 | BJ10: =IFERROR(BI10/$D10,0) -> 0 | BK10: =SUM(BK11,BK23) -> 0 | BL10: =IFERROR(BK10/$D10,0) -> 0 | BM10: =SUM(BM11,BM23) -> 0 | BN10: =IFERROR(BM10/$D10,0) -> 0 | BO10: =SUM(BO11,BO23) -> 0 | BP10: =IFERROR(BO10/$D10,0) -> 0 | BQ10: =SUM(BN10,BL10,BJ10,BH10,BF10,BD10,BB10,AZ10,AX10,AV10,AT10,AR10,AP10,AN10,AL10,AJ10,AH10,AF10,AD10,AB10,Z10,X10,V10,T10,R10,P10,N10,L10,J10,H10,BP10) -> 0 | BR10: =SUM(G10,I10,K10,M10,O10,Q10,S10,U10,W10,Y10,AA10,AC10,AE10,AG10,AI10,AK10,AM10,AO10,AQ10,AS10,AU10,AW10,AY10,BA10,BC10,BE10,BG10,BI10,BK10,BM10,BO10) -> 0 | BS10: =D10='Orçamento Detalhado'!J16 -> TRUE
B11: 1.1 | C11: =IF(B11="","",VLOOKUP(B11,'Orçamento Detalhado'!$A$11:$I$531,4,)) -> SERVIÇOS TECNICOS | D11: =SUM(D12:D22) -> 0 | E11: =IFERROR(D11/$D$527,0) -> 0 | F11: 7 | G11: =SUM(G12:G22) -> 0 | H11: =IFERROR(G11/$D11,0) -> 0 | I11: =SUM(I12:I22) -> 0 | J11: =IFERROR(I11/$D11,0) -> 0 | K11: =SUM(K12:K22) -> 0 | L11: =IFERROR(K11/$D11,0) -> 0 | M11: =SUM(M12:M22) -> 0 | N11: =IFERROR(M11/$D11,0) -> 0 | O11: =SUM(O12:O22) -> 0 | P11: =IFERROR(O11/$D11,0) -> 0 | Q11: =SUM(Q12:Q22) -> 0 | R11: =IFERROR(Q11/$D11,0) -> 0 | S11: =SUM(S12:S22) -> 0 | T11: =IFERROR(S11/$D11,0) -> 0 | U11: =SUM(U12:U22) -> 0 | V11: =IFERROR(U11/$D11,0) -> 0 | W11: =SUM(W12:W22) -> 0 | X11: =IFERROR(W11/$D11,0) -> 0 | Y11: =SUM(Y12:Y22) -> 0 | Z11: =IFERROR(Y11/$D11,0) -> 0 | AA11: =SUM(AA12:AA22) -> 0 | AB11: =IFERROR(AA11/$D11,0) -> 0 | AC11: =SUM(AC12:AC22) -> 0 | AD11: =IFERROR(AC11/$D11,0) -> 0 | AE11: =SUM(AE12:AE22) -> 0 | AF11: =IFERROR(AE11/$D11,0) -> 0 | AG11: =SUM(AG12:AG22) -> 0 | AH11: =IFERROR(AG11/$D11,0) -> 0 | AI11: =SUM(AI12:AI22) -> 0 | AJ11: =IFERROR(AI11/$D11,0) -> 0 | AK11: =SUM(AK12:AK22) -> 0 | AL11: =IFERROR(AK11/$D11,0) -> 0 | AM11: =SUM(AM12:AM22) -> 0 | AN11: =IFERROR(AM11/$D11,0) -> 0 | AO11: =SUM(AO12:AO22) -> 0 | AP11: =IFERROR(AO11/$D11,0) -> 0 | AQ11: =SUM(AQ12:AQ22) -> 0 | AR11: =IFERROR(AQ11/$D11,0) -> 0 | AS11: =SUM(AS12:AS22) -> 0 | AT11: =IFERROR(AS11/$D11,0) -> 0 | AU11: =SUM(AU12:AU22) -> 0 | AV11: =IFERROR(AU11/$D11,0) -> 0 | AW11: =SUM(AW12:AW22) -> 0 | AX11: =IFERROR(AW11/$D11,0) -> 0 | AY11: =SUM(AY12:AY22) -> 0 | AZ11: =IFERROR(AY11/$D11,0) -> 0 | BA11: =SUM(BA12:BA22) -> 0 | BB11: =IFERROR(BA11/$D11,0) -> 0 | BC11: =SUM(BC12:BC22) -> 0 | BD11: =IFERROR(BC11/$D11,0) -> 0 | BE11: =SUM(BE12:BE22) -> 0 | BF11: =IFERROR(BE11/$D11,0) -> 0 | BG11: =SUM(BG12:BG22) -> 0 | BH11: =IFERROR(BG11/$D11,0) -> 0 | BI11: =SUM(BI12:BI22) -> 0 | BJ11: =IFERROR(BI11/$D11,0) -> 0 | BK11: =SUM(BK12:BK22) -> 0 | BL11: =IFERROR(BK11/$D11,0) -> 0 | BM11: =SUM(BM12:BM22) -> 0 | BN11: =IFERROR(BM11/$D11,0) -> 0 | BO11: =SUM(BO12:BO22) -> 0 | BP11: =IFERROR(BO11/$D11,0) -> 0 | BQ11: =SUM(BN11,BL11,BJ11,BH11,BF11,BD11,BB11,AZ11,AX11,AV11,AT11,AR11,AP11,AN11,AL11,AJ11,AH11,AF11,AD11,AB11,Z11,X11,V11,T11,R11,P11,N11,L11,J11,H11,BP11) -> 0 | BR11: =SUM(G11,I11,K11,M11,O11,Q11,S11,U11,W11,Y11,AA11,AC11,AE11,AG11,AI11,AK11,AM11,AO11,AQ11,AS11,AU11,AW11,AY11,BA11,BC11,BE11,BG11,BI11,BK11,BM11,BO11) -> 0 | BS11: =D11='Orçamento Detalhado'!J17 -> TRUE
B12: 1.1.1 | C12: =IF(VLOOKUP(B12,'Orçamento Detalhado'!$A$11:$I$531,4,)="","",(VLOOKUP(B12,'Orçamento Detalhado'!$A$11:$I$531,4,))) -> Projeto Legal | D12: =IF(B12="","",VLOOKUP($B12,'Orçamento Detalhado'!$A$11:$J$531,10,)) | E12: =IFERROR(D12/$D$527,0) -> 0 | F12: 8 | G12: =IFERROR($D12*H12,0) -> 0 | I12: =IFERROR($D12*J12,0) -> 0 | K12: =IFERROR($D12*L12,0) -> 0 | M12: =IFERROR($D12*N12,0) -> 0 | O12: =IFERROR($D12*P12,0) -> 0 | Q12: =IFERROR($D12*R12,0) -> 0 | S12: =IFERROR($D12*T12,0) -> 0 | U12: =IFERROR($D12*V12,0) -> 0 | W12: =IFERROR($D12*X12,0) -> 0 | Y12: =IFERROR($D12*Z12,0) -> 0 | AA12: =IFERROR($D12*AB12,0) -> 0 | AC12: =IFERROR($D12*AD12,0) -> 0 | AE12: =IFERROR($D12*AF12,0) -> 0 | AG12: =IFERROR($D12*AH12,0) -> 0 | AI12: =IFERROR($D12*AJ12,0) -> 0 | AK12: =IFERROR($D12*AL12,0) -> 0 | AM12: =IFERROR($D12*AN12,0) -> 0 | AO12: =IFERROR($D12*AP12,0) -> 0 | AQ12: =IFERROR($D12*AR12,0) -> 0 | AS12: =IFERROR($D12*AT12,0) -> 0 | AU12: =IFERROR($D12*AV12,0) -> 0 | AW12: =IFERROR($D12*AX12,0) -> 0 | AY12: =IFERROR($D12*AZ12,0) -> 0 | BA12: =IFERROR($D12*BB12,0) -> 0 | BC12: =IFERROR($D12*BD12,0) -> 0 | BE12: =IFERROR($D12*BF12,0) -> 0 | BG12: =IFERROR($D12*BH12,0) -> 0 | BI12: =IFERROR($D12*BJ12,0) -> 0 | BK12: =IFERROR($D12*BL12,0) -> 0 | BM12: =IFERROR($D12*BN12,0) -> 0 | BO12: =IFERROR($D12*BP12,0) -> 0 | BQ12: =SUM(BN12,BL12,BJ12,BH12,BF12,BD12,BB12,AZ12,AX12,AV12,AT12,AR12,AP12,AN12,AL12,AJ12,AH12,AF12,AD12,AB12,Z12,X12,V12,T12,R12,P12,N12,L12,J12,H12,BP12) -> 0 | BR12: =SUM(G12,I12,K12,M12,O12,Q12,S12,U12,W12,Y12,AA12,AC12,AE12,AG12,AI12,AK12,AM12,AO12,AQ12,AS12,AU12,AW12,AY12,BA12,BC12,BE12,BG12,BI12,BK12,BM12,BO12) -> 0 | BS12: =D12='Orçamento Detalhado'!J18 -> TRUE
B13: 1.1.2 | C13: =IF(VLOOKUP(B13,'Orçamento Detalhado'!$A$11:$I$531,4,)="","",(VLOOKUP(B13,'Orçamento Detalhado'!$A$11:$I$531,4,))) -> Projetos Técnicos (Complementar e Executivo) | D13: =IF(B13="","",VLOOKUP($B13,'Orçamento Detalhado'!$A$11:$J$531,10,)) | E13: =IFERROR(D13/$D$527,0) -> 0 | F13: 9 | G13: =IFERROR($D13*H13,0) -> 0 | I13: =IFERROR($D13*J13,0) -> 0 | K13: =IFERROR($D13*L13,0) -> 0 | M13: =IFERROR($D13*N13,0) -> 0 | O13: =IFERROR($D13*P13,0) -> 0 | Q13: =IFERROR($D13*R13,0) -> 0 | S13: =IFERROR($D13*T13,0) -> 0 | U13: =IFERROR($D13*V13,0) -> 0 | W13: =IFERROR($D13*X13,0) -> 0 | Y13: =IFERROR($D13*Z13,0) -> 0 | AA13: =IFERROR($D13*AB13,0) -> 0 | AC13: =IFERROR($D13*AD13,0) -> 0 | AE13: =IFERROR($D13*AF13,0) -> 0 | AG13: =IFERROR($D13*AH13,0) -> 0 | AI13: =IFERROR($D13*AJ13,0) -> 0 | AK13: =IFERROR($D13*AL13,0) -> 0 | AM13: =IFERROR($D13*AN13,0) -> 0 | AO13: =IFERROR($D13*AP13,0) -> 0 | AQ13: =IFERROR($D13*AR13,0) -> 0 | AS13: =IFERROR($D13*AT13,0) -> 0 | AU13: =IFERROR($D13*AV13,0) -> 0 | AW13: =IFERROR($D13*AX13,0) -> 0 | AY13: =IFERROR($D13*AZ13,0) -> 0 | BA13: =IFERROR($D13*BB13,0) -> 0 | BC13: =IFERROR($D13*BD13,0) -> 0 | BE13: =IFERROR($D13*BF13,0) -> 0 | BG13: =IFERROR($D13*BH13,0) -> 0 | BI13: =IFERROR($D13*BJ13,0) -> 0 | BK13: =IFERROR($D13*BL13,0) -> 0 | BM13: =IFERROR($D13*BN13,0) -> 0 | BO13: =IFERROR($D13*BP13,0) -> 0 | BQ13: =SUM(BN13,BL13,BJ13,BH13,BF13,BD13,BB13,AZ13,AX13,AV13,AT13,AR13,AP13,AN13,AL13,AJ13,AH13,AF13,AD13,AB13,Z13,X13,V13,T13,R13,P13,N13,L13,J13,H13,BP13) -> 0 | BR13: =SUM(G13,I13,K13,M13,O13,Q13,S13,U13,W13,Y13,AA13,AC13,AE13,AG13,AI13,AK13,AM13,AO13,AQ13,AS13,AU13,AW13,AY13,BA13,BC13,BE13,BG13,BI13,BK13,BM13,BO13) -> 0 | BS13: =D13='Orçamento Detalhado'!J19 -> TRUE
B14: 1.1.3 | C14: =IF(VLOOKUP(B14,'Orçamento Detalhado'!$A$11:$I$531,4,)="","",(VLOOKUP(B14,'Orçamento Detalhado'!$A$11:$I$531,4,))) -> Projeto Final (As Built) | D14: =IF(B14="","",VLOOKUP($B14,'Orçamento Detalhado'!$A$11:$J$531,10,)) | E14: =IFERROR(D14/$D$527,0) -> 0 | F14: 10 | G14: =IFERROR($D14*H14,0) -> 0 | I14: =IFERROR($D14*J14,0) -> 0 | K14: =IFERROR($D14*L14,0) -> 0 | M14: =IFERROR($D14*N14,0) -> 0 | O14: =IFERROR($D14*P14,0) -> 0 | Q14: =IFERROR($D14*R14,0) -> 0 | S14: =IFERROR($D14*T14,0) -> 0 | U14: =IFERROR($D14*V14,0) -> 0 | W14: =IFERROR($D14*X14,0) -> 0 | Y14: =IFERROR($D14*Z14,0) -> 0 | AA14: =IFERROR($D14*AB14,0) -> 0 | AC14: =IFERROR($D14*AD14,0) -> 0 | AE14: =IFERROR($D14*AF14,0) -> 0 | AG14: =IFERROR($D14*AH14,0) -> 0 | AI14: =IFERROR($D14*AJ14,0) -> 0 | AK14: =IFERROR($D14*AL14,0) -> 0 | AM14: =IFERROR($D14*AN14,0) -> 0 | AO14: =IFERROR($D14*AP14,0) -> 0 | AQ14: =IFERROR($D14*AR14,0) -> 0 | AS14: =IFERROR($D14*AT14,0) -> 0 | AU14: =IFERROR($D14*AV14,0) -> 0 | AW14: =IFERROR($D14*AX14,0) -> 0 | AY14: =IFERROR($D14*AZ14,0) -> 0 | BA14: =IFERROR($D14*BB14,0) -> 0 | BC14: =IFERROR($D14*BD14,0) -> 0 | BE14: =IFERROR($D14*BF14,0) -> 0 | BG14: =IFERROR($D14*BH14,0) -> 0 | BI14: =IFERROR($D14*BJ14,0) -> 0 | BK14: =IFERROR($D14*BL14,0) -> 0 | BM14: =IFERROR($D14*BN14,0) -> 0 | BO14: =IFERROR($D14*BP14,0) -> 0 | BQ14: =SUM(BN14,BL14,BJ14,BH14,BF14,BD14,BB14,AZ14,AX14,AV14,AT14,AR14,AP14,AN14,AL14,AJ14,AH14,AF14,AD14,AB14,Z14,X14,V14,T14,R14,P14,N14,L14,J14,H14,BP14) -> 0 | BR14: =SUM(G14,I14,K14,M14,O14,Q14,S14,U14,W14,Y14,AA14,AC14,AE14,AG14,AI14,AK14,AM14,AO14,AQ14,AS14,AU14,AW14,AY14,BA14,BC14,BE14,BG14,BI14,BK14,BM14,BO14) -> 0 | BS14: =D14='Orçamento Detalhado'!J20 -> TRUE
B15: 1.1.4 | C15: =IF(VLOOKUP(B15,'Orçamento Detalhado'!$A$11:$I$531,4,)="","",(VLOOKUP(B15,'Orçamento Detalhado'!$A$11:$I$531,4,))) -> Sondagens | D15: =IF(B15="","",VLOOKUP($B15,'Orçamento Detalhado'!$A$11:$J$531,10,)) | E15: =IFERROR(D15/$D$527,0) -> 0 | F15: 11 | G15: =IFERROR($D15*H15,0) -> 0 | I15: =IFERROR($D15*J15,0) -> 0 | K15: =IFERROR($D15*L15,0) -> 0 | M15: =IFERROR($D15*N15,0) -> 0 | O15: =IFERROR($D15*P15,0) -> 0 | Q15: =IFERROR($D15*R15,0) -> 0 | S15: =IFERROR($D15*T15,0) -> 0 | U15: =IFERROR($D15*V15,0) -> 0 | W15: =IFERROR($D15*X15,0) -> 0 | Y15: =IFERROR($D15*Z15,0) -> 0 | AA15: =IFERROR($D15*AB15,0) -> 0 | AC15: =IFERROR($D15*AD15,0) -> 0 | AE15: =IFERROR($D15*AF15,0) -> 0 | AG15: =IFERROR($D15*AH15,0) -> 0 | AI15: =IFERROR($D15*AJ15,0) -> 0 | AK15: =IFERROR($D15*AL15,0) -> 0 | AM15: =IFERROR($D15*AN15,0) -> 0 | AO15: =IFERROR($D15*AP15,0) -> 0 | AQ15: =IFERROR($D15*AR15,0) -> 0 | AS15: =IFERROR($D15*AT15,0) -> 0 | AU15: =IFERROR($D15*AV15,0) -> 0 | AW15: =IFERROR($D15*AX15,0) -> 0 | AY15: =IFERROR($D15*AZ15,0) -> 0 | BA15: =IFERROR($D15*BB15,0) -> 0 | BC15: =IFERROR($D15*BD15,0) -> 0 | BE15: =IFERROR($D15*BF15,0) -> 0 | BG15: =IFERROR($D15*BH15,0) -> 0 | BI15: =IFERROR($D15*BJ15,0) -> 0 | BK15: =IFERROR($D15*BL15,0) -> 0 | BM15: =IFERROR($D15*BN15,0) -> 0 | BO15: =IFERROR($D15*BP15,0) -> 0 | BQ15: =SUM(BN15,BL15,BJ15,BH15,BF15,BD15,BB15,AZ15,AX15,AV15,AT15,AR15,AP15,AN15,AL15,AJ15,AH15,AF15,AD15,AB15,Z15,X15,V15,T15,R15,P15,N15,L15,J15,H15,BP15) -> 0 | BR15: =SUM(G15,I15,K15,M15,O15,Q15,S15,U15,W15,Y15,AA15,AC15,AE15,AG15,AI15,AK15,AM15,AO15,AQ15,AS15,AU15,AW15,AY15,BA15,BC15,BE15,BG15,BI15,BK15,BM15,BO15) -> 0 | BS15: =D15='Orçamento Detalhado'!J21 -> TRUE
B16: 1.1.5 | C16: =IF(VLOOKUP(B16,'Orçamento Detalhado'!$A$11:$I$531,4,)="","",(VLOOKUP(B16,'Orçamento Detalhado'!$A$11:$I$531,4,))) -> Levantamento Planialtimetrico | D16: =IF(B16="","",VLOOKUP($B16,'Orçamento Detalhado'!$A$11:$J$531,10,)) | E16: =IFERROR(D16/$D$527,0) -> 0 | F16: 12 | G16: =IFERROR($D16*H16,0) -> 0 | I16: =IFERROR($D16*J16,0) -> 0 | K16: =IFERROR($D16*L16,0) -> 0 | M16: =IFERROR($D16*N16,0) -> 0 | O16: =IFERROR($D16*P16,0) -> 0 | Q16: =IFERROR($D16*R16,0) -> 0 | S16: =IFERROR($D16*T16,0) -> 0 | U16: =IFERROR($D16*V16,0) -> 0 | W16: =IFERROR($D16*X16,0) -> 0 | Y16: =IFERROR($D16*Z16,0) -> 0 | AA16: =IFERROR($D16*AB16,0) -> 0 | AC16: =IFERROR($D16*AD16,0) -> 0 | AE16: =IFERROR($D16*AF16,0) -> 0 | AG16: =IFERROR($D16*AH16,0) -> 0 | AI16: =IFERROR($D16*AJ16,0) -> 0 | AK16: =IFERROR($D16*AL16,0) -> 0 | AM16: =IFERROR($D16*AN16,0) -> 0 | AO16: =IFERROR($D16*AP16,0) -> 0 | AQ16: =IFERROR($D16*AR16,0) -> 0 | AS16: =IFERROR($D16*AT16,0) -> 0 | AU16: =IFERROR($D16*AV16,0) -> 0 | AW16: =IFERROR($D16*AX16,0) -> 0 | AY16: =IFERROR($D16*AZ16,0) -> 0 | BA16: =IFERROR($D16*BB16,0) -> 0 | BC16: =IFERROR($D16*BD16,0) -> 0 | BE16: =IFERROR($D16*BF16,0) -> 0 | BG16: =IFERROR($D16*BH16,0) -> 0 | BI16: =IFERROR($D16*BJ16,0) -> 0 | BK16: =IFERROR($D16*BL16,0) -> 0 | BM16: =IFERROR($D16*BN16,0) -> 0 | BO16: =IFERROR($D16*BP16,0) -> 0 | BQ16: =SUM(BN16,BL16,BJ16,BH16,BF16,BD16,BB16,AZ16,AX16,AV16,AT16,AR16,AP16,AN16,AL16,AJ16,AH16,AF16,AD16,AB16,Z16,X16,V16,T16,R16,P16,N16,L16,J16,H16,BP16) -> 0 | BR16: =SUM(G16,I16,K16,M16,O16,Q16,S16,U16,W16,Y16,AA16,AC16,AE16,AG16,AI16,AK16,AM16,AO16,AQ16,AS16,AU16,AW16,AY16,BA16,BC16,BE16,BG16,BI16,BK16,BM16,BO16) -> 0 | BS16: =D16='Orçamento Detalhado'!J22 -> TRUE
B17: 1.1.6 | C17: =IF(VLOOKUP(B17,'Orçamento Detalhado'!$A$11:$I$531,4,)="","",(VLOOKUP(B17,'Orçamento Detalhado'!$A$11:$I$531,4,))) -> Laudo de Vizinhança | D17: =IF(B17="","",VLOOKUP($B17,'Orçamento Detalhado'!$A$11:$J$531,10,)) | E17: =IFERROR(D17/$D$527,0) -> 0 | F17: 13 | G17: =IFERROR($D17*H17,0) -> 0 | I17: =IFERROR($D17*J17,0) -> 0 | K17: =IFERROR($D17*L17,0) -> 0 | M17: =IFERROR($D17*N17,0) -> 0 | O17: =IFERROR($D17*P17,0) -> 0 | Q17: =IFERROR($D17*R17,0) -> 0 | S17: =IFERROR($D17*T17,0) -> 0 | U17: =IFERROR($D17*V17,0) -> 0 | W17: =IFERROR($D17*X17,0) -> 0 | Y17: =IFERROR($D17*Z17,0) -> 0 | AA17: =IFERROR($D17*AB17,0) -> 0 | AC17: =IFERROR($D17*AD17,0) -> 0 | AE17: =IFERROR($D17*AF17,0) -> 0 | AG17: =IFERROR($D17*AH17,0) -> 0 | AI17: =IFERROR($D17*AJ17,0) -> 0 | AK17: =IFERROR($D17*AL17,0) -> 0 | AM17: =IFERROR($D17*AN17,0) -> 0 | AO17: =IFERROR($D17*AP17,0) -> 0 | AQ17: =IFERROR($D17*AR17,0) -> 0 | AS17: =IFERROR($D17*AT17,0) -> 0 | AU17: =IFERROR($D17*AV17,0) -> 0 | AW17: =IFERROR($D17*AX17,0) -> 0 | AY17: =IFERROR($D17*AZ17,0) -> 0 | BA17: =IFERROR($D17*BB17,0) -> 0 | BC17: =IFERROR($D17*BD17,0) -> 0 | BE17: =IFERROR($D17*BF17,0) -> 0 | BG17: =IFERROR($D17*BH17,0) -> 0 | BI17: =IFERROR($D17*BJ17,0) -> 0 | BK17: =IFERROR($D17*BL17,0) -> 0 | BM17: =IFERROR($D17*BN17,0) -> 0 | BO17: =IFERROR($D17*BP17,0) -> 0 | BQ17: =SUM(BN17,BL17,BJ17,BH17,BF17,BD17,BB17,AZ17,AX17,AV17,AT17,AR17,AP17,AN17,AL17,AJ17,AH17,AF17,AD17,AB17,Z17,X17,V17,T17,R17,P17,N17,L17,J17,H17,BP17) -> 0 | BR17: =SUM(G17,I17,K17,M17,O17,Q17,S17,U17,W17,Y17,AA17,AC17,AE17,AG17,AI17,AK17,AM17,AO17,AQ17,AS17,AU17,AW17,AY17,BA17,BC17,BE17,BG17,BI17,BK17,BM17,BO17) -> 0 | BS17: =D17='Orçamento Detalhado'!J23 -> TRUE
B18: 1.1.7 | C18: =IF(VLOOKUP(B18,'Orçamento Detalhado'!$A$11:$I$531,4,)="","",(VLOOKUP(B18,'Orçamento Detalhado'!$A$11:$I$531,4,))) | D18: =IF(B18="","",VLOOKUP($B18,'Orçamento Detalhado'!$A$11:$J$531,10,)) | E18: =IFERROR(D18/$D$527,0) -> 0 | F18: 14 | G18: =IFERROR($D18*H18,0) -> 0 | I18: =IFERROR($D18*J18,0) -> 0 | K18: =IFERROR($D18*L18,0) -> 0 | M18: =IFERROR($D18*N18,0) -> 0 | O18: =IFERROR($D18*P18,0) -> 0 | Q18: =IFERROR($D18*R18,0) -> 0 | S18: =IFERROR($D18*T18,0) -> 0 | U18: =IFERROR($D18*V18,0) -> 0 | W18: =IFERROR($D18*X18,0) -> 0 | Y18: =IFERROR($D18*Z18,0) -> 0 | AA18: =IFERROR($D18*AB18,0) -> 0 | AC18: =IFERROR($D18*AD18,0) -> 0 | AE18: =IFERROR($D18*AF18,0) -> 0 | AG18: =IFERROR($D18*AH18,0) -> 0 | AI18: =IFERROR($D18*AJ18,0) -> 0 | AK18: =IFERROR($D18*AL18,0) -> 0 | AM18: =IFERROR($D18*AN18,0) -> 0 | AO18: =IFERROR($D18*AP18,0) -> 0 | AQ18: =IFERROR($D18*AR18,0) -> 0 | AS18: =IFERROR($D18*AT18,0) -> 0 | AU18: =IFERROR($D18*AV18,0) -> 0 | AW18: =IFERROR($D18*AX18,0) -> 0 | AY18: =IFERROR($D18*AZ18,0) -> 0 | BA18: =IFERROR($D18*BB18,0) -> 0 | BC18: =IFERROR($D18*BD18,0) -> 0 | BE18: =IFERROR($D18*BF18,0) -> 0 | BG18: =IFERROR($D18*BH18,0) -> 0 | BI18: =IFERROR($D18*BJ18,0) -> 0 | BK18: =IFERROR($D18*BL18,0) -> 0 | BM18: =IFERROR($D18*BN18,0) -> 0 | BO18: =IFERROR($D18*BP18,0) -> 0 | BQ18: =SUM(BN18,BL18,BJ18,BH18,BF18,BD18,BB18,AZ18,AX18,AV18,AT18,AR18,AP18,AN18,AL18,AJ18,AH18,AF18,AD18,AB18,Z18,X18,V18,T18,R18,P18,N18,L18,J18,H18,BP18) -> 0 | BR18: =SUM(G18,I18,K18,M18,O18,Q18,S18,U18,W18,Y18,AA18,AC18,AE18,AG18,AI18,AK18,AM18,AO18,AQ18,AS18,AU18,AW18,AY18,BA18,BC18,BE18,BG18,BI18,BK18,BM18,BO18) -> 0 | BS18: =D18='Orçamento Detalhado'!J24 -> TRUE
B19: 1.1.8 | C19: =IF(VLOOKUP(B19,'Orçamento Detalhado'!$A$11:$I$531,4,)="","",(VLOOKUP(B19,'Orçamento Detalhado'!$A$11:$I$531,4,))) | D19: =IF(B19="","",VLOOKUP($B19,'Orçamento Detalhado'!$A$11:$J$531,10,)) | E19: =IFERROR(D19/$D$527,0) -> 0 | F19: 15 | G19: =IFERROR($D19*H19,0) -> 0 | I19: =IFERROR($D19*J19,0) -> 0 | K19: =IFERROR($D19*L19,0) -> 0 | M19: =IFERROR($D19*N19,0) -> 0 | O19: =IFERROR($D19*P19,0) -> 0 | Q19: =IFERROR($D19*R19,0) -> 0 | S19: =IFERROR($D19*T19,0) -> 0 | U19: =IFERROR($D19*V19,0) -> 0 | W19: =IFERROR($D19*X19,0) -> 0 | Y19: =IFERROR($D19*Z19,0) -> 0 | AA19: =IFERROR($D19*AB19,0) -> 0 | AC19: =IFERROR($D19*AD19,0) -> 0 | AE19: =IFERROR($D19*AF19,0) -> 0 | AG19: =IFERROR($D19*AH19,0) -> 0 | AI19: =IFERROR($D19*AJ19,0) -> 0 | AK19: =IFERROR($D19*AL19,0) -> 0 | AM19: =IFERROR($D19*AN19,0) -> 0 | AO19: =IFERROR($D19*AP19,0) -> 0 | AQ19: =IFERROR($D19*AR19,0) -> 0 | AS19: =IFERROR($D19*AT19,0) -> 0 | AU19: =IFERROR($D19*AV19,0) -> 0 | AW19: =IFERROR($D19*AX19,0) -> 0 | AY19: =IFERROR($D19*AZ19,0) -> 0 | BA19: =IFERROR($D19*BB19,0) -> 0 | BC19: =IFERROR($D19*BD19,0) -> 0 | BE19: =IFERROR($D19*BF19,0) -> 0 | BG19: =IFERROR($D19*BH19,0) -> 0 | BI19: =IFERROR($D19*BJ19,0) -> 0 | BK19: =IFERROR($D19*BL19,0) -> 0 | BM19: =IFERROR($D19*BN19,0) -> 0 | BO19: =IFERROR($D19*BP19,0) -> 0 | BQ19: =SUM(BN19,BL19,BJ19,BH19,BF19,BD19,BB19,AZ19,AX19,AV19,AT19,AR19,AP19,AN19,AL19,AJ19,AH19,AF19,AD19,AB19,Z19,X19,V19,T19,R19,P19,N19,L19,J19,H19,BP19) -> 0 | BR19: =SUM(G19,I19,K19,M19,O19,Q19,S19,U19,W19,Y19,AA19,AC19,AE19,AG19,AI19,AK19,AM19,AO19,AQ19,AS19,AU19,AW19,AY19,BA19,BC19,BE19,BG19,BI19,BK19,BM19,BO19) -> 0 | BS19: =D19='Orçamento Detalhado'!J25 -> TRUE
B20: 1.1.9 | C20: =IF(VLOOKUP(B20,'Orçamento Detalhado'!$A$11:$I$531,4,)="","",(VLOOKUP(B20,'Orçamento Detalhado'!$A$11:$I$531,4,))) | D20: =IF(B20="","",VLOOKUP($B20,'Orçamento Detalhado'!$A$11:$J$531,10,)) | E20: =IFERROR(D20/$D$527,0) -> 0 | F20: 16 | G20: =IFERROR($D20*H20,0) -> 0 | I20: =IFERROR($D20*J20,0) -> 0 | K20: =IFERROR($D20*L20,0) -> 0 | M20: =IFERROR($D20*N20,0) -> 0 | O20: =IFERROR($D20*P20,0) -> 0 | Q20: =IFERROR($D20*R20,0) -> 0 | S20: =IFERROR($D20*T20,0) -> 0 | U20: =IFERROR($D20*V20,0) -> 0 | W20: =IFERROR($D20*X20,0) -> 0 | Y20: =IFERROR($D20*Z20,0) -> 0 | AA20: =IFERROR($D20*AB20,0) -> 0 | AC20: =IFERROR($D20*AD20,0) -> 0 | AE20: =IFERROR($D20*AF20,0) -> 0 | AG20: =IFERROR($D20*AH20,0) -> 0 | AI20: =IFERROR($D20*AJ20,0) -> 0 | AK20: =IFERROR($D20*AL20,0) -> 0 | AM20: =IFERROR($D20*AN20,0) -> 0 | AO20: =IFERROR($D20*AP20,0) -> 0 | AQ20: =IFERROR($D20*AR20,0) -> 0 | AS20: =IFERROR($D20*AT20,0) -> 0 | AU20: =IFERROR($D20*AV20,0) -> 0 | AW20: =IFERROR($D20*AX20,0) -> 0 | AY20: =IFERROR($D20*AZ20,0) -> 0 | BA20: =IFERROR($D20*BB20,0) -> 0 | BC20: =IFERROR($D20*BD20,0) -> 0 | BE20: =IFERROR($D20*BF20,0) -> 0 | BG20: =IFERROR($D20*BH20,0) -> 0 | BI20: =IFERROR($D20*BJ20,0) -> 0 | BK20: =IFERROR($D20*BL20,0) -> 0 | BM20: =IFERROR($D20*BN20,0) -> 0 | BO20: =IFERROR($D20*BP20,0) -> 0 | BQ20: =SUM(BN20,BL20,BJ20,BH20,BF20,BD20,BB20,AZ20,AX20,AV20,AT20,AR20,AP20,AN20,AL20,AJ20,AH20,AF20,AD20,AB20,Z20,X20,V20,T20,R20,P20,N20,L20,J20,H20,BP20) -> 0 | BR20: =SUM(G20,I20,K20,M20,O20,Q20,S20,U20,W20,Y20,AA20,AC20,AE20,AG20,AI20,AK20,AM20,AO20,AQ20,AS20,AU20,AW20,AY20,BA20,BC20,BE20,BG20,BI20,BK20,BM20,BO20) -> 0 | BS20: =D20='Orçamento Detalhado'!J26 -> TRUE
B21: 1.1.10 | C21: =IF(VLOOKUP(B21,'Orçamento Detalhado'!$A$11:$I$531,4,)="","",(VLOOKUP(B21,'Orçamento Detalhado'!$A$11:$I$531,4,))) | D21: =IF(B21="","",VLOOKUP($B21,'Orçamento Detalhado'!$A$11:$J$531,10,)) | E21: =IFERROR(D21/$D$527,0) -> 0 | F21: 17 | G21: =IFERROR($D21*H21,0) -> 0 | I21: =IFERROR($D21*J21,0) -> 0 | K21: =IFERROR($D21*L21,0) -> 0 | M21: =IFERROR($D21*N21,0) -> 0 | O21: =IFERROR($D21*P21,0) -> 0 | Q21: =IFERROR($D21*R21,0) -> 0 | S21: =IFERROR($D21*T21,0) -> 0 | U21: =IFERROR($D21*V21,0) -> 0 | W21: =IFERROR($D21*X21,0) -> 0 | Y21: =IFERROR($D21*Z21,0) -> 0 | AA21: =IFERROR($D21*AB21,0) -> 0 | AC21: =IFERROR($D21*AD21,0) -> 0 | AE21: =IFERROR($D21*AF21,0) -> 0 | AG21: =IFERROR($D21*AH21,0) -> 0 | AI21: =IFERROR($D21*AJ21,0) -> 0 | AK21: =IFERROR($D21*AL21,0) -> 0 | AM21: =IFERROR($D21*AN21,0) -> 0 | AO21: =IFERROR($D21*AP21,0) -> 0 | AQ21: =IFERROR($D21*AR21,0) -> 0 | AS21: =IFERROR($D21*AT21,0) -> 0 | AU21: =IFERROR($D21*AV21,0) -> 0 | AW21: =IFERROR($D21*AX21,0) -> 0 | AY21: =IFERROR($D21*AZ21,0) -> 0 | BA21: =IFERROR($D21*BB21,0) -> 0 | BC21: =IFERROR($D21*BD21,0) -> 0 | BE21: =IFERROR($D21*BF21,0) -> 0 | BG21: =IFERROR($D21*BH21,0) -> 0 | BI21: =IFERROR($D21*BJ21,0) -> 0 | BK21: =IFERROR($D21*BL21,0) -> 0 | BM21: =IFERROR($D21*BN21,0) -> 0 | BO21: =IFERROR($D21*BP21,0) -> 0 | BQ21: =SUM(BN21,BL21,BJ21,BH21,BF21,BD21,BB21,AZ21,AX21,AV21,AT21,AR21,AP21,AN21,AL21,AJ21,AH21,AF21,AD21,AB21,Z21,X21,V21,T21,R21,P21,N21,L21,J21,H21,BP21) -> 0 | BR21: =SUM(G21,I21,K21,M21,O21,Q21,S21,U21,W21,Y21,AA21,AC21,AE21,AG21,AI21,AK21,AM21,AO21,AQ21,AS21,AU21,AW21,AY21,BA21,BC21,BE21,BG21,BI21,BK21,BM21,BO21) -> 0 | BS21: =D21='Orçamento Detalhado'!J27 -> TRUE
B22: 1.1.11 | C22: =IF(VLOOKUP(B22,'Orçamento Detalhado'!$A$11:$I$531,4,)="","",(VLOOKUP(B22,'Orçamento Detalhado'!$A$11:$I$531,4,))) | D22: =IF(B22="","",VLOOKUP($B22,'Orçamento Detalhado'!$A$11:$J$531,10,)) | E22: =IFERROR(D22/$D$527,0) -> 0 | F22: 18 | G22: =IFERROR($D22*H22,0) -> 0 | I22: =IFERROR($D22*J22,0) -> 0 | K22: =IFERROR($D22*L22,0) -> 0 | M22: =IFERROR($D22*N22,0) -> 0 | O22: =IFERROR($D22*P22,0) -> 0 | Q22: =IFERROR($D22*R22,0) -> 0 | S22: =IFERROR($D22*T22,0) -> 0 | U22: =IFERROR($D22*V22,0) -> 0 | W22: =IFERROR($D22*X22,0) -> 0 | Y22: =IFERROR($D22*Z22,0) -> 0 | AA22: =IFERROR($D22*AB22,0) -> 0 | AC22: =IFERROR($D22*AD22,0) -> 0 | AE22: =IFERROR($D22*AF22,0) -> 0 | AG22: =IFERROR($D22*AH22,0) -> 0 | AI22: =IFERROR($D22*AJ22,0) -> 0 | AK22: =IFERROR($D22*AL22,0) -> 0 | AM22: =IFERROR($D22*AN22,0) -> 0 | AO22: =IFERROR($D22*AP22,0) -> 0 | AQ22: =IFERROR($D22*AR22,0) -> 0 | AS22: =IFERROR($D22*AT22,0) -> 0 | AU22: =IFERROR($D22*AV22,0) -> 0 | AW22: =IFERROR($D22*AX22,0) -> 0 | AY22: =IFERROR($D22*AZ22,0) -> 0 | BA22: =IFERROR($D22*BB22,0) -> 0 | BC22: =IFERROR($D22*BD22,0) -> 0 | BE22: =IFERROR($D22*BF22,0) -> 0 | BG22: =IFERROR($D22*BH22,0) -> 0 | BI22: =IFERROR($D22*BJ22,0) -> 0 | BK22: =IFERROR($D22*BL22,0) -> 0 | BM22: =IFERROR($D22*BN22,0) -> 0 | BO22: =IFERROR($D22*BP22,0) -> 0 | BQ22: =SUM(BN22,BL22,BJ22,BH22,BF22,BD22,BB22,AZ22,AX22,AV22,AT22,AR22,AP22,AN22,AL22,AJ22,AH22,AF22,AD22,AB22,Z22,X22,V22,T22,R22,P22,N22,L22,J22,H22,BP22) -> 0 | BR22: =SUM(G22,I22,K22,M22,O22,Q22,S22,U22,W22,Y22,AA22,AC22,AE22,AG22,AI22,AK22,AM22,AO22,AQ22,AS22,AU22,AW22,AY22,BA22,BC22,BE22,BG22,BI22,BK22,BM22,BO22) -> 0 | BS22: =D22='Orçamento Detalhado'!J28 -> TRUE
B23: 1.2 | C23: =IF(B23="","",VLOOKUP(B23,'Orçamento Detalhado'!$A$11:$I$531,4,)) -> CUSTOS GERAIS/MENSAIS | D23: =SUM(D24:D41) -> 0 | E23: =IFERROR(D23/$D$527,0) -> 0 | F23: 19 | G23: =SUM(G24:G41) -> 0 | H23: =IFERROR(G23/$D23,0) -> 0 | I23: =SUM(I24:I41) -> 0 | J23: =IFERROR(I23/$D23,0) -> 0 | K23: =SUM(K24:K41) -> 0 | L23: =IFERROR(K23/$D23,0) -> 0 | M23: =SUM(M24:M41) -> 0 | N23: =IFERROR(M23/$D23,0) -> 0 | O23: =SUM(O24:O41) -> 0 | P23: =IFERROR(O23/$D23,0) -> 0 | Q23: =SUM(Q24:Q41) -> 0 | R23: =IFERROR(Q23/$D23,0) -> 0 | S23: =SUM(S24:S41) -> 0 | T23: =IFERROR(S23/$D23,0) -> 0 | U23: =SUM(U24:U41) -> 0 | V23: =IFERROR(U23/$D23,0) -> 0 | W23: =SUM(W24:W41) -> 0 | X23: =IFERROR(W23/$D23,0) -> 0 | Y23: =SUM(Y24:Y41) -> 0 | Z23: =IFERROR(Y23/$D23,0) -> 0 | AA23: =SUM(AA24:AA41) -> 0 | AB23: =IFERROR(AA23/$D23,0) -> 0 | AC23: =SUM(AC24:AC41) -> 0 | AD23: =IFERROR(AC23/$D23,0) -> 0 | AE23: =SUM(AE24:AE41) -> 0 | AF23: =IFERROR(AE23/$D23,0) -> 0 | AG23: =SUM(AG24:AG41) -> 0 | AH23: =IFERROR(AG23/$D23,0) -> 0 | AI23: =SUM(AI24:AI41) -> 0 | AJ23: =IFERROR(AI23/$D23,0) -> 0 | AK23: =SUM(AK24:AK41) -> 0 | AL23: =IFERROR(AK23/$D23,0) -> 0 | AM23: =SUM(AM24:AM41) -> 0 | AN23: =IFERROR(AM23/$D23,0) -> 0 | AO23: =SUM(AO24:AO41) -> 0 | AP23: =IFERROR(AO23/$D23,0) -> 0 | AQ23: =SUM(AQ24:AQ41) -> 0 | AR23: =IFERROR(AQ23/$D23,0) -> 0 | AS23: =SUM(AS24:AS41) -> 0 | AT23: =IFERROR(AS23/$D23,0) -> 0 | AU23: =SUM(AU24:AU41) -> 0 | AV23: =IFERROR(AU23/$D23,0) -> 0 | AW23: =SUM(AW24:AW41) -> 0 | AX23: =IFERROR(AW23/$D23,0) -> 0 | AY23: =SUM(AY24:AY41) -> 0 | AZ23: =IFERROR(AY23/$D23,0) -> 0 | BA23: =SUM(BA24:BA41) -> 0 | BB23: =IFERROR(BA23/$D23,0) -> 0 | BC23: =SUM(BC24:BC41) -> 0 | BD23: =IFERROR(BC23/$D23,0) -> 0 | BE23: =SUM(BE24:BE41) -> 0 | BF23: =IFERROR(BE23/$D23,0) -> 0 | BG23: =SUM(BG24:BG41) -> 0 | BH23: =IFERROR(BG23/$D23,0) -> 0 | BI23: =SUM(BI24:BI41) -> 0 | BJ23: =IFERROR(BI23/$D23,0) -> 0 | BK23: =SUM(BK24:BK41) -> 0 | BL23: =IFERROR(BK23/$D23,0) -> 0 | BM23: =SUM(BM24:BM41) -> 0 | BN23: =IFERROR(BM23/$D23,0) -> 0 | BO23: =SUM(BO24:BO41) -> 0 | BP23: =IFERROR(BO23/$D23,0) -> 0 | BQ23: =SUM(BN23,BL23,BJ23,BH23,BF23,BD23,BB23,AZ23,AX23,AV23,AT23,AR23,AP23,AN23,AL23,AJ23,AH23,AF23,AD23,AB23,Z23,X23,V23,T23,R23,P23,N23,L23,J23,H23,BP23) -> 0 | BR23: =SUM(G23,I23,K23,M23,O23,Q23,S23,U23,W23,Y23,AA23,AC23,AE23,AG23,AI23,AK23,AM23,AO23,AQ23,AS23,AU23,AW23,AY23,BA23,BC23,BE23,BG23,BI23,BK23,BM23,BO23) -> 0 | BS23: =D23='Orçamento Detalhado'!J29 -> TRUE
B24: 1.2.1 | C24: =IF(VLOOKUP(B24,'Orçamento Detalhado'!$A$11:$I$531,4,)="","",(VLOOKUP(B24,'Orçamento Detalhado'!$A$11:$I$531,4,))) -> Canteiro Provisorio | D24: =IF(B24="","",VLOOKUP($B24,'Orçamento Detalhado'!$A$11:$J$531,10,)) | E24: =IFERROR(D24/$D$527,0) -> 0 | F24: 20 | G24: =IFERROR($D24*H24,0) -> 0 | I24: =IFERROR($D24*J24,0) -> 0 | K24: =IFERROR($D24*L24,0) -> 0 | M24: =IFERROR($D24*N24,0) -> 0 | O24: =IFERROR($D24*P24,0) -> 0 | Q24: =IFERROR($D24*R24,0) -> 0 | S24: =IFERROR($D24*T24,0) -> 0 | U24: =IFERROR($D24*V24,0) -> 0 | W24: =IFERROR($D24*X24,0) -> 0 | Y24: =IFERROR($D24*Z24,0) -> 0 | AA24: =IFERROR($D24*AB24,0) -> 0 | AC24: =IFERROR($D24*AD24,0) -> 0 | AE24: =IFERROR($D24*AF24,0) -> 0 | AG24: =IFERROR($D24*AH24,0) -> 0 | AI24: =IFERROR($D24*AJ24,0) -> 0 | AK24: =IFERROR($D24*AL24,0) -> 0 | AM24: =IFERROR($D24*AN24,0) -> 0 | AO24: =IFERROR($D24*AP24,0) -> 0 | AQ24: =IFERROR($D24*AR24,0) -> 0 | AS24: =IFERROR($D24*AT24,0) -> 0 | AU24: =IFERROR($D24*AV24,0) -> 0 | AW24: =IFERROR($D24*AX24,0) -> 0 | AY24: =IFERROR($D24*AZ24,0) -> 0 | BA24: =IFERROR($D24*BB24,0) -> 0 | BC24: =IFERROR($D24*BD24,0) -> 0 | BE24: =IFERROR($D24*BF24,0) -> 0 | BG24: =IFERROR($D24*BH24,0) -> 0 | BI24: =IFERROR($D24*BJ24,0) -> 0 | BK24: =IFERROR($D24*BL24,0) -> 0 | BM24: =IFERROR($D24*BN24,0) -> 0 | BO24: =IFERROR($D24*BP24,0) -> 0 | BQ24: =SUM(BN24,BL24,BJ24,BH24,BF24,BD24,BB24,AZ24,AX24,AV24,AT24,AR24,AP24,AN24,AL24,AJ24,AH24,AF24,AD24,AB24,Z24,X24,V24,T24,R24,P24,N24,L24,J24,H24,BP24) -> 0 | BR24: =SUM(G24,I24,K24,M24,O24,Q24,S24,U24,W24,Y24,AA24,AC24,AE24,AG24,AI24,AK24,AM24,AO24,AQ24,AS24,AU24,AW24,AY24,BA24,BC24,BE24,BG24,BI24,BK24,BM24,BO24) -> 0 | BS24: =D24='Orçamento Detalhado'!J30 -> TRUE
B25: 1.2.2 | C25: =IF(VLOOKUP(B25,'Orçamento Detalhado'!$A$11:$I$531,4,)="","",(VLOOKUP(B25,'Orçamento Detalhado'!$A$11:$I$531,4,))) -> Ligações Provisorias | D25: =IF(B25="","",VLOOKUP($B25,'Orçamento Detalhado'!$A$11:$J$531,10,)) | E25: =IFERROR(D25/$D$527,0) -> 0 | F25: 21 | G25: =IFERROR($D25*H25,0) -> 0 | I25: =IFERROR($D25*J25,0) -> 0 | K25: =IFERROR($D25*L25,0) -> 0 | M25: =IFERROR($D25*N25,0) -> 0 | O25: =IFERROR($D25*P25,0) -> 0 | Q25: =IFERROR($D25*R25,0) -> 0 | S25: =IFERROR($D25*T25,0) -> 0 | U25: =IFERROR($D25*V25,0) -> 0 | W25: =IFERROR($D25*X25,0) -> 0 | Y25: =IFERROR($D25*Z25,0) -> 0 | AA25: =IFERROR($D25*AB25,0) -> 0 | AC25: =IFERROR($D25*AD25,0) -> 0 | AE25: =IFERROR($D25*AF25,0) -> 0 | AG25: =IFERROR($D25*AH25,0) -> 0 | AI25: =IFERROR($D25*AJ25,0) -> 0 | AK25: =IFERROR($D25*AL25,0) -> 0 | AM25: =IFERROR($D25*AN25,0) -> 0 | AO25: =IFERROR($D25*AP25,0) -> 0 | AQ25: =IFERROR($D25*AR25,0) -> 0 | AS25: =IFERROR($D25*AT25,0) -> 0 | AU25: =IFERROR($D25*AV25,0) -> 0 | AW25: =IFERROR($D25*AX25,0) -> 0 | AY25: =IFERROR($D25*AZ25,0) -> 0 | BA25: =IFERROR($D25*BB25,0) -> 0 | BC25: =IFERROR($D25*BD25,0) -> 0 | BE25: =IFERROR($D25*BF25,0) -> 0 | BG25: =IFERROR($D25*BH25,0) -> 0 | BI25: =IFERROR($D25*BJ25,0) -> 0 | BK25: =IFERROR($D25*BL25,0) -> 0 | BM25: =IFERROR($D25*BN25,0) -> 0 | BO25: =IFERROR($D25*BP25,0) -> 0 | BQ25: =SUM(BN25,BL25,BJ25,BH25,BF25,BD25,BB25,AZ25,AX25,AV25,AT25,AR25,AP25,AN25,AL25,AJ25,AH25,AF25,AD25,AB25,Z25,X25,V25,T25,R25,P25,N25,L25,J25,H25,BP25) -> 0 | BR25: =SUM(G25,I25,K25,M25,O25,Q25,S25,U25,W25,Y25,AA25,AC25,AE25,AG25,AI25,AK25,AM25,AO25,AQ25,AS25,AU25,AW25,AY25,BA25,BC25,BE25,BG25,BI25,BK25,BM25,BO25) -> 0 | BS25: =D25='Orçamento Detalhado'!J31 -> TRUE
B26: 1.2.3 | C26: =IF(VLOOKUP(B26,'Orçamento Detalhado'!$A$11:$I$531,4,)="","",(VLOOKUP(B26,'Orçamento Detalhado'!$A$11:$I$531,4,))) -> Canteiro Definitivo | D26: =IF(B26="","",VLOOKUP($B26,'Orçamento Detalhado'!$A$11:$J$531,10,)) | E26: =IFERROR(D26/$D$527,0) -> 0 | F26: 22 | G26: =IFERROR($D26*H26,0) -> 0 | I26: =IFERROR($D26*J26,0) -> 0 | K26: =IFERROR($D26*L26,0) -> 0 | M26: =IFERROR($D26*N26,0) -> 0 | O26: =IFERROR($D26*P26,0) -> 0 | Q26: =IFERROR($D26*R26,0) -> 0 | S26: =IFERROR($D26*T26,0) -> 0 | U26: =IFERROR($D26*V26,0) -> 0 | W26: =IFERROR($D26*X26,0) -> 0 | Y26: =IFERROR($D26*Z26,0) -> 0 | AA26: =IFERROR($D26*AB26,0) -> 0 | AC26: =IFERROR($D26*AD26,0) -> 0 | AE26: =IFERROR($D26*AF26,0) -> 0 | AG26: =IFERROR($D26*AH26,0) -> 0 | AI26: =IFERROR($D26*AJ26,0) -> 0 | AK26: =IFERROR($D26*AL26,0) -> 0 | AM26: =IFERROR($D26*AN26,0) -> 0 | AO26: =IFERROR($D26*AP26,0) -> 0 | AQ26: =IFERROR($D26*AR26,0) -> 0 | AS26: =IFERROR($D26*AT26,0) -> 0 | AU26: =IFERROR($D26*AV26,0) -> 0 | AW26: =IFERROR($D26*AX26,0) -> 0 | AY26: =IFERROR($D26*AZ26,0) -> 0 | BA26: =IFERROR($D26*BB26,0) -> 0 | BC26: =IFERROR($D26*BD26,0) -> 0 | BE26: =IFERROR($D26*BF26,0) -> 0 | BG26: =IFERROR($D26*BH26,0) -> 0 | BI26: =IFERROR($D26*BJ26,0) -> 0 | BK26: =IFERROR($D26*BL26,0) -> 0 | BM26: =IFERROR($D26*BN26,0) -> 0 | BO26: =IFERROR($D26*BP26,0) -> 0 | BQ26: =SUM(BN26,BL26,BJ26,BH26,BF26,BD26,BB26,AZ26,AX26,AV26,AT26,AR26,AP26,AN26,AL26,AJ26,AH26,AF26,AD26,AB26,Z26,X26,V26,T26,R26,P26,N26,L26,J26,H26,BP26) -> 0 | BR26: =SUM(G26,I26,K26,M26,O26,Q26,S26,U26,W26,Y26,AA26,AC26,AE26,AG26,AI26,AK26,AM26,AO26,AQ26,AS26,AU26,AW26,AY26,BA26,BC26,BE26,BG26,BI26,BK26,BM26,BO26) -> 0 | BS26: =D26='Orçamento Detalhado'!J32 -> TRUE
B27: 1.2.4 | C27: =IF(VLOOKUP(B27,'Orçamento Detalhado'!$A$11:$I$531,4,)="","",(VLOOKUP(B27,'Orçamento Detalhado'!$A$11:$I$531,4,))) -> Consumo Mensais (Agua / Luz / Telefone / Internet) | D27: =IF(B27="","",VLOOKUP($B27,'Orçamento Detalhado'!$A$11:$J$531,10,)) | E27: =IFERROR(D27/$D$527,0) -> 0 | F27: 23 | G27: =IFERROR($D27*H27,0) -> 0 | I27: =IFERROR($D27*J27,0) -> 0 | K27: =IFERROR($D27*L27,0) -> 0 | M27: =IFERROR($D27*N27,0) -> 0 | O27: =IFERROR($D27*P27,0) -> 0 | Q27: =IFERROR($D27*R27,0) -> 0 | S27: =IFERROR($D27*T27,0) -> 0 | U27: =IFERROR($D27*V27,0) -> 0 | W27: =IFERROR($D27*X27,0) -> 0 | Y27: =IFERROR($D27*Z27,0) -> 0 | AA27: =IFERROR($D27*AB27,0) -> 0 | AC27: =IFERROR($D27*AD27,0) -> 0 | AE27: =IFERROR($D27*AF27,0) -> 0 | AG27: =IFERROR($D27*AH27,0) -> 0 | AI27: =IFERROR($D27*AJ27,0) -> 0 | AK27: =IFERROR($D27*AL27,0) -> 0 | AM27: =IFERROR($D27*AN27,0) -> 0 | AO27: =IFERROR($D27*AP27,0) -> 0 | AQ27: =IFERROR($D27*AR27,0) -> 0 | AS27: =IFERROR($D27*AT27,0) -> 0 | AU27: =IFERROR($D27*AV27,0) -> 0 | AW27: =IFERROR($D27*AX27,0) -> 0 | AY27: =IFERROR($D27*AZ27,0) -> 0 | BA27: =IFERROR($D27*BB27,0) -> 0 | BC27: =IFERROR($D27*BD27,0) -> 0 | BE27: =IFERROR($D27*BF27,0) -> 0 | BG27: =IFERROR($D27*BH27,0) -> 0 | BI27: =IFERROR($D27*BJ27,0) -> 0 | BK27: =IFERROR($D27*BL27,0) -> 0 | BM27: =IFERROR($D27*BN27,0) -> 0 | BO27: =IFERROR($D27*BP27,0) -> 0 | BQ27: =SUM(BN27,BL27,BJ27,BH27,BF27,BD27,BB27,AZ27,AX27,AV27,AT27,AR27,AP27,AN27,AL27,AJ27,AH27,AF27,AD27,AB27,Z27,X27,V27,T27,R27,P27,N27,L27,J27,H27,BP27) -> 0 | BR27: =SUM(G27,I27,K27,M27,O27,Q27,S27,U27,W27,Y27,AA27,AC27,AE27,AG27,AI27,AK27,AM27,AO27,AQ27,AS27,AU27,AW27,AY27,BA27,BC27,BE27,BG27,BI27,BK27,BM27,BO27) -> 0 | BS27: =D27='Orçamento Detalhado'!J33 -> TRUE
B28: 1.2.5 | C28: =IF(VLOOKUP(B28,'Orçamento Detalhado'!$A$11:$I$531,4,)="","",(VLOOKUP(B28,'Orçamento Detalhado'!$A$11:$I$531,4,))) -> Transportes máquinas e equipamentos | D28: =IF(B28="","",VLOOKUP($B28,'Orçamento Detalhado'!$A$11:$J$531,10,)) | E28: =IFERROR(D28/$D$527,0) -> 0 | F28: 24 | G28: =IFERROR($D28*H28,0) -> 0 | I28: =IFERROR($D28*J28,0) -> 0 | K28: =IFERROR($D28*L28,0) -> 0 | M28: =IFERROR($D28*N28,0) -> 0 | O28: =IFERROR($D28*P28,0) -> 0 | Q28: =IFERROR($D28*R28,0) -> 0 | S28: =IFERROR($D28*T28,0) -> 0 | U28: =IFERROR($D28*V28,0) -> 0 | W28: =IFERROR($D28*X28,0) -> 0 | Y28: =IFERROR($D28*Z28,0) -> 0 | AA28: =IFERROR($D28*AB28,0) -> 0 | AC28: =IFERROR($D28*AD28,0) -> 0 | AE28: =IFERROR($D28*AF28,0) -> 0 | AG28: =IFERROR($D28*AH28,0) -> 0 | AI28: =IFERROR($D28*AJ28,0) -> 0 | AK28: =IFERROR($D28*AL28,0) -> 0 | AM28: =IFERROR($D28*AN28,0) -> 0 | AO28: =IFERROR($D28*AP28,0) -> 0 | AQ28: =IFERROR($D28*AR28,0) -> 0 | AS28: =IFERROR($D28*AT28,0) -> 0 | AU28: =IFERROR($D28*AV28,0) -> 0 | AW28: =IFERROR($D28*AX28,0) -> 0 | AY28: =IFERROR($D28*AZ28,0) -> 0 | BA28: =IFERROR($D28*BB28,0) -> 0 | BC28: =IFERROR($D28*BD28,0) -> 0 | BE28: =IFERROR($D28*BF28,0) -> 0 | BG28: =IFERROR($D28*BH28,0) -> 0 | BI28: =IFERROR($D28*BJ28,0) -> 0 | BK28: =IFERROR($D28*BL28,0) -> 0 | BM28: =IFERROR($D28*BN28,0) -> 0 | BO28: =IFERROR($D28*BP28,0) -> 0 | BQ28: =SUM(BN28,BL28,BJ28,BH28,BF28,BD28,BB28,AZ28,AX28,AV28,AT28,AR28,AP28,AN28,AL28,AJ28,AH28,AF28,AD28,AB28,Z28,X28,V28,T28,R28,P28,N28,L28,J28,H28,BP28) -> 0 | BR28: =SUM(G28,I28,K28,M28,O28,Q28,S28,U28,W28,Y28,AA28,AC28,AE28,AG28,AI28,AK28,AM28,AO28,AQ28,AS28,AU28,AW28,AY28,BA28,BC28,BE28,BG28,BI28,BK28,BM28,BO28) -> 0 | BS28: =D28='Orçamento Detalhado'!J34 -> TRUE
B29: 1.2.6 | C29: =IF(VLOOKUP(B29,'Orçamento Detalhado'!$A$11:$I$531,4,)="","",(VLOOKUP(B29,'Orçamento Detalhado'!$A$11:$I$531,4,))) -> Equip. de Proteção Coletivos (bandejas, proteções perifericas, tela fachadeira) | D29: =IF(B29="","",VLOOKUP($B29,'Orçamento Detalhado'!$A$11:$J$531,10,)) | E29: =IFERROR(D29/$D$527,0) -> 0 | F29: 25 | G29: =IFERROR($D29*H29,0) -> 0 | I29: =IFERROR($D29*J29,0) -> 0 | K29: =IFERROR($D29*L29,0) -> 0 | M29: =IFERROR($D29*N29,0) -> 0 | O29: =IFERROR($D29*P29,0) -> 0 | Q29: =IFERROR($D29*R29,0) -> 0 | S29: =IFERROR($D29*T29,0) -> 0 | U29: =IFERROR($D29*V29,0) -> 0 | W29: =IFERROR($D29*X29,0) -> 0 | Y29: =IFERROR($D29*Z29,0) -> 0 | AA29: =IFERROR($D29*AB29,0) -> 0 | AC29: =IFERROR($D29*AD29,0) -> 0 | AE29: =IFERROR($D29*AF29,0) -> 0 | AG29: =IFERROR($D29*AH29,0) -> 0 | AI29: =IFERROR($D29*AJ29,0) -> 0 | AK29: =IFERROR($D29*AL29,0) -> 0 | AM29: =IFERROR($D29*AN29,0) -> 0 | AO29: =IFERROR($D29*AP29,0) -> 0 | AQ29: =IFERROR($D29*AR29,0) -> 0 | AS29: =IFERROR($D29*AT29,0) -> 0 | AU29: =IFERROR($D29*AV29,0) -> 0 | AW29: =IFERROR($D29*AX29,0) -> 0 | AY29: =IFERROR($D29*AZ29,0) -> 0 | BA29: =IFERROR($D29*BB29,0) -> 0 | BC29: =IFERROR($D29*BD29,0) -> 0 | BE29: =IFERROR($D29*BF29,0) -> 0 | BG29: =IFERROR($D29*BH29,0) -> 0 | BI29: =IFERROR($D29*BJ29,0) -> 0 | BK29: =IFERROR($D29*BL29,0) -> 0 | BM29: =IFERROR($D29*BN29,0) -> 0 | BO29: =IFERROR($D29*BP29,0) -> 0 | BQ29: =SUM(BN29,BL29,BJ29,BH29,BF29,BD29,BB29,AZ29,AX29,AV29,AT29,AR29,AP29,AN29,AL29,AJ29,AH29,AF29,AD29,AB29,Z29,X29,V29,T29,R29,P29,N29,L29,J29,H29,BP29) -> 0 | BR29: =SUM(G29,I29,K29,M29,O29,Q29,S29,U29,W29,Y29,AA29,AC29,AE29,AG29,AI29,AK29,AM29,AO29,AQ29,AS29,AU29,AW29,AY29,BA29,BC29,BE29,BG29,BI29,BK29,BM29,BO29) -> 0 | BS29: =D29='Orçamento Detalhado'!J35 -> TRUE
B30: 1.2.7 | C30: =IF(VLOOKUP(B30,'Orçamento Detalhado'!$A$11:$I$531,4,)="","",(VLOOKUP(B30,'Orçamento Detalhado'!$A$11:$I$531,4,))) -> Vigilancia Patrimonial | D30: =IF(B30="","",VLOOKUP($B30,'Orçamento Detalhado'!$A$11:$J$531,10,)) | E30: =IFERROR(D30/$D$527,0) -> 0 | F30: 26 | G30: =IFERROR($D30*H30,0) -> 0 | I30: =IFERROR($D30*J30,0) -> 0 | K30: =IFERROR($D30*L30,0) -> 0 | M30: =IFERROR($D30*N30,0) -> 0 | O30: =IFERROR($D30*P30,0) -> 0 | Q30: =IFERROR($D30*R30,0) -> 0 | S30: =IFERROR($D30*T30,0) -> 0 | U30: =IFERROR($D30*V30,0) -> 0 | W30: =IFERROR($D30*X30,0) -> 0 | Y30: =IFERROR($D30*Z30,0) -> 0 | AA30: =IFERROR($D30*AB30,0) -> 0 | AC30: =IFERROR($D30*AD30,0) -> 0 | AE30: =IFERROR($D30*AF30,0) -> 0 | AG30: =IFERROR($D30*AH30,0) -> 0 | AI30: =IFERROR($D30*AJ30,0) -> 0 | AK30: =IFERROR($D30*AL30,0) -> 0 | AM30: =IFERROR($D30*AN30,0) -> 0 | AO30: =IFERROR($D30*AP30,0) -> 0 | AQ30: =IFERROR($D30*AR30,0) -> 0 | AS30: =IFERROR($D30*AT30,0) -> 0 | AU30: =IFERROR($D30*AV30,0) -> 0 | AW30: =IFERROR($D30*AX30,0) -> 0 | AY30: =IFERROR($D30*AZ30,0) -> 0 | BA30: =IFERROR($D30*BB30,0) -> 0 | BC30: =IFERROR($D30*BD30,0) -> 0 | BE30: =IFERROR($D30*BF30,0) -> 0 | BG30: =IFERROR($D30*BH30,0) -> 0 | BI30: =IFERROR($D30*BJ30,0) -> 0 | BK30: =IFERROR($D30*BL30,0) -> 0 | BM30: =IFERROR($D30*BN30,0) -> 0 | BO30: =IFERROR($D30*BP30,0) -> 0 | BQ30: =SUM(BN30,BL30,BJ30,BH30,BF30,BD30,BB30,AZ30,AX30,AV30,AT30,AR30,AP30,AN30,AL30,AJ30,AH30,AF30,AD30,AB30,Z30,X30,V30,T30,R30,P30,N30,L30,J30,H30,BP30) -> 0 | BR30: =SUM(G30,I30,K30,M30,O30,Q30,S30,U30,W30,Y30,AA30,AC30,AE30,AG30,AI30,AK30,AM30,AO30,AQ30,AS30,AU30,AW30,AY30,BA30,BC30,BE30,BG30,BI30,BK30,BM30,BO30) -> 0 | BS30: =D30='Orçamento Detalhado'!J36 -> TRUE
B31: 1.2.8 | C31: =IF(VLOOKUP(B31,'Orçamento Detalhado'!$A$11:$I$531,4,)="","",(VLOOKUP(B31,'Orçamento Detalhado'!$A$11:$I$531,4,))) -> Locação de equipamentos | D31: =IF(B31="","",VLOOKUP($B31,'Orçamento Detalhado'!$A$11:$J$531,10,)) | E31: =IFERROR(D31/$D$527,0) -> 0 | F31: 27 | G31: =IFERROR($D31*H31,0) -> 0 | I31: =IFERROR($D31*J31,0) -> 0 | K31: =IFERROR($D31*L31,0) -> 0 | M31: =IFERROR($D31*N31,0) -> 0 | O31: =IFERROR($D31*P31,0) -> 0 | Q31: =IFERROR($D31*R31,0) -> 0 | S31: =IFERROR($D31*T31,0) -> 0 | U31: =IFERROR($D31*V31,0) -> 0 | W31: =IFERROR($D31*X31,0) -> 0 | Y31: =IFERROR($D31*Z31,0) -> 0 | AA31: =IFERROR($D31*AB31,0) -> 0 | AC31: =IFERROR($D31*AD31,0) -> 0 | AE31: =IFERROR($D31*AF31,0) -> 0 | AG31: =IFERROR($D31*AH31,0) -> 0 | AI31: =IFERROR($D31*AJ31,0) -> 0 | AK31: =IFERROR($D31*AL31,0) -> 0 | AM31: =IFERROR($D31*AN31,0) -> 0 | AO31: =IFERROR($D31*AP31,0) -> 0 | AQ31: =IFERROR($D31*AR31,0) -> 0 | AS31: =IFERROR($D31*AT31,0) -> 0 | AU31: =IFERROR($D31*AV31,0) -> 0 | AW31: =IFERROR($D31*AX31,0) -> 0 | AY31: =IFERROR($D31*AZ31,0) -> 0 | BA31: =IFERROR($D31*BB31,0) -> 0 | BC31: =IFERROR($D31*BD31,0) -> 0 | BE31: =IFERROR($D31*BF31,0) -> 0 | BG31: =IFERROR($D31*BH31,0) -> 0 | BI31: =IFERROR($D31*BJ31,0) -> 0 | BK31: =IFERROR($D31*BL31,0) -> 0 | BM31: =IFERROR($D31*BN31,0) -> 0 | BO31: =IFERROR($D31*BP31,0) -> 0 | BQ31: =SUM(BN31,BL31,BJ31,BH31,BF31,BD31,BB31,AZ31,AX31,AV31,AT31,AR31,AP31,AN31,AL31,AJ31,AH31,AF31,AD31,AB31,Z31,X31,V31,T31,R31,P31,N31,L31,J31,H31,BP31) -> 0 | BR31: =SUM(G31,I31,K31,M31,O31,Q31,S31,U31,W31,Y31,AA31,AC31,AE31,AG31,AI31,AK31,AM31,AO31,AQ31,AS31,AU31,AW31,AY31,BA31,BC31,BE31,BG31,BI31,BK31,BM31,BO31) -> 0 | BS31: =D31='Orçamento Detalhado'!J37 -> TRUE
B32: 1.2.9 | C32: =IF(VLOOKUP(B32,'Orçamento Detalhado'!$A$11:$I$531,4,)="","",(VLOOKUP(B32,'Orçamento Detalhado'!$A$11:$I$531,4,))) -> Segurança e medicina do trabalho | D32: =IF(B32="","",VLOOKUP($B32,'Orçamento Detalhado'!$A$11:$J$531,10,)) | E32: =IFERROR(D32/$D$527,0) -> 0 | F32: 28 | G32: =IFERROR($D32*H32,0) -> 0 | I32: =IFERROR($D32*J32,0) -> 0 | K32: =IFERROR($D32*L32,0) -> 0 | M32: =IFERROR($D32*N32,0) -> 0 | O32: =IFERROR($D32*P32,0) -> 0 | Q32: =IFERROR($D32*R32,0) -> 0 | S32: =IFERROR($D32*T32,0) -> 0 | U32: =IFERROR($D32*V32,0) -> 0 | W32: =IFERROR($D32*X32,0) -> 0 | Y32: =IFERROR($D32*Z32,0) -> 0 | AA32: =IFERROR($D32*AB32,0) -> 0 | AC32: =IFERROR($D32*AD32,0) -> 0 | AE32: =IFERROR($D32*AF32,0) -> 0 | AG32: =IFERROR($D32*AH32,0) -> 0 | AI32: =IFERROR($D32*AJ32,0) -> 0 | AK32: =IFERROR($D32*AL32,0) -> 0 | AM32: =IFERROR($D32*AN32,0) -> 0 | AO32: =IFERROR($D32*AP32,0) -> 0 | AQ32: =IFERROR($D32*AR32,0) -> 0 | AS32: =IFERROR($D32*AT32,0) -> 0 | AU32: =IFERROR($D32*AV32,0) -> 0 | AW32: =IFERROR($D32*AX32,0) -> 0 | AY32: =IFERROR($D32*AZ32,0) -> 0 | BA32: =IFERROR($D32*BB32,0) -> 0 | BC32: =IFERROR($D32*BD32,0) -> 0 | BE32: =IFERROR($D32*BF32,0) -> 0 | BG32: =IFERROR($D32*BH32,0) -> 0 | BI32: =IFERROR($D32*BJ32,0) -> 0 | BK32: =IFERROR($D32*BL32,0) -> 0 | BM32: =IFERROR($D32*BN32,0) -> 0 | BO32: =IFERROR($D32*BP32,0) -> 0 | BQ32: =SUM(BN32,BL32,BJ32,BH32,BF32,BD32,BB32,AZ32,AX32,AV32,AT32,AR32,AP32,AN32,AL32,AJ32,AH32,AF32,AD32,AB32,Z32,X32,V32,T32,R32,P32,N32,L32,J32,H32,BP32) -> 0 | BR32: =SUM(G32,I32,K32,M32,O32,Q32,S32,U32,W32,Y32,AA32,AC32,AE32,AG32,AI32,AK32,AM32,AO32,AQ32,AS32,AU32,AW32,AY32,BA32,BC32,BE32,BG32,BI32,BK32,BM32,BO32) -> 0 | BS32: =D32='Orçamento Detalhado'!J38 -> TRUE
B33: 1.2.10 | C33: =IF(VLOOKUP(B33,'Orçamento Detalhado'!$A$11:$I$531,4,)="","",(VLOOKUP(B33,'Orçamento Detalhado'!$A$11:$I$531,4,))) -> Equipe Permanente (Engº Residente, Mestre, Encarregados, Almoxarife, etc) | D33: =IF(B33="","",VLOOKUP($B33,'Orçamento Detalhado'!$A$11:$J$531,10,)) | E33: =IFERROR(D33/$D$527,0) -> 0 | F33: 29 | G33: =IFERROR($D33*H33,0) -> 0 | I33: =IFERROR($D33*J33,0) -> 0 | K33: =IFERROR($D33*L33,0) -> 0 | M33: =IFERROR($D33*N33,0) -> 0 | O33: =IFERROR($D33*P33,0) -> 0 | Q33: =IFERROR($D33*R33,0) -> 0 | S33: =IFERROR($D33*T33,0) -> 0 | U33: =IFERROR($D33*V33,0) -> 0 | W33: =IFERROR($D33*X33,0) -> 0 | Y33: =IFERROR($D33*Z33,0) -> 0 | AA33: =IFERROR($D33*AB33,0) -> 0 | AC33: =IFERROR($D33*AD33,0) -> 0 | AE33: =IFERROR($D33*AF33,0) -> 0 | AG33: =IFERROR($D33*AH33,0) -> 0 | AI33: =IFERROR($D33*AJ33,0) -> 0 | AK33: =IFERROR($D33*AL33,0) -> 0 | AM33: =IFERROR($D33*AN33,0) -> 0 | AO33: =IFERROR($D33*AP33,0) -> 0 | AQ33: =IFERROR($D33*AR33,0) -> 0 | AS33: =IFERROR($D33*AT33,0) -> 0 | AU33: =IFERROR($D33*AV33,0) -> 0 | AW33: =IFERROR($D33*AX33,0) -> 0 | AY33: =IFERROR($D33*AZ33,0) -> 0 | BA33: =IFERROR($D33*BB33,0) -> 0 | BC33: =IFERROR($D33*BD33,0) -> 0 | BE33: =IFERROR($D33*BF33,0) -> 0 | BG33: =IFERROR($D33*BH33,0) -> 0 | BI33: =IFERROR($D33*BJ33,0) -> 0 | BK33: =IFERROR($D33*BL33,0) -> 0 | BM33: =IFERROR($D33*BN33,0) -> 0 | BO33: =IFERROR($D33*BP33,0) -> 0 | BQ33: =SUM(BN33,BL33,BJ33,BH33,BF33,BD33,BB33,AZ33,AX33,AV33,AT33,AR33,AP33,AN33,AL33,AJ33,AH33,AF33,AD33,AB33,Z33,X33,V33,T33,R33,P33,N33,L33,J33,H33,BP33) -> 0 | BR33: =SUM(G33,I33,K33,M33,O33,Q33,S33,U33,W33,Y33,AA33,AC33,AE33,AG33,AI33,AK33,AM33,AO33,AQ33,AS33,AU33,AW33,AY33,BA33,BC33,BE33,BG33,BI33,BK33,BM33,BO33) -> 0 | BS33: =D33='Orçamento Detalhado'!J39 -> TRUE
B34: 1.2.11 | C34: =IF(VLOOKUP(B34,'Orçamento Detalhado'!$A$11:$I$531,4,)="","",(VLOOKUP(B34,'Orçamento Detalhado'!$A$11:$I$531,4,))) -> Controle Tecnologico | D34: =IF(B34="","",VLOOKUP($B34,'Orçamento Detalhado'!$A$11:$J$531,10,)) | E34: =IFERROR(D34/$D$527,0) -> 0 | F34: 30 | G34: =IFERROR($D34*H34,0) -> 0 | I34: =IFERROR($D34*J34,0) -> 0 | K34: =IFERROR($D34*L34,0) -> 0 | M34: =IFERROR($D34*N34,0) -> 0 | O34: =IFERROR($D34*P34,0) -> 0 | Q34: =IFERROR($D34*R34,0) -> 0 | S34: =IFERROR($D34*T34,0) -> 0 | U34: =IFERROR($D34*V34,0) -> 0 | W34: =IFERROR($D34*X34,0) -> 0 | Y34: =IFERROR($D34*Z34,0) -> 0 | AA34: =IFERROR($D34*AB34,0) -> 0 | AC34: =IFERROR($D34*AD34,0) -> 0 | AE34: =IFERROR($D34*AF34,0) -> 0 | AG34: =IFERROR($D34*AH34,0) -> 0 | AI34: =IFERROR($D34*AJ34,0) -> 0 | AK34: =IFERROR($D34*AL34,0) -> 0 | AM34: =IFERROR($D34*AN34,0) -> 0 | AO34: =IFERROR($D34*AP34,0) -> 0 | AQ34: =IFERROR($D34*AR34,0) -> 0 | AS34: =IFERROR($D34*AT34,0) -> 0 | AU34: =IFERROR($D34*AV34,0) -> 0 | AW34: =IFERROR($D34*AX34,0) -> 0 | AY34: =IFERROR($D34*AZ34,0) -> 0 | BA34: =IFERROR($D34*BB34,0) -> 0 | BC34: =IFERROR($D34*BD34,0) -> 0 | BE34: =IFERROR($D34*BF34,0) -> 0 | BG34: =IFERROR($D34*BH34,0) -> 0 | BI34: =IFERROR($D34*BJ34,0) -> 0 | BK34: =IFERROR($D34*BL34,0) -> 0 | BM34: =IFERROR($D34*BN34,0) -> 0 | BO34: =IFERROR($D34*BP34,0) -> 0 | BQ34: =SUM(BN34,BL34,BJ34,BH34,BF34,BD34,BB34,AZ34,AX34,AV34,AT34,AR34,AP34,AN34,AL34,AJ34,AH34,AF34,AD34,AB34,Z34,X34,V34,T34,R34,P34,N34,L34,J34,H34,BP34) -> 0 | BR34: =SUM(G34,I34,K34,M34,O34,Q34,S34,U34,W34,Y34,AA34,AC34,AE34,AG34,AI34,AK34,AM34,AO34,AQ34,AS34,AU34,AW34,AY34,BA34,BC34,BE34,BG34,BI34,BK34,BM34,BO34) -> 0 | BS34: =D34='Orçamento Detalhado'!J40 -> TRUE
B35: 1.2.12 | C35: =IF(VLOOKUP(B35,'Orçamento Detalhado'!$A$11:$I$531,4,)="","",(VLOOKUP(B35,'Orçamento Detalhado'!$A$11:$I$531,4,))) -> Gestão de Resíduos e Qualidade | D35: =IF(B35="","",VLOOKUP($B35,'Orçamento Detalhado'!$A$11:$J$531,10,)) | E35: =IFERROR(D35/$D$527,0) -> 0 | F35: 31 | G35: =IFERROR($D35*H35,0) -> 0 | I35: =IFERROR($D35*J35,0) -> 0 | K35: =IFERROR($D35*L35,0) -> 0 | M35: =IFERROR($D35*N35,0) -> 0 | O35: =IFERROR($D35*P35,0) -> 0 | Q35: =IFERROR($D35*R35,0) -> 0 | S35: =IFERROR($D35*T35,0) -> 0 | U35: =IFERROR($D35*V35,0) -> 0 | W35: =IFERROR($D35*X35,0) -> 0 | Y35: =IFERROR($D35*Z35,0) -> 0 | AA35: =IFERROR($D35*AB35,0) -> 0 | AC35: =IFERROR($D35*AD35,0) -> 0 | AE35: =IFERROR($D35*AF35,0) -> 0 | AG35: =IFERROR($D35*AH35,0) -> 0 | AI35: =IFERROR($D35*AJ35,0) -> 0 | AK35: =IFERROR($D35*AL35,0) -> 0 | AM35: =IFERROR($D35*AN35,0) -> 0 | AO35: =IFERROR($D35*AP35,0) -> 0 | AQ35: =IFERROR($D35*AR35,0) -> 0 | AS35: =IFERROR($D35*AT35,0) -> 0 | AU35: =IFERROR($D35*AV35,0) -> 0 | AW35: =IFERROR($D35*AX35,0) -> 0 | AY35: =IFERROR($D35*AZ35,0) -> 0 | BA35: =IFERROR($D35*BB35,0) -> 0 | BC35: =IFERROR($D35*BD35,0) -> 0 | BE35: =IFERROR($D35*BF35,0) -> 0 | BG35: =IFERROR($D35*BH35,0) -> 0 | BI35: =IFERROR($D35*BJ35,0) -> 0 | BK35: =IFERROR($D35*BL35,0) -> 0 | BM35: =IFERROR($D35*BN35,0) -> 0 | BO35: =IFERROR($D35*BP35,0) -> 0 | BQ35: =SUM(BN35,BL35,BJ35,BH35,BF35,BD35,BB35,AZ35,AX35,AV35,AT35,AR35,AP35,AN35,AL35,AJ35,AH35,AF35,AD35,AB35,Z35,X35,V35,T35,R35,P35,N35,L35,J35,H35,BP35) -> 0 | BR35: =SUM(G35,I35,K35,M35,O35,Q35,S35,U35,W35,Y35,AA35,AC35,AE35,AG35,AI35,AK35,AM35,AO35,AQ35,AS35,AU35,AW35,AY35,BA35,BC35,BE35,BG35,BI35,BK35,BM35,BO35) -> 0 | BS35: =D35='Orçamento Detalhado'!J41 -> TRUE
... B41: 1.2.18 | C41: =IF(VLOOKUP(B41,'Orçamento Detalhado'!$A$11:$I$531,4,)="","",(VLOOKUP(B41,'Orçamento Detalhado'!$A$11:$I$531,4,))) | D41: =IF(B41="","",VLOOKUP($B41,'Orçamento Detalhado'!$A$11:$J$531,10,)) | E41: =IFERROR(D41/$D$527,0) -> 0 | F41: 37 | G41: =IFERROR($D41*H41,0) -> 0 | I41: =IFERROR($D41*J41,0) -> 0 | K41: =IFERROR($D41*L41,0) -> 0 | M41: =IFERROR($D41*N41,0) -> 0 | O41: =IFERROR($D41*P41,0) -> 0 | Q41: =IFERROR($D41*R41,0) -> 0 | S41: =IFERROR($D41*T41,0) -> 0 | U41: =IFERROR($D41*V41,0) -> 0 | W41: =IFERROR($D41*X41,0) -> 0 | Y41: =IFERROR($D41*Z41,0) -> 0 | AA41: =IFERROR($D41*AB41,0) -> 0 | AC41: =IFERROR($D41*AD41,0) -> 0 | AE41: =IFERROR($D41*AF41,0) -> 0 | AG41: =IFERROR($D41*AH41,0) -> 0 | AI41: =IFERROR($D41*AJ41,0) -> 0 | AK41: =IFERROR($D41*AL41,0) -> 0 | AM41: =IFERROR($D41*AN41,0) -> 0 | AO41: =IFERROR($D41*AP41,0) -> 0 | AQ41: =IFERROR($D41*AR41,0) -> 0 | AS41: =IFERROR($D41*AT41,0) -> 0 | AU41: =IFERROR($D41*AV41,0) -> 0 | AW41: =IFERROR($D41*AX41,0) -> 0 | AY41: =IFERROR($D41*AZ41,0) -> 0 | BA41: =IFERROR($D41*BB41,0) -> 0 | BC41: =IFERROR($D41*BD41,0) -> 0 | BE41: =IFERROR($D41*BF41,0) -> 0 | BG41: =IFERROR($D41*BH41,0) -> 0 | BI41: =IFERROR($D41*BJ41,0) -> 0 | BK41: =IFERROR($D41*BL41,0) -> 0 | BM41: =IFERROR($D41*BN41,0) -> 0 | BO41: =IFERROR($D41*BP41,0) -> 0 | BQ41: =SUM(BN41,BL41,BJ41,BH41,BF41,BD41,BB41,AZ41,AX41,AV41,AT41,AR41,AP41,AN41,AL41,AJ41,AH41,AF41,AD41,AB41,Z41,X41,V41,T41,R41,P41,N41,L41,J41,H41,BP41) -> 0 | BR41: =SUM(G41,I41,K41,M41,O41,Q41,S41,U41,W41,Y41,AA41,AC41,AE41,AG41,AI41,AK41,AM41,AO41,AQ41,AS41,AU41,AW41,AY41,BA41,BC41,BE41,BG41,BI41,BK41,BM41,BO41) -> 0 | BS41: =D41='Orçamento Detalhado'!J47 -> TRUE
B42: 2 | C42: =IF(B42="","",VLOOKUP(B42,'Orçamento Detalhado'!$A$11:$I$531,4,)) -> HABITAÇÃO (com BDI) | D42: =SUM(D43,D59,D71,D81,D100,D114,D132,D142,D152,D169,D185,D196,D206,D224,D243,D266,D317,D327,D347) -> 0 | E42: =IFERROR(D42/$D$527,0) -> 0 | F42: 38 | G42: =SUM(G43,G59,G71,G81,G100,G114,G132,G142,G152,G169,G185,G196,G206,G224,G243,G266,G317,G327,G347) -> 0 | H42: =IFERROR(G42/$D42,0) -> 0 | I42: =SUM(I43,I59,I71,I81,I100,I114,I132,I142,I152,I169,I185,I196,I206,I224,I243,I266,I317,I327,I347) -> 0 | J42: =IFERROR(I42/$D42,0) -> 0 | K42: =SUM(K43,K59,K71,K81,K100,K114,K132,K142,K152,K169,K185,K196,K206,K224,K243,K266,K317,K327,K347) -> 0 | L42: =IFERROR(K42/$D42,0) -> 0 | M42: =SUM(M43,M59,M71,M81,M100,M114,M132,M142,M152,M169,M185,M196,M206,M224,M243,M266,M317,M327,M347) -> 0 | N42: =IFERROR(M42/$D42,0) -> 0 | O42: =SUM(O43,O59,O71,O81,O100,O114,O132,O142,O152,O169,O185,O196,O206,O224,O243,O266,O317,O327,O347) -> 0 | P42: =IFERROR(O42/$D42,0) -> 0 | Q42: =SUM(Q43,Q59,Q71,Q81,Q100,Q114,Q132,Q142,Q152,Q169,Q185,Q196,Q206,Q224,Q243,Q266,Q317,Q327,Q347) -> 0 | R42: =IFERROR(Q42/$D42,0) -> 0 | S42: =SUM(S43,S59,S71,S81,S100,S114,S132,S142,S152,S169,S185,S196,S206,S224,S243,S266,S317,S327,S347) -> 0 | T42: =IFERROR(S42/$D42,0) -> 0 | U42: =SUM(U43,U59,U71,U81,U100,U114,U132,U142,U152,U169,U185,U196,U206,U224,U243,U266,U317,U327,U347) -> 0 | V42: =IFERROR(U42/$D42,0) -> 0 | W42: =SUM(W43,W59,W71,W81,W100,W114,W132,W142,W152,W169,W185,W196,W206,W224,W243,W266,W317,W327,W347) -> 0 | X42: =IFERROR(W42/$D42,0) -> 0 | Y42: =SUM(Y43,Y59,Y71,Y81,Y100,Y114,Y132,Y142,Y152,Y169,Y185,Y196,Y206,Y224,Y243,Y266,Y317,Y327,Y347) -> 0 | Z42: =IFERROR(Y42/$D42,0) -> 0 | AA42: =SUM(AA43,AA59,AA71,AA81,AA100,AA114,AA132,AA142,AA152,AA169,AA185,AA196,AA206,AA224,AA243,AA266,AA317,AA327,AA347) -> 0 | AB42: =IFERROR(AA42/$D42,0) -> 0 | AC42: =SUM(AC43,AC59,AC71,AC81,AC100,AC114,AC132,AC142,AC152,AC169,AC185,AC196,AC206,AC224,AC243,AC266,AC317,AC327,AC347) -> 0 | AD42: =IFERROR(AC42/$D42,0) -> 0 | AE42: =SUM(AE43,AE59,AE71,AE81,AE100,AE114,AE132,AE142,AE152,AE169,AE185,AE196,AE206,AE224,AE243,AE266,AE317,AE327,AE347) -> 0 | AF42: =IFERROR(AE42/$D42,0) -> 0 | AG42: =SUM(AG43,AG59,AG71,AG81,AG100,AG114,AG132,AG142,AG152,AG169,AG185,AG196,AG206,AG224,AG243,AG266,AG317,AG327,AG347) -> 0 | AH42: =IFERROR(AG42/$D42,0) -> 0 | AI42: =SUM(AI43,AI59,AI71,AI81,AI100,AI114,AI132,AI142,AI152,AI169,AI185,AI196,AI206,AI224,AI243,AI266,AI317,AI327,AI347) -> 0 | AJ42: =IFERROR(AI42/$D42,0) -> 0 | AK42: =SUM(AK43,AK59,AK71,AK81,AK100,AK114,AK132,AK142,AK152,AK169,AK185,AK196,AK206,AK224,AK243,AK266,AK317,AK327,AK347) -> 0 | AL42: =IFERROR(AK42/$D42,0) -> 0 | AM42: =SUM(AM43,AM59,AM71,AM81,AM100,AM114,AM132,AM142,AM152,AM169,AM185,AM196,AM206,AM224,AM243,AM266,AM317,AM327,AM347) -> 0 | AN42: =IFERROR(AM42/$D42,0) -> 0 | AO42: =SUM(AO43,AO59,AO71,AO81,AO100,AO114,AO132,AO142,AO152,AO169,AO185,AO196,AO206,AO224,AO243,AO266,AO317,AO327,AO347) -> 0 | AP42: =IFERROR(AO42/$D42,0) -> 0 | AQ42: =SUM(AQ43,AQ59,AQ71,AQ81,AQ100,AQ114,AQ132,AQ142,AQ152,AQ169,AQ185,AQ196,AQ206,AQ224,AQ243,AQ266,AQ317,AQ327,AQ347) -> 0 | AR42: =IFERROR(AQ42/$D42,0) -> 0 | AS42: =SUM(AS43,AS59,AS71,AS81,AS100,AS114,AS132,AS142,AS152,AS169,AS185,AS196,AS206,AS224,AS243,AS266,AS317,AS327,AS347) -> 0 | AT42: =IFERROR(AS42/$D42,0) -> 0 | AU42: =SUM(AU43,AU59,AU71,AU81,AU100,AU114,AU132,AU142,AU152,AU169,AU185,AU196,AU206,AU224,AU243,AU266,AU317,AU327,AU347) -> 0 | AV42: =IFERROR(AU42/$D42,0) -> 0 | AW42: =SUM(AW43,AW59,AW71,AW81,AW100,AW114,AW132,AW142,AW152,AW169,AW185,AW196,AW206,AW224,AW243,AW266,AW317,AW327,AW347) -> 0 | AX42: =IFERROR(AW42/$D42,0) -> 0 | AY42: =SUM(AY43,AY59,AY71,AY81,AY100,AY114,AY132,AY142,AY152,AY169,AY185,AY196,AY206,AY224,AY243,AY266,AY317,AY327,AY347) -> 0 | AZ42: =IFERROR(AY42/$D42,0) -> 0 | BA42: =SUM(BA43,BA59,BA71,BA81,BA100,BA114,BA132,BA142,BA152,BA169,BA185,BA196,BA206,BA224,BA243,BA266,BA317,BA327,BA347) -> 0 | BB42: =IFERROR(BA42/$D42,0) -> 0 | BC42: =SUM(BC43,BC59,BC71,BC81,BC100,BC114,BC132,BC142,BC152,BC169,BC185,BC196,BC206,BC224,BC243,BC266,BC317,BC327,BC347) -> 0 | BD42: =IFERROR(BC42/$D42,0) -> 0 | BE42: =SUM(BE43,BE59,BE71,BE81,BE100,BE114,BE132,BE142,BE152,BE169,BE185,BE196,BE206,BE224,BE243,BE266,BE317,BE327,BE347) -> 0 | BF42: =IFERROR(BE42/$D42,0) -> 0 | BG42: =SUM(BG43,BG59,BG71,BG81,BG100,BG114,BG132,BG142,BG152,BG169,BG185,BG196,BG206,BG224,BG243,BG266,BG317,BG327,BG347) -> 0 | BH42: =IFERROR(BG42/$D42,0) -> 0 | BI42: =SUM(BI43,BI59,BI71,BI81,BI100,BI114,BI132,BI142,BI152,BI169,BI185,BI196,BI206,BI224,BI243,BI266,BI317,BI327,BI347) -> 0 | BJ42: =IFERROR(BI42/$D42,0) -> 0 | BK42: =SUM(BK43,BK59,BK71,BK81,BK100,BK114,BK132,BK142,BK152,BK169,BK185,BK196,BK206,BK224,BK243,BK266,BK317,BK327,BK347) -> 0 | BL42: =IFERROR(BK42/$D42,0) -> 0 | BM42: =SUM(BM43,BM59,BM71,BM81,BM100,BM114,BM132,BM142,BM152,BM169,BM185,BM196,BM206,BM224,BM243,BM266,BM317,BM327,BM347) -> 0 | BN42: =IFERROR(BM42/$D42,0) -> 0 | BO42: =SUM(BO43,BO59,BO71,BO81,BO100,BO114,BO132,BO142,BO152,BO169,BO185,BO196,BO206,BO224,BO243,BO266,BO317,BO327,BO347) -> 0 | BP42: =IFERROR(BO42/$D42,0) -> 0 | BQ42: =SUM(BN42,BL42,BJ42,BH42,BF42,BD42,BB42,AZ42,AX42,AV42,AT42,AR42,AP42,AN42,AL42,AJ42,AH42,AF42,AD42,AB42,Z42,X42,V42,T42,R42,P42,N42,L42,J42,H42,BP42) -> 0 | BR42: =SUM(G42,I42,K42,M42,O42,Q42,S42,U42,W42,Y42,AA42,AC42,AE42,AG42,AI42,AK42,AM42,AO42,AQ42,AS42,AU42,AW42,AY42,BA42,BC42,BE42,BG42,BI42,BK42,BM42,BO42) -> 0 | BS42: =D42='Orçamento Detalhado'!J48 -> TRUE
B43: 2.1 | C43: =IF(B43="","",VLOOKUP(B43,'Orçamento Detalhado'!$A$11:$I$531,4,)) -> FUNDAÇÕES | D43: =SUM(D44:D58) -> 0 | E43: =IFERROR(D43/$D$527,0) -> 0 | F43: 39 | G43: =SUM(G44:G58) -> 0 | H43: =IFERROR(G43/$D43,0) -> 0 | I43: =SUM(I44:I58) -> 0 | J43: =IFERROR(I43/$D43,0) -> 0 | K43: =SUM(K44:K58) -> 0 | L43: =IFERROR(K43/$D43,0) -> 0 | M43: =SUM(M44:M58) -> 0 | N43: =IFERROR(M43/$D43,0) -> 0 | O43: =SUM(O44:O58) -> 0 | P43: =IFERROR(O43/$D43,0) -> 0 | Q43: =SUM(Q44:Q58) -> 0 | R43: =IFERROR(Q43/$D43,0) -> 0 | S43: =SUM(S44:S58) -> 0 | T43: =IFERROR(S43/$D43,0) -> 0 | U43: =SUM(U44:U58) -> 0 | V43: =IFERROR(U43/$D43,0) -> 0 | W43: =SUM(W44:W58) -> 0 | X43: =IFERROR(W43/$D43,0) -> 0 | Y43: =SUM(Y44:Y58) -> 0 | Z43: =IFERROR(Y43/$D43,0) -> 0 | AA43: =SUM(AA44:AA58) -> 0 | AB43: =IFERROR(AA43/$D43,0) -> 0 | AC43: =SUM(AC44:AC58) -> 0 | AD43: =IFERROR(AC43/$D43,0) -> 0 | AE43: =SUM(AE44:AE58) -> 0 | AF43: =IFERROR(AE43/$D43,0) -> 0 | AG43: =SUM(AG44:AG58) -> 0 | AH43: =IFERROR(AG43/$D43,0) -> 0 | AI43: =SUM(AI44:AI58) -> 0 | AJ43: =IFERROR(AI43/$D43,0) -> 0 | AK43: =SUM(AK44:AK58) -> 0 | AL43: =IFERROR(AK43/$D43,0) -> 0 | AM43: =SUM(AM44:AM58) -> 0 | AN43: =IFERROR(AM43/$D43,0) -> 0 | AO43: =SUM(AO44:AO58) -> 0 | AP43: =IFERROR(AO43/$D43,0) -> 0 | AQ43: =SUM(AQ44:AQ58) -> 0 | AR43: =IFERROR(AQ43/$D43,0) -> 0 | AS43: =SUM(AS44:AS58) -> 0 | AT43: =IFERROR(AS43/$D43,0) -> 0 | AU43: =SUM(AU44:AU58) -> 0 | AV43: =IFERROR(AU43/$D43,0) -> 0 | AW43: =SUM(AW44:AW58) -> 0 | AX43: =IFERROR(AW43/$D43,0) -> 0 | AY43: =SUM(AY44:AY58) -> 0 | AZ43: =IFERROR(AY43/$D43,0) -> 0 | BA43: =SUM(BA44:BA58) -> 0 | BB43: =IFERROR(BA43/$D43,0) -> 0 | BC43: =SUM(BC44:BC58) -> 0 | BD43: =IFERROR(BC43/$D43,0) -> 0 | BE43: =SUM(BE44:BE58) -> 0 | BF43: =IFERROR(BE43/$D43,0) -> 0 | BG43: =SUM(BG44:BG58) -> 0 | BH43: =IFERROR(BG43/$D43,0) -> 0 | BI43: =SUM(BI44:BI58) -> 0 | BJ43: =IFERROR(BI43/$D43,0) -> 0 | BK43: =SUM(BK44:BK58) -> 0 | BL43: =IFERROR(BK43/$D43,0) -> 0 | BM43: =SUM(BM44:BM58) -> 0 | BN43: =IFERROR(BM43/$D43,0) -> 0 | BO43: =SUM(BO44:BO58) -> 0 | BP43: =IFERROR(BO43/$D43,0) -> 0 | BQ43: =SUM(BN43,BL43,BJ43,BH43,BF43,BD43,BB43,AZ43,AX43,AV43,AT43,AR43,AP43,AN43,AL43,AJ43,AH43,AF43,AD43,AB43,Z43,X43,V43,T43,R43,P43,N43,L43,J43,H43,BP43) -> 0 | BR43: =SUM(G43,I43,K43,M43,O43,Q43,S43,U43,W43,Y43,AA43,AC43,AE43,AG43,AI43,AK43,AM43,AO43,AQ43,AS43,AU43,AW43,AY43,BA43,BC43,BE43,BG43,BI43,BK43,BM43,BO43) -> 0 | BS43: =D43='Orçamento Detalhado'!J49 -> TRUE
B44: 2.1.1 | C44: =IF(VLOOKUP(B44,'Orçamento Detalhado'!$A$11:$I$531,4,)="","",(VLOOKUP(B44,'Orçamento Detalhado'!$A$11:$I$531,4,))) -> Locação da Obra | D44: =IF(B44="","",VLOOKUP($B44,'Orçamento Detalhado'!$A$11:$J$531,10,)) | E44: =IFERROR(D44/$D$527,0) -> 0 | F44: 40 | G44: =IFERROR($D44*H44,0) -> 0 | I44: =IFERROR($D44*J44,0) -> 0 | K44: =IFERROR($D44*L44,0) -> 0 | M44: =IFERROR($D44*N44,0) -> 0 | O44: =IFERROR($D44*P44,0) -> 0 | Q44: =IFERROR($D44*R44,0) -> 0 | S44: =IFERROR($D44*T44,0) -> 0 | U44: =IFERROR($D44*V44,0) -> 0 | W44: =IFERROR($D44*X44,0) -> 0 | Y44: =IFERROR($D44*Z44,0) -> 0 | AA44: =IFERROR($D44*AB44,0) -> 0 | AC44: =IFERROR($D44*AD44,0) -> 0 | AE44: =IFERROR($D44*AF44,0) -> 0 | AG44: =IFERROR($D44*AH44,0) -> 0 | AI44: =IFERROR($D44*AJ44,0) -> 0 | AK44: =IFERROR($D44*AL44,0) -> 0 | AM44: =IFERROR($D44*AN44,0) -> 0 | AO44: =IFERROR($D44*AP44,0) -> 0 | AQ44: =IFERROR($D44*AR44,0) -> 0 | AS44: =IFERROR($D44*AT44,0) -> 0 | AU44: =IFERROR($D44*AV44,0) -> 0 | AW44: =IFERROR($D44*AX44,0) -> 0 | AY44: =IFERROR($D44*AZ44,0) -> 0 | BA44: =IFERROR($D44*BB44,0) -> 0 | BC44: =IFERROR($D44*BD44,0) -> 0 | BE44: =IFERROR($D44*BF44,0) -> 0 | BG44: =IFERROR($D44*BH44,0) -> 0 | BI44: =IFERROR($D44*BJ44,0) -> 0 | BK44: =IFERROR($D44*BL44,0) -> 0 | BM44: =IFERROR($D44*BN44,0) -> 0 | BO44: =IFERROR($D44*BP44,0) -> 0 | BQ44: =SUM(BN44,BL44,BJ44,BH44,BF44,BD44,BB44,AZ44,AX44,AV44,AT44,AR44,AP44,AN44,AL44,AJ44,AH44,AF44,AD44,AB44,Z44,X44,V44,T44,R44,P44,N44,L44,J44,H44,BP44) -> 0 | BR44: =SUM(G44,I44,K44,M44,O44,Q44,S44,U44,W44,Y44,AA44,AC44,AE44,AG44,AI44,AK44,AM44,AO44,AQ44,AS44,AU44,AW44,AY44,BA44,BC44,BE44,BG44,BI44,BK44,BM44,BO44) -> 0 | BS44: =D44='Orçamento Detalhado'!J50 -> TRUE
B45: 2.1.2 | C45: =IF(VLOOKUP(B45,'Orçamento Detalhado'!$A$11:$I$531,4,)="","",(VLOOKUP(B45,'Orçamento Detalhado'!$A$11:$I$531,4,))) -> Fundações Profundas | D45: =IF(B45="","",VLOOKUP($B45,'Orçamento Detalhado'!$A$11:$J$531,10,)) | E45: =IFERROR(D45/$D$527,0) -> 0 | F45: 41 | G45: =IFERROR($D45*H45,0) -> 0 | I45: =IFERROR($D45*J45,0) -> 0 | K45: =IFERROR($D45*L45,0) -> 0 | M45: =IFERROR($D45*N45,0) -> 0 | O45: =IFERROR($D45*P45,0) -> 0 | Q45: =IFERROR($D45*R45,0) -> 0 | S45: =IFERROR($D45*T45,0) -> 0 | U45: =IFERROR($D45*V45,0) -> 0 | W45: =IFERROR($D45*X45,0) -> 0 | Y45: =IFERROR($D45*Z45,0) -> 0 | AA45: =IFERROR($D45*AB45,0) -> 0 | AC45: =IFERROR($D45*AD45,0) -> 0 | AE45: =IFERROR($D45*AF45,0) -> 0 | AG45: =IFERROR($D45*AH45,0) -> 0 | AI45: =IFERROR($D45*AJ45,0) -> 0 | AK45: =IFERROR($D45*AL45,0) -> 0 | AM45: =IFERROR($D45*AN45,0) -> 0 | AO45: =IFERROR($D45*AP45,0) -> 0 | AQ45: =IFERROR($D45*AR45,0) -> 0 | AS45: =IFERROR($D45*AT45,0) -> 0 | AU45: =IFERROR($D45*AV45,0) -> 0 | AW45: =IFERROR($D45*AX45,0) -> 0 | AY45: =IFERROR($D45*AZ45,0) -> 0 | BA45: =IFERROR($D45*BB45,0) -> 0 | BC45: =IFERROR($D45*BD45,0) -> 0 | BE45: =IFERROR($D45*BF45,0) -> 0 | BG45: =IFERROR($D45*BH45,0) -> 0 | BI45: =IFERROR($D45*BJ45,0) -> 0 | BK45: =IFERROR($D45*BL45,0) -> 0 | BM45: =IFERROR($D45*BN45,0) -> 0 | BO45: =IFERROR($D45*BP45,0) -> 0 | BQ45: =SUM(BN45,BL45,BJ45,BH45,BF45,BD45,BB45,AZ45,AX45,AV45,AT45,AR45,AP45,AN45,AL45,AJ45,AH45,AF45,AD45,AB45,Z45,X45,V45,T45,R45,P45,N45,L45,J45,H45,BP45) -> 0 | BR45: =SUM(G45,I45,K45,M45,O45,Q45,S45,U45,W45,Y45,AA45,AC45,AE45,AG45,AI45,AK45,AM45,AO45,AQ45,AS45,AU45,AW45,AY45,BA45,BC45,BE45,BG45,BI45,BK45,BM45,BO45) -> 0 | BS45: =D45='Orçamento Detalhado'!J51 -> TRUE
B46: 2.1.3 | C46: =IF(VLOOKUP(B46,'Orçamento Detalhado'!$A$11:$I$531,4,)="","",(VLOOKUP(B46,'Orçamento Detalhado'!$A$11:$I$531,4,))) -> Fundações Superficiais | D46: =IF(B46="","",VLOOKUP($B46,'Orçamento Detalhado'!$A$11:$J$531,10,)) | E46: =IFERROR(D46/$D$527,0) -> 0 | F46: 42 | G46: =IFERROR($D46*H46,0) -> 0 | I46: =IFERROR($D46*J46,0) -> 0 | K46: =IFERROR($D46*L46,0) -> 0 | M46: =IFERROR($D46*N46,0) -> 0 | O46: =IFERROR($D46*P46,0) -> 0 | Q46: =IFERROR($D46*R46,0) -> 0 | S46: =IFERROR($D46*T46,0) -> 0 | U46: =IFERROR($D46*V46,0) -> 0 | W46: =IFERROR($D46*X46,0) -> 0 | Y46: =IFERROR($D46*Z46,0) -> 0 | AA46: =IFERROR($D46*AB46,0) -> 0 | AC46: =IFERROR($D46*AD46,0) -> 0 | AE46: =IFERROR($D46*AF46,0) -> 0 | AG46: =IFERROR($D46*AH46,0) -> 0 | AI46: =IFERROR($D46*AJ46,0) -> 0 | AK46: =IFERROR($D46*AL46,0) -> 0 | AM46: =IFERROR($D46*AN46,0) -> 0 | AO46: =IFERROR($D46*AP46,0) -> 0 | AQ46: =IFERROR($D46*AR46,0) -> 0 | AS46: =IFERROR($D46*AT46,0) -> 0 | AU46: =IFERROR($D46*AV46,0) -> 0 | AW46: =IFERROR($D46*AX46,0) -> 0 | AY46: =IFERROR($D46*AZ46,0) -> 0 | BA46: =IFERROR($D46*BB46,0) -> 0 | BC46: =IFERROR($D46*BD46,0) -> 0 | BE46: =IFERROR($D46*BF46,0) -> 0 | BG46: =IFERROR($D46*BH46,0) -> 0 | BI46: =IFERROR($D46*BJ46,0) -> 0 | BK46: =IFERROR($D46*BL46,0) -> 0 | BM46: =IFERROR($D46*BN46,0) -> 0 | BO46: =IFERROR($D46*BP46,0) -> 0 | BQ46: =SUM(BN46,BL46,BJ46,BH46,BF46,BD46,BB46,AZ46,AX46,AV46,AT46,AR46,AP46,AN46,AL46,AJ46,AH46,AF46,AD46,AB46,Z46,X46,V46,T46,R46,P46,N46,L46,J46,H46,BP46) -> 0 | BR46: =SUM(G46,I46,K46,M46,O46,Q46,S46,U46,W46,Y46,AA46,AC46,AE46,AG46,AI46,AK46,AM46,AO46,AQ46,AS46,AU46,AW46,AY46,BA46,BC46,BE46,BG46,BI46,BK46,BM46,BO46) -> 0 | BS46: =D46='Orçamento Detalhado'!J52 -> TRUE
B47: 2.1.4 | C47: =IF(VLOOKUP(B47,'Orçamento Detalhado'!$A$11:$I$531,4,)="","",(VLOOKUP(B47,'Orçamento Detalhado'!$A$11:$I$531,4,))) -> Blocos,Vigas Baldrames e Alavancas | D47: =IF(B47="","",VLOOKUP($B47,'Orçamento Detalhado'!$A$11:$J$531,10,)) | E47: =IFERROR(D47/$D$527,0) -> 0 | F47: 43 | G47: =IFERROR($D47*H47,0) -> 0 | I47: =IFERROR($D47*J47,0) -> 0 | K47: =IFERROR($D47*L47,0) -> 0 | M47: =IFERROR($D47*N47,0) -> 0 | O47: =IFERROR($D47*P47,0) -> 0 | Q47: =IFERROR($D47*R47,0) -> 0 | S47: =IFERROR($D47*T47,0) -> 0 | U47: =IFERROR($D47*V47,0) -> 0 | W47: =IFERROR($D47*X47,0) -> 0 | Y47: =IFERROR($D47*Z47,0) -> 0 | AA47: =IFERROR($D47*AB47,0) -> 0 | AC47: =IFERROR($D47*AD47,0) -> 0 | AE47: =IFERROR($D47*AF47,0) -> 0 | AG47: =IFERROR($D47*AH47,0) -> 0 | AI47: =IFERROR($D47*AJ47,0) -> 0 | AK47: =IFERROR($D47*AL47,0) -> 0 | AM47: =IFERROR($D47*AN47,0) -> 0 | AO47: =IFERROR($D47*AP47,0) -> 0 | AQ47: =IFERROR($D47*AR47,0) -> 0 | AS47: =IFERROR($D47*AT47,0) -> 0 | AU47: =IFERROR($D47*AV47,0) -> 0 | AW47: =IFERROR($D47*AX47,0) -> 0 | AY47: =IFERROR($D47*AZ47,0) -> 0 | BA47: =IFERROR($D47*BB47,0) -> 0 | BC47: =IFERROR($D47*BD47,0) -> 0 | BE47: =IFERROR($D47*BF47,0) -> 0 | BG47: =IFERROR($D47*BH47,0) -> 0 | BI47: =IFERROR($D47*BJ47,0) -> 0 | BK47: =IFERROR($D47*BL47,0) -> 0 | BM47: =IFERROR($D47*BN47,0) -> 0 | BO47: =IFERROR($D47*BP47,0) -> 0 | BQ47: =SUM(BN47,BL47,BJ47,BH47,BF47,BD47,BB47,AZ47,AX47,AV47,AT47,AR47,AP47,AN47,AL47,AJ47,AH47,AF47,AD47,AB47,Z47,X47,V47,T47,R47,P47,N47,L47,J47,H47,BP47) -> 0 | BR47: =SUM(G47,I47,K47,M47,O47,Q47,S47,U47,W47,Y47,AA47,AC47,AE47,AG47,AI47,AK47,AM47,AO47,AQ47,AS47,AU47,AW47,AY47,BA47,BC47,BE47,BG47,BI47,BK47,BM47,BO47) -> 0 | BS47: =D47='Orçamento Detalhado'!J53 -> TRUE
B48: 2.1.5 | C48: =IF(VLOOKUP(B48,'Orçamento Detalhado'!$A$11:$I$531,4,)="","",(VLOOKUP(B48,'Orçamento Detalhado'!$A$11:$I$531,4,))) -> Desmonte em Rocha | D48: =IF(B48="","",VLOOKUP($B48,'Orçamento Detalhado'!$A$11:$J$531,10,)) | E48: =IFERROR(D48/$D$527,0) -> 0 | F48: 44 | G48: =IFERROR($D48*H48,0) -> 0 | I48: =IFERROR($D48*J48,0) -> 0 | K48: =IFERROR($D48*L48,0) -> 0 | M48: =IFERROR($D48*N48,0) -> 0 | O48: =IFERROR($D48*P48,0) -> 0 | Q48: =IFERROR($D48*R48,0) -> 0 | S48: =IFERROR($D48*T48,0) -> 0 | U48: =IFERROR($D48*V48,0) -> 0 | W48: =IFERROR($D48*X48,0) -> 0 | Y48: =IFERROR($D48*Z48,0) -> 0 | AA48: =IFERROR($D48*AB48,0) -> 0 | AC48: =IFERROR($D48*AD48,0) -> 0 | AE48: =IFERROR($D48*AF48,0) -> 0 | AG48: =IFERROR($D48*AH48,0) -> 0 | AI48: =IFERROR($D48*AJ48,0) -> 0 | AK48: =IFERROR($D48*AL48,0) -> 0 | AM48: =IFERROR($D48*AN48,0) -> 0 | AO48: =IFERROR($D48*AP48,0) -> 0 | AQ48: =IFERROR($D48*AR48,0) -> 0 | AS48: =IFERROR($D48*AT48,0) -> 0 | AU48: =IFERROR($D48*AV48,0) -> 0 | AW48: =IFERROR($D48*AX48,0) -> 0 | AY48: =IFERROR($D48*AZ48,0) -> 0 | BA48: =IFERROR($D48*BB48,0) -> 0 | BC48: =IFERROR($D48*BD48,0) -> 0 | BE48: =IFERROR($D48*BF48,0) -> 0 | BG48: =IFERROR($D48*BH48,0) -> 0 | BI48: =IFERROR($D48*BJ48,0) -> 0 | BK48: =IFERROR($D48*BL48,0) -> 0 | BM48: =IFERROR($D48*BN48,0) -> 0 | BO48: =IFERROR($D48*BP48,0) -> 0 | BQ48: =SUM(BN48,BL48,BJ48,BH48,BF48,BD48,BB48,AZ48,AX48,AV48,AT48,AR48,AP48,AN48,AL48,AJ48,AH48,AF48,AD48,AB48,Z48,X48,V48,T48,R48,P48,N48,L48,J48,H48,BP48) -> 0 | BR48: =SUM(G48,I48,K48,M48,O48,Q48,S48,U48,W48,Y48,AA48,AC48,AE48,AG48,AI48,AK48,AM48,AO48,AQ48,AS48,AU48,AW48,AY48,BA48,BC48,BE48,BG48,BI48,BK48,BM48,BO48) -> 0 | BS48: =D48='Orçamento Detalhado'!J54 -> TRUE
B49: 2.1.6 | C49: =IF(VLOOKUP(B49,'Orçamento Detalhado'!$A$11:$I$531,4,)="","",(VLOOKUP(B49,'Orçamento Detalhado'!$A$11:$I$531,4,))) -> Escavação Mecanizada | D49: =IF(B49="","",VLOOKUP($B49,'Orçamento Detalhado'!$A$11:$J$531,10,)) | E49: =IFERROR(D49/$D$527,0) -> 0 | F49: 45 | G49: =IFERROR($D49*H49,0) -> 0 | I49: =IFERROR($D49*J49,0) -> 0 | K49: =IFERROR($D49*L49,0) -> 0 | M49: =IFERROR($D49*N49,0) -> 0 | O49: =IFERROR($D49*P49,0) -> 0 | Q49: =IFERROR($D49*R49,0) -> 0 | S49: =IFERROR($D49*T49,0) -> 0 | U49: =IFERROR($D49*V49,0) -> 0 | W49: =IFERROR($D49*X49,0) -> 0 | Y49: =IFERROR($D49*Z49,0) -> 0 | AA49: =IFERROR($D49*AB49,0) -> 0 | AC49: =IFERROR($D49*AD49,0) -> 0 | AE49: =IFERROR($D49*AF49,0) -> 0 | AG49: =IFERROR($D49*AH49,0) -> 0 | AI49: =IFERROR($D49*AJ49,0) -> 0 | AK49: =IFERROR($D49*AL49,0) -> 0 | AM49: =IFERROR($D49*AN49,0) -> 0 | AO49: =IFERROR($D49*AP49,0) -> 0 | AQ49: =IFERROR($D49*AR49,0) -> 0 | AS49: =IFERROR($D49*AT49,0) -> 0 | AU49: =IFERROR($D49*AV49,0) -> 0 | AW49: =IFERROR($D49*AX49,0) -> 0 | AY49: =IFERROR($D49*AZ49,0) -> 0 | BA49: =IFERROR($D49*BB49,0) -> 0 | BC49: =IFERROR($D49*BD49,0) -> 0 | BE49: =IFERROR($D49*BF49,0) -> 0 | BG49: =IFERROR($D49*BH49,0) -> 0 | BI49: =IFERROR($D49*BJ49,0) -> 0 | BK49: =IFERROR($D49*BL49,0) -> 0 | BM49: =IFERROR($D49*BN49,0) -> 0 | BO49: =IFERROR($D49*BP49,0) -> 0 | BQ49: =SUM(BN49,BL49,BJ49,BH49,BF49,BD49,BB49,AZ49,AX49,AV49,AT49,AR49,AP49,AN49,AL49,AJ49,AH49,AF49,AD49,AB49,Z49,X49,V49,T49,R49,P49,N49,L49,J49,H49,BP49) -> 0 | BR49: =SUM(G49,I49,K49,M49,O49,Q49,S49,U49,W49,Y49,AA49,AC49,AE49,AG49,AI49,AK49,AM49,AO49,AQ49,AS49,AU49,AW49,AY49,BA49,BC49,BE49,BG49,BI49,BK49,BM49,BO49) -> 0 | BS49: =D49='Orçamento Detalhado'!J55 -> TRUE
B50: 2.1.7 | C50: =IF(VLOOKUP(B50,'Orçamento Detalhado'!$A$11:$I$531,4,)="","",(VLOOKUP(B50,'Orçamento Detalhado'!$A$11:$I$531,4,))) -> Reb. Lençol Freático/Drenagem | D50: =IF(B50="","",VLOOKUP($B50,'Orçamento Detalhado'!$A$11:$J$531,10,)) | E50: =IFERROR(D50/$D$527,0) -> 0 | F50: 46 | G50: =IFERROR($D50*H50,0) -> 0 | I50: =IFERROR($D50*J50,0) -> 0 | K50: =IFERROR($D50*L50,0) -> 0 | M50: =IFERROR($D50*N50,0) -> 0 | O50: =IFERROR($D50*P50,0) -> 0 | Q50: =IFERROR($D50*R50,0) -> 0 | S50: =IFERROR($D50*T50,0) -> 0 | U50: =IFERROR($D50*V50,0) -> 0 | W50: =IFERROR($D50*X50,0) -> 0 | Y50: =IFERROR($D50*Z50,0) -> 0 | AA50: =IFERROR($D50*AB50,0) -> 0 | AC50: =IFERROR($D50*AD50,0) -> 0 | AE50: =IFERROR($D50*AF50,0) -> 0 | AG50: =IFERROR($D50*AH50,0) -> 0 | AI50: =IFERROR($D50*AJ50,0) -> 0 | AK50: =IFERROR($D50*AL50,0) -> 0 | AM50: =IFERROR($D50*AN50,0) -> 0 | AO50: =IFERROR($D50*AP50,0) -> 0 | AQ50: =IFERROR($D50*AR50,0) -> 0 | AS50: =IFERROR($D50*AT50,0) -> 0 | AU50: =IFERROR($D50*AV50,0) -> 0 | AW50: =IFERROR($D50*AX50,0) -> 0 | AY50: =IFERROR($D50*AZ50,0) -> 0 | BA50: =IFERROR($D50*BB50,0) -> 0 | BC50: =IFERROR($D50*BD50,0) -> 0 | BE50: =IFERROR($D50*BF50,0) -> 0 | BG50: =IFERROR($D50*BH50,0) -> 0 | BI50: =IFERROR($D50*BJ50,0) -> 0 | BK50: =IFERROR($D50*BL50,0) -> 0 | BM50: =IFERROR($D50*BN50,0) -> 0 | BO50: =IFERROR($D50*BP50,0) -> 0 | BQ50: =SUM(BN50,BL50,BJ50,BH50,BF50,BD50,BB50,AZ50,AX50,AV50,AT50,AR50,AP50,AN50,AL50,AJ50,AH50,AF50,AD50,AB50,Z50,X50,V50,T50,R50,P50,N50,L50,J50,H50,BP50) -> 0 | BR50: =SUM(G50,I50,K50,M50,O50,Q50,S50,U50,W50,Y50,AA50,AC50,AE50,AG50,AI50,AK50,AM50,AO50,AQ50,AS50,AU50,AW50,AY50,BA50,BC50,BE50,BG50,BI50,BK50,BM50,BO50) -> 0 | BS50: =D50='Orçamento Detalhado'!J56 -> TRUE
B51: 2.1.8 | C51: =IF(VLOOKUP(B51,'Orçamento Detalhado'!$A$11:$I$531,4,)="","",(VLOOKUP(B51,'Orçamento Detalhado'!$A$11:$I$531,4,))) -> Escavação Manual | D51: =IF(B51="","",VLOOKUP($B51,'Orçamento Detalhado'!$A$11:$J$531,10,)) | E51: =IFERROR(D51/$D$527,0) -> 0 | F51: 47 | G51: =IFERROR($D51*H51,0) -> 0 | I51: =IFERROR($D51*J51,0) -> 0 | K51: =IFERROR($D51*L51,0) -> 0 | M51: =IFERROR($D51*N51,0) -> 0 | O51: =IFERROR($D51*P51,0) -> 0 | Q51: =IFERROR($D51*R51,0) -> 0 | S51: =IFERROR($D51*T51,0) -> 0 | U51: =IFERROR($D51*V51,0) -> 0 | W51: =IFERROR($D51*X51,0) -> 0 | Y51: =IFERROR($D51*Z51,0) -> 0 | AA51: =IFERROR($D51*AB51,0) -> 0 | AC51: =IFERROR($D51*AD51,0) -> 0 | AE51: =IFERROR($D51*AF51,0) -> 0 | AG51: =IFERROR($D51*AH51,0) -> 0 | AI51: =IFERROR($D51*AJ51,0) -> 0 | AK51: =IFERROR($D51*AL51,0) -> 0 | AM51: =IFERROR($D51*AN51,0) -> 0 | AO51: =IFERROR($D51*AP51,0) -> 0 | AQ51: =IFERROR($D51*AR51,0) -> 0 | AS51: =IFERROR($D51*AT51,0) -> 0 | AU51: =IFERROR($D51*AV51,0) -> 0 | AW51: =IFERROR($D51*AX51,0) -> 0 | AY51: =IFERROR($D51*AZ51,0) -> 0 | BA51: =IFERROR($D51*BB51,0) -> 0 | BC51: =IFERROR($D51*BD51,0) -> 0 | BE51: =IFERROR($D51*BF51,0) -> 0 | BG51: =IFERROR($D51*BH51,0) -> 0 | BI51: =IFERROR($D51*BJ51,0) -> 0 | BK51: =IFERROR($D51*BL51,0) -> 0 | BM51: =IFERROR($D51*BN51,0) -> 0 | BO51: =IFERROR($D51*BP51,0) -> 0 | BQ51: =SUM(BN51,BL51,BJ51,BH51,BF51,BD51,BB51,AZ51,AX51,AV51,AT51,AR51,AP51,AN51,AL51,AJ51,AH51,AF51,AD51,AB51,Z51,X51,V51,T51,R51,P51,N51,L51,J51,H51,BP51) -> 0 | BR51: =SUM(G51,I51,K51,M51,O51,Q51,S51,U51,W51,Y51,AA51,AC51,AE51,AG51,AI51,AK51,AM51,AO51,AQ51,AS51,AU51,AW51,AY51,BA51,BC51,BE51,BG51,BI51,BK51,BM51,BO51) -> 0 | BS51: =D51='Orçamento Detalhado'!J57 -> TRUE
B52: 2.1.9 | C52: =IF(VLOOKUP(B52,'Orçamento Detalhado'!$A$11:$I$531,4,)="","",(VLOOKUP(B52,'Orçamento Detalhado'!$A$11:$I$531,4,))) -> Aterro e apiloamento | D52: =IF(B52="","",VLOOKUP($B52,'Orçamento Detalhado'!$A$11:$J$531,10,)) | E52: =IFERROR(D52/$D$527,0) -> 0 | F52: 48 | G52: =IFERROR($D52*H52,0) -> 0 | I52: =IFERROR($D52*J52,0) -> 0 | K52: =IFERROR($D52*L52,0) -> 0 | M52: =IFERROR($D52*N52,0) -> 0 | O52: =IFERROR($D52*P52,0) -> 0 | Q52: =IFERROR($D52*R52,0) -> 0 | S52: =IFERROR($D52*T52,0) -> 0 | U52: =IFERROR($D52*V52,0) -> 0 | W52: =IFERROR($D52*X52,0) -> 0 | Y52: =IFERROR($D52*Z52,0) -> 0 | AA52: =IFERROR($D52*AB52,0) -> 0 | AC52: =IFERROR($D52*AD52,0) -> 0 | AE52: =IFERROR($D52*AF52,0) -> 0 | AG52: =IFERROR($D52*AH52,0) -> 0 | AI52: =IFERROR($D52*AJ52,0) -> 0 | AK52: =IFERROR($D52*AL52,0) -> 0 | AM52: =IFERROR($D52*AN52,0) -> 0 | AO52: =IFERROR($D52*AP52,0) -> 0 | AQ52: =IFERROR($D52*AR52,0) -> 0 | AS52: =IFERROR($D52*AT52,0) -> 0 | AU52: =IFERROR($D52*AV52,0) -> 0 | AW52: =IFERROR($D52*AX52,0) -> 0 | AY52: =IFERROR($D52*AZ52,0) -> 0 | BA52: =IFERROR($D52*BB52,0) -> 0 | BC52: =IFERROR($D52*BD52,0) -> 0 | BE52: =IFERROR($D52*BF52,0) -> 0 | BG52: =IFERROR($D52*BH52,0) -> 0 | BI52: =IFERROR($D52*BJ52,0) -> 0 | BK52: =IFERROR($D52*BL52,0) -> 0 | BM52: =IFERROR($D52*BN52,0) -> 0 | BO52: =IFERROR($D52*BP52,0) -> 0 | BQ52: =SUM(BN52,BL52,BJ52,BH52,BF52,BD52,BB52,AZ52,AX52,AV52,AT52,AR52,AP52,AN52,AL52,AJ52,AH52,AF52,AD52,AB52,Z52,X52,V52,T52,R52,P52,N52,L52,J52,H52,BP52) -> 0 | BR52: =SUM(G52,I52,K52,M52,O52,Q52,S52,U52,W52,Y52,AA52,AC52,AE52,AG52,AI52,AK52,AM52,AO52,AQ52,AS52,AU52,AW52,AY52,BA52,BC52,BE52,BG52,BI52,BK52,BM52,BO52) -> 0 | BS52: =D52='Orçamento Detalhado'!J58 -> TRUE
B53: 2.1.10 | C53: =IF(VLOOKUP(B53,'Orçamento Detalhado'!$A$11:$I$531,4,)="","",(VLOOKUP(B53,'Orçamento Detalhado'!$A$11:$I$531,4,))) -> Impermeabilização de vigas e baldrames | D53: =IF(B53="","",VLOOKUP($B53,'Orçamento Detalhado'!$A$11:$J$531,10,)) | E53: =IFERROR(D53/$D$527,0) -> 0 | F53: 49 | G53: =IFERROR($D53*H53,0) -> 0 | I53: =IFERROR($D53*J53,0) -> 0 | K53: =IFERROR($D53*L53,0) -> 0 | M53: =IFERROR($D53*N53,0) -> 0 | O53: =IFERROR($D53*P53,0) -> 0 | Q53: =IFERROR($D53*R53,0) -> 0 | S53: =IFERROR($D53*T53,0) -> 0 | U53: =IFERROR($D53*V53,0) -> 0 | W53: =IFERROR($D53*X53,0) -> 0 | Y53: =IFERROR($D53*Z53,0) -> 0 | AA53: =IFERROR($D53*AB53,0) -> 0 | AC53: =IFERROR($D53*AD53,0) -> 0 | AE53: =IFERROR($D53*AF53,0) -> 0 | AG53: =IFERROR($D53*AH53,0) -> 0 | AI53: =IFERROR($D53*AJ53,0) -> 0 | AK53: =IFERROR($D53*AL53,0) -> 0 | AM53: =IFERROR($D53*AN53,0) -> 0 | AO53: =IFERROR($D53*AP53,0) -> 0 | AQ53: =IFERROR($D53*AR53,0) -> 0 | AS53: =IFERROR($D53*AT53,0) -> 0 | AU53: =IFERROR($D53*AV53,0) -> 0 | AW53: =IFERROR($D53*AX53,0) -> 0 | AY53: =IFERROR($D53*AZ53,0) -> 0 | BA53: =IFERROR($D53*BB53,0) -> 0 | BC53: =IFERROR($D53*BD53,0) -> 0 | BE53: =IFERROR($D53*BF53,0) -> 0 | BG53: =IFERROR($D53*BH53,0) -> 0 | BI53: =IFERROR($D53*BJ53,0) -> 0 | BK53: =IFERROR($D53*BL53,0) -> 0 | BM53: =IFERROR($D53*BN53,0) -> 0 | BO53: =IFERROR($D53*BP53,0) -> 0 | BQ53: =SUM(BN53,BL53,BJ53,BH53,BF53,BD53,BB53,AZ53,AX53,AV53,AT53,AR53,AP53,AN53,AL53,AJ53,AH53,AF53,AD53,AB53,Z53,X53,V53,T53,R53,P53,N53,L53,J53,H53,BP53) -> 0 | BR53: =SUM(G53,I53,K53,M53,O53,Q53,S53,U53,W53,Y53,AA53,AC53,AE53,AG53,AI53,AK53,AM53,AO53,AQ53,AS53,AU53,AW53,AY53,BA53,BC53,BE53,BG53,BI53,BK53,BM53,BO53) -> 0 | BS53: =D53='Orçamento Detalhado'!J59 -> TRUE
B54: 2.1.11 | C54: =IF(VLOOKUP(B54,'Orçamento Detalhado'!$A$11:$I$531,4,)="","",(VLOOKUP(B54,'Orçamento Detalhado'!$A$11:$I$531,4,))) | D54: =IF(B54="","",VLOOKUP($B54,'Orçamento Detalhado'!$A$11:$J$531,10,)) | E54: =IFERROR(D54/$D$527,0) -> 0 | F54: 50 | G54: =IFERROR($D54*H54,0) -> 0 | I54: =IFERROR($D54*J54,0) -> 0 | K54: =IFERROR($D54*L54,0) -> 0 | M54: =IFERROR($D54*N54,0) -> 0 | O54: =IFERROR($D54*P54,0) -> 0 | Q54: =IFERROR($D54*R54,0) -> 0 | S54: =IFERROR($D54*T54,0) -> 0 | U54: =IFERROR($D54*V54,0) -> 0 | W54: =IFERROR($D54*X54,0) -> 0 | Y54: =IFERROR($D54*Z54,0) -> 0 | AA54: =IFERROR($D54*AB54,0) -> 0 | AC54: =IFERROR($D54*AD54,0) -> 0 | AE54: =IFERROR($D54*AF54,0) -> 0 | AG54: =IFERROR($D54*AH54,0) -> 0 | AI54: =IFERROR($D54*AJ54,0) -> 0 | AK54: =IFERROR($D54*AL54,0) -> 0 | AM54: =IFERROR($D54*AN54,0) -> 0 | AO54: =IFERROR($D54*AP54,0) -> 0 | AQ54: =IFERROR($D54*AR54,0) -> 0 | AS54: =IFERROR($D54*AT54,0) -> 0 | AU54: =IFERROR($D54*AV54,0) -> 0 | AW54: =IFERROR($D54*AX54,0) -> 0 | AY54: =IFERROR($D54*AZ54,0) -> 0 | BA54: =IFERROR($D54*BB54,0) -> 0 | BC54: =IFERROR($D54*BD54,0) -> 0 | BE54: =IFERROR($D54*BF54,0) -> 0 | BG54: =IFERROR($D54*BH54,0) -> 0 | BI54: =IFERROR($D54*BJ54,0) -> 0 | BK54: =IFERROR($D54*BL54,0) -> 0 | BM54: =IFERROR($D54*BN54,0) -> 0 | BO54: =IFERROR($D54*BP54,0) -> 0 | BQ54: =SUM(BN54,BL54,BJ54,BH54,BF54,BD54,BB54,AZ54,AX54,AV54,AT54,AR54,AP54,AN54,AL54,AJ54,AH54,AF54,AD54,AB54,Z54,X54,V54,T54,R54,P54,N54,L54,J54,H54,BP54) -> 0 | BR54: =SUM(G54,I54,K54,M54,O54,Q54,S54,U54,W54,Y54,AA54,AC54,AE54,AG54,AI54,AK54,AM54,AO54,AQ54,AS54,AU54,AW54,AY54,BA54,BC54,BE54,BG54,BI54,BK54,BM54,BO54) -> 0 | BS54: =D54='Orçamento Detalhado'!J60 -> TRUE
B55: 2.1.12 | C55: =IF(VLOOKUP(B55,'Orçamento Detalhado'!$A$11:$I$531,4,)="","",(VLOOKUP(B55,'Orçamento Detalhado'!$A$11:$I$531,4,))) | D55: =IF(B55="","",VLOOKUP($B55,'Orçamento Detalhado'!$A$11:$J$531,10,)) | E55: =IFERROR(D55/$D$527,0) -> 0 | F55: 51 | G55: =IFERROR($D55*H55,0) -> 0 | I55: =IFERROR($D55*J55,0) -> 0 | K55: =IFERROR($D55*L55,0) -> 0 | M55: =IFERROR($D55*N55,0) -> 0 | O55: =IFERROR($D55*P55,0) -> 0 | Q55: =IFERROR($D55*R55,0) -> 0 | S55: =IFERROR($D55*T55,0) -> 0 | U55: =IFERROR($D55*V55,0) -> 0 | W55: =IFERROR($D55*X55,0) -> 0 | Y55: =IFERROR($D55*Z55,0) -> 0 | AA55: =IFERROR($D55*AB55,0) -> 0 | AC55: =IFERROR($D55*AD55,0) -> 0 | AE55: =IFERROR($D55*AF55,0) -> 0 | AG55: =IFERROR($D55*AH55,0) -> 0 | AI55: =IFERROR($D55*AJ55,0) -> 0 | AK55: =IFERROR($D55*AL55,0) -> 0 | AM55: =IFERROR($D55*AN55,0) -> 0 | AO55: =IFERROR($D55*AP55,0) -> 0 | AQ55: =IFERROR($D55*AR55,0) -> 0 | AS55: =IFERROR($D55*AT55,0) -> 0 | AU55: =IFERROR($D55*AV55,0) -> 0 | AW55: =IFERROR($D55*AX55,0) -> 0 | AY55: =IFERROR($D55*AZ55,0) -> 0 | BA55: =IFERROR($D55*BB55,0) -> 0 | BC55: =IFERROR($D55*BD55,0) -> 0 | BE55: =IFERROR($D55*BF55,0) -> 0 | BG55: =IFERROR($D55*BH55,0) -> 0 | BI55: =IFERROR($D55*BJ55,0) -> 0 | BK55: =IFERROR($D55*BL55,0) -> 0 | BM55: =IFERROR($D55*BN55,0) -> 0 | BO55: =IFERROR($D55*BP55,0) -> 0 | BQ55: =SUM(BN55,BL55,BJ55,BH55,BF55,BD55,BB55,AZ55,AX55,AV55,AT55,AR55,AP55,AN55,AL55,AJ55,AH55,AF55,AD55,AB55,Z55,X55,V55,T55,R55,P55,N55,L55,J55,H55,BP55) -> 0 | BR55: =SUM(G55,I55,K55,M55,O55,Q55,S55,U55,W55,Y55,AA55,AC55,AE55,AG55,AI55,AK55,AM55,AO55,AQ55,AS55,AU55,AW55,AY55,BA55,BC55,BE55,BG55,BI55,BK55,BM55,BO55) -> 0 | BS55: =D55='Orçamento Detalhado'!J61 -> TRUE
... B58: 2.1.15 | C58: =IF(VLOOKUP(B58,'Orçamento Detalhado'!$A$11:$I$531,4,)="","",(VLOOKUP(B58,'Orçamento Detalhado'!$A$11:$I$531,4,))) | D58: =IF(B58="","",VLOOKUP($B58,'Orçamento Detalhado'!$A$11:$J$531,10,)) | E58: =IFERROR(D58/$D$527,0) -> 0 | F58: 54 | G58: =IFERROR($D58*H58,0) -> 0 | I58: =IFERROR($D58*J58,0) -> 0 | K58: =IFERROR($D58*L58,0) -> 0 | M58: =IFERROR($D58*N58,0) -> 0 | O58: =IFERROR($D58*P58,0) -> 0 | Q58: =IFERROR($D58*R58,0) -> 0 | S58: =IFERROR($D58*T58,0) -> 0 | U58: =IFERROR($D58*V58,0) -> 0 | W58: =IFERROR($D58*X58,0) -> 0 | Y58: =IFERROR($D58*Z58,0) -> 0 | AA58: =IFERROR($D58*AB58,0) -> 0 | AC58: =IFERROR($D58*AD58,0) -> 0 | AE58: =IFERROR($D58*AF58,0) -> 0 | AG58: =IFERROR($D58*AH58,0) -> 0 | AI58: =IFERROR($D58*AJ58,0) -> 0 | AK58: =IFERROR($D58*AL58,0) -> 0 | AM58: =IFERROR($D58*AN58,0) -> 0 | AO58: =IFERROR($D58*AP58,0) -> 0 | AQ58: =IFERROR($D58*AR58,0) -> 0 | AS58: =IFERROR($D58*AT58,0) -> 0 | AU58: =IFERROR($D58*AV58,0) -> 0 | AW58: =IFERROR($D58*AX58,0) -> 0 | AY58: =IFERROR($D58*AZ58,0) -> 0 | BA58: =IFERROR($D58*BB58,0) -> 0 | BC58: =IFERROR($D58*BD58,0) -> 0 | BE58: =IFERROR($D58*BF58,0) -> 0 | BG58: =IFERROR($D58*BH58,0) -> 0 | BI58: =IFERROR($D58*BJ58,0) -> 0 | BK58: =IFERROR($D58*BL58,0) -> 0 | BM58: =IFERROR($D58*BN58,0) -> 0 | BO58: =IFERROR($D58*BP58,0) -> 0 | BQ58: =SUM(BN58,BL58,BJ58,BH58,BF58,BD58,BB58,AZ58,AX58,AV58,AT58,AR58,AP58,AN58,AL58,AJ58,AH58,AF58,AD58,AB58,Z58,X58,V58,T58,R58,P58,N58,L58,J58,H58,BP58) -> 0 | BR58: =SUM(G58,I58,K58,M58,O58,Q58,S58,U58,W58,Y58,AA58,AC58,AE58,AG58,AI58,AK58,AM58,AO58,AQ58,AS58,AU58,AW58,AY58,BA58,BC58,BE58,BG58,BI58,BK58,BM58,BO58) -> 0 | BS58: =D58='Orçamento Detalhado'!J64 -> TRUE
B59: 2.2 | C59: =IF(B59="","",VLOOKUP(B59,'Orçamento Detalhado'!$A$11:$I$531,4,)) -> ESTRUTURA | D59: =SUM(D60:D70) -> 0 | E59: =IFERROR(D59/$D$527,0) -> 0 | F59: 55 | G59: =SUM(G60:G70) -> 0 | H59: =IFERROR(G59/$D59,0) -> 0 | I59: =SUM(I60:I70) -> 0 | J59: =IFERROR(I59/$D59,0) -> 0 | K59: =SUM(K60:K70) -> 0 | L59: =IFERROR(K59/$D59,0) -> 0 | M59: =SUM(M60:M70) -> 0 | N59: =IFERROR(M59/$D59,0) -> 0 | O59: =SUM(O60:O70) -> 0 | P59: =IFERROR(O59/$D59,0) -> 0 | Q59: =SUM(Q60:Q70) -> 0 | R59: =IFERROR(Q59/$D59,0) -> 0 | S59: =SUM(S60:S70) -> 0 | T59: =IFERROR(S59/$D59,0) -> 0 | U59: =SUM(U60:U70) -> 0 | V59: =IFERROR(U59/$D59,0) -> 0 | W59: =SUM(W60:W70) -> 0 | X59: =IFERROR(W59/$D59,0) -> 0 | Y59: =SUM(Y60:Y70) -> 0 | Z59: =IFERROR(Y59/$D59,0) -> 0 | AA59: =SUM(AA60:AA70) -> 0 | AB59: =IFERROR(AA59/$D59,0) -> 0 | AC59: =SUM(AC60:AC70) -> 0 | AD59: =IFERROR(AC59/$D59,0) -> 0 | AE59: =SUM(AE60:AE70) -> 0 | AF59: =IFERROR(AE59/$D59,0) -> 0 | AG59: =SUM(AG60:AG70) -> 0 | AH59: =IFERROR(AG59/$D59,0) -> 0 | AI59: =SUM(AI60:AI70) -> 0 | AJ59: =IFERROR(AI59/$D59,0) -> 0 | AK59: =SUM(AK60:AK70) -> 0 | AL59: =IFERROR(AK59/$D59,0) -> 0 | AM59: =SUM(AM60:AM70) -> 0 | AN59: =IFERROR(AM59/$D59,0) -> 0 | AO59: =SUM(AO60:AO70) -> 0 | AP59: =IFERROR(AO59/$D59,0) -> 0 | AQ59: =SUM(AQ60:AQ70) -> 0 | AR59: =IFERROR(AQ59/$D59,0) -> 0 | AS59: =SUM(AS60:AS70) -> 0 | AT59: =IFERROR(AS59/$D59,0) -> 0 | AU59: =SUM(AU60:AU70) -> 0 | AV59: =IFERROR(AU59/$D59,0) -> 0 | AW59: =SUM(AW60:AW70) -> 0 | AX59: =IFERROR(AW59/$D59,0) -> 0 | AY59: =SUM(AY60:AY70) -> 0 | AZ59: =IFERROR(AY59/$D59,0) -> 0 | BA59: =SUM(BA60:BA70) -> 0 | BB59: =IFERROR(BA59/$D59,0) -> 0 | BC59: =SUM(BC60:BC70) -> 0 | BD59: =IFERROR(BC59/$D59,0) -> 0 | BE59: =SUM(BE60:BE70) -> 0 | BF59: =IFERROR(BE59/$D59,0) -> 0 | BG59: =SUM(BG60:BG70) -> 0 | BH59: =IFERROR(BG59/$D59,0) -> 0 | BI59: =SUM(BI60:BI70) -> 0 | BJ59: =IFERROR(BI59/$D59,0) -> 0 | BK59: =SUM(BK60:BK70) -> 0 | BL59: =IFERROR(BK59/$D59,0) -> 0 | BM59: =SUM(BM60:BM70) -> 0 | BN59: =IFERROR(BM59/$D59,0) -> 0 | BO59: =SUM(BO60:BO70) -> 0 | BP59: =IFERROR(BO59/$D59,0) -> 0 | BQ59: =SUM(BN59,BL59,BJ59,BH59,BF59,BD59,BB59,AZ59,AX59,AV59,AT59,AR59,AP59,AN59,AL59,AJ59,AH59,AF59,AD59,AB59,Z59,X59,V59,T59,R59,P59,N59,L59,J59,H59,BP59) -> 0 | BR59: =SUM(G59,I59,K59,M59,O59,Q59,S59,U59,W59,Y59,AA59,AC59,AE59,AG59,AI59,AK59,AM59,AO59,AQ59,AS59,AU59,AW59,AY59,BA59,BC59,BE59,BG59,BI59,BK59,BM59,BO59) -> 0 | BS59: =D59='Orçamento Detalhado'!J65 -> TRUE
B60: 2.2.1 | C60: =IF(VLOOKUP(B60,'Orçamento Detalhado'!$A$11:$I$531,4,)="","",(VLOOKUP(B60,'Orçamento Detalhado'!$A$11:$I$531,4,))) -> Forma | D60: =IF(B60="","",VLOOKUP($B60,'Orçamento Detalhado'!$A$11:$J$531,10,)) | E60: =IFERROR(D60/$D$527,0) -> 0 | F60: 56 | G60: =IFERROR($D60*H60,0) -> 0 | I60: =IFERROR($D60*J60,0) -> 0 | K60: =IFERROR($D60*L60,0) -> 0 | M60: =IFERROR($D60*N60,0) -> 0 | O60: =IFERROR($D60*P60,0) -> 0 | Q60: =IFERROR($D60*R60,0) -> 0 | S60: =IFERROR($D60*T60,0) -> 0 | U60: =IFERROR($D60*V60,0) -> 0 | W60: =IFERROR($D60*X60,0) -> 0 | Y60: =IFERROR($D60*Z60,0) -> 0 | AA60: =IFERROR($D60*AB60,0) -> 0 | AC60: =IFERROR($D60*AD60,0) -> 0 | AE60: =IFERROR($D60*AF60,0) -> 0 | AG60: =IFERROR($D60*AH60,0) -> 0 | AI60: =IFERROR($D60*AJ60,0) -> 0 | AK60: =IFERROR($D60*AL60,0) -> 0 | AM60: =IFERROR($D60*AN60,0) -> 0 | AO60: =IFERROR($D60*AP60,0) -> 0 | AQ60: =IFERROR($D60*AR60,0) -> 0 | AS60: =IFERROR($D60*AT60,0) -> 0 | AU60: =IFERROR($D60*AV60,0) -> 0 | AW60: =IFERROR($D60*AX60,0) -> 0 | AY60: =IFERROR($D60*AZ60,0) -> 0 | BA60: =IFERROR($D60*BB60,0) -> 0 | BC60: =IFERROR($D60*BD60,0) -> 0 | BE60: =IFERROR($D60*BF60,0) -> 0 | BG60: =IFERROR($D60*BH60,0) -> 0 | BI60: =IFERROR($D60*BJ60,0) -> 0 | BK60: =IFERROR($D60*BL60,0) -> 0 | BM60: =IFERROR($D60*BN60,0) -> 0 | BO60: =IFERROR($D60*BP60,0) -> 0 | BQ60: =SUM(BN60,BL60,BJ60,BH60,BF60,BD60,BB60,AZ60,AX60,AV60,AT60,AR60,AP60,AN60,AL60,AJ60,AH60,AF60,AD60,AB60,Z60,X60,V60,T60,R60,P60,N60,L60,J60,H60,BP60) -> 0 | BR60: =SUM(G60,I60,K60,M60,O60,Q60,S60,U60,W60,Y60,AA60,AC60,AE60,AG60,AI60,AK60,AM60,AO60,AQ60,AS60,AU60,AW60,AY60,BA60,BC60,BE60,BG60,BI60,BK60,BM60,BO60) -> 0 | BS60: =D60='Orçamento Detalhado'!J66 -> TRUE
B61: 2.2.2 | C61: =IF(VLOOKUP(B61,'Orçamento Detalhado'!$A$11:$I$531,4,)="","",(VLOOKUP(B61,'Orçamento Detalhado'!$A$11:$I$531,4,))) -> Armadura de aço CA50A | D61: =IF(B61="","",VLOOKUP($B61,'Orçamento Detalhado'!$A$11:$J$531,10,)) | E61: =IFERROR(D61/$D$527,0) -> 0 | F61: 57 | G61: =IFERROR($D61*H61,0) -> 0 | I61: =IFERROR($D61*J61,0) -> 0 | K61: =IFERROR($D61*L61,0) -> 0 | M61: =IFERROR($D61*N61,0) -> 0 | O61: =IFERROR($D61*P61,0) -> 0 | Q61: =IFERROR($D61*R61,0) -> 0 | S61: =IFERROR($D61*T61,0) -> 0 | U61: =IFERROR($D61*V61,0) -> 0 | W61: =IFERROR($D61*X61,0) -> 0 | Y61: =IFERROR($D61*Z61,0) -> 0 | AA61: =IFERROR($D61*AB61,0) -> 0 | AC61: =IFERROR($D61*AD61,0) -> 0 | AE61: =IFERROR($D61*AF61,0) -> 0 | AG61: =IFERROR($D61*AH61,0) -> 0 | AI61: =IFERROR($D61*AJ61,0) -> 0 | AK61: =IFERROR($D61*AL61,0) -> 0 | AM61: =IFERROR($D61*AN61,0) -> 0 | AO61: =IFERROR($D61*AP61,0) -> 0 | AQ61: =IFERROR($D61*AR61,0) -> 0 | AS61: =IFERROR($D61*AT61,0) -> 0 | AU61: =IFERROR($D61*AV61,0) -> 0 | AW61: =IFERROR($D61*AX61,0) -> 0 | AY61: =IFERROR($D61*AZ61,0) -> 0 | BA61: =IFERROR($D61*BB61,0) -> 0 | BC61: =IFERROR($D61*BD61,0) -> 0 | BE61: =IFERROR($D61*BF61,0) -> 0 | BG61: =IFERROR($D61*BH61,0) -> 0 | BI61: =IFERROR($D61*BJ61,0) -> 0 | BK61: =IFERROR($D61*BL61,0) -> 0 | BM61: =IFERROR($D61*BN61,0) -> 0 | BO61: =IFERROR($D61*BP61,0) -> 0 | BQ61: =SUM(BN61,BL61,BJ61,BH61,BF61,BD61,BB61,AZ61,AX61,AV61,AT61,AR61,AP61,AN61,AL61,AJ61,AH61,AF61,AD61,AB61,Z61,X61,V61,T61,R61,P61,N61,L61,J61,H61,BP61) -> 0 | BR61: =SUM(G61,I61,K61,M61,O61,Q61,S61,U61,W61,Y61,AA61,AC61,AE61,AG61,AI61,AK61,AM61,AO61,AQ61,AS61,AU61,AW61,AY61,BA61,BC61,BE61,BG61,BI61,BK61,BM61,BO61) -> 0 | BS61: =D61='Orçamento Detalhado'!J67 -> TRUE
B62: 2.2.3 | C62: =IF(VLOOKUP(B62,'Orçamento Detalhado'!$A$11:$I$531,4,)="","",(VLOOKUP(B62,'Orçamento Detalhado'!$A$11:$I$531,4,))) -> Acessórios para concretagem | D62: =IF(B62="","",VLOOKUP($B62,'Orçamento Detalhado'!$A$11:$J$531,10,)) | E62: =IFERROR(D62/$D$527,0) -> 0 | F62: 58 | G62: =IFERROR($D62*H62,0) -> 0 | I62: =IFERROR($D62*J62,0) -> 0 | K62: =IFERROR($D62*L62,0) -> 0 | M62: =IFERROR($D62*N62,0) -> 0 | O62: =IFERROR($D62*P62,0) -> 0 | Q62: =IFERROR($D62*R62,0) -> 0 | S62: =IFERROR($D62*T62,0) -> 0 | U62: =IFERROR($D62*V62,0) -> 0 | W62: =IFERROR($D62*X62,0) -> 0 | Y62: =IFERROR($D62*Z62,0) -> 0 | AA62: =IFERROR($D62*AB62,0) -> 0 | AC62: =IFERROR($D62*AD62,0) -> 0 | AE62: =IFERROR($D62*AF62,0) -> 0 | AG62: =IFERROR($D62*AH62,0) -> 0 | AI62: =IFERROR($D62*AJ62,0) -> 0 | AK62: =IFERROR($D62*AL62,0) -> 0 | AM62: =IFERROR($D62*AN62,0) -> 0 | AO62: =IFERROR($D62*AP62,0) -> 0 | AQ62: =IFERROR($D62*AR62,0) -> 0 | AS62: =IFERROR($D62*AT62,0) -> 0 | AU62: =IFERROR($D62*AV62,0) -> 0 | AW62: =IFERROR($D62*AX62,0) -> 0 | AY62: =IFERROR($D62*AZ62,0) -> 0 | BA62: =IFERROR($D62*BB62,0) -> 0 | BC62: =IFERROR($D62*BD62,0) -> 0 | BE62: =IFERROR($D62*BF62,0) -> 0 | BG62: =IFERROR($D62*BH62,0) -> 0 | BI62: =IFERROR($D62*BJ62,0) -> 0 | BK62: =IFERROR($D62*BL62,0) -> 0 | BM62: =IFERROR($D62*BN62,0) -> 0 | BO62: =IFERROR($D62*BP62,0) -> 0 | BQ62: =SUM(BN62,BL62,BJ62,BH62,BF62,BD62,BB62,AZ62,AX62,AV62,AT62,AR62,AP62,AN62,AL62,AJ62,AH62,AF62,AD62,AB62,Z62,X62,V62,T62,R62,P62,N62,L62,J62,H62,BP62) -> 0 | BR62: =SUM(G62,I62,K62,M62,O62,Q62,S62,U62,W62,Y62,AA62,AC62,AE62,AG62,AI62,AK62,AM62,AO62,AQ62,AS62,AU62,AW62,AY62,BA62,BC62,BE62,BG62,BI62,BK62,BM62,BO62) -> 0 | BS62: =D62='Orçamento Detalhado'!J68 -> TRUE
B63: 2.2.4 | C63: =IF(VLOOKUP(B63,'Orçamento Detalhado'!$A$11:$I$531,4,)="","",(VLOOKUP(B63,'Orçamento Detalhado'!$A$11:$I$531,4,))) -> Concreto Armado | D63: =IF(B63="","",VLOOKUP($B63,'Orçamento Detalhado'!$A$11:$J$531,10,)) | E63: =IFERROR(D63/$D$527,0) -> 0 | F63: 59 | G63: =IFERROR($D63*H63,0) -> 0 | I63: =IFERROR($D63*J63,0) -> 0 | K63: =IFERROR($D63*L63,0) -> 0 | M63: =IFERROR($D63*N63,0) -> 0 | O63: =IFERROR($D63*P63,0) -> 0 | Q63: =IFERROR($D63*R63,0) -> 0 | S63: =IFERROR($D63*T63,0) -> 0 | U63: =IFERROR($D63*V63,0) -> 0 | W63: =IFERROR($D63*X63,0) -> 0 | Y63: =IFERROR($D63*Z63,0) -> 0 | AA63: =IFERROR($D63*AB63,0) -> 0 | AC63: =IFERROR($D63*AD63,0) -> 0 | AE63: =IFERROR($D63*AF63,0) -> 0 | AG63: =IFERROR($D63*AH63,0) -> 0 | AI63: =IFERROR($D63*AJ63,0) -> 0 | AK63: =IFERROR($D63*AL63,0) -> 0 | AM63: =IFERROR($D63*AN63,0) -> 0 | AO63: =IFERROR($D63*AP63,0) -> 0 | AQ63: =IFERROR($D63*AR63,0) -> 0 | AS63: =IFERROR($D63*AT63,0) -> 0 | AU63: =IFERROR($D63*AV63,0) -> 0 | AW63: =IFERROR($D63*AX63,0) -> 0 | AY63: =IFERROR($D63*AZ63,0) -> 0 | BA63: =IFERROR($D63*BB63,0) -> 0 | BC63: =IFERROR($D63*BD63,0) -> 0 | BE63: =IFERROR($D63*BF63,0) -> 0 | BG63: =IFERROR($D63*BH63,0) -> 0 | BI63: =IFERROR($D63*BJ63,0) -> 0 | BK63: =IFERROR($D63*BL63,0) -> 0 | BM63: =IFERROR($D63*BN63,0) -> 0 | BO63: =IFERROR($D63*BP63,0) -> 0 | BQ63: =SUM(BN63,BL63,BJ63,BH63,BF63,BD63,BB63,AZ63,AX63,AV63,AT63,AR63,AP63,AN63,AL63,AJ63,AH63,AF63,AD63,AB63,Z63,X63,V63,T63,R63,P63,N63,L63,J63,H63,BP63) -> 0 | BR63: =SUM(G63,I63,K63,M63,O63,Q63,S63,U63,W63,Y63,AA63,AC63,AE63,AG63,AI63,AK63,AM63,AO63,AQ63,AS63,AU63,AW63,AY63,BA63,BC63,BE63,BG63,BI63,BK63,BM63,BO63) -> 0 | BS63: =D63='Orçamento Detalhado'!J69 -> TRUE
B64: 2.2.5 | C64: =IF(VLOOKUP(B64,'Orçamento Detalhado'!$A$11:$I$531,4,)="","",(VLOOKUP(B64,'Orçamento Detalhado'!$A$11:$I$531,4,))) -> Pré-moldados / Juntas estruturais | D64: =IF(B64="","",VLOOKUP($B64,'Orçamento Detalhado'!$A$11:$J$531,10,)) | E64: =IFERROR(D64/$D$527,0) -> 0 | F64: 60 | G64: =IFERROR($D64*H64,0) -> 0 | I64: =IFERROR($D64*J64,0) -> 0 | K64: =IFERROR($D64*L64,0) -> 0 | M64: =IFERROR($D64*N64,0) -> 0 | O64: =IFERROR($D64*P64,0) -> 0 | Q64: =IFERROR($D64*R64,0) -> 0 | S64: =IFERROR($D64*T64,0) -> 0 | U64: =IFERROR($D64*V64,0) -> 0 | W64: =IFERROR($D64*X64,0) -> 0 | Y64: =IFERROR($D64*Z64,0) -> 0 | AA64: =IFERROR($D64*AB64,0) -> 0 | AC64: =IFERROR($D64*AD64,0) -> 0 | AE64: =IFERROR($D64*AF64,0) -> 0 | AG64: =IFERROR($D64*AH64,0) -> 0 | AI64: =IFERROR($D64*AJ64,0) -> 0 | AK64: =IFERROR($D64*AL64,0) -> 0 | AM64: =IFERROR($D64*AN64,0) -> 0 | AO64: =IFERROR($D64*AP64,0) -> 0 | AQ64: =IFERROR($D64*AR64,0) -> 0 | AS64: =IFERROR($D64*AT64,0) -> 0 | AU64: =IFERROR($D64*AV64,0) -> 0 | AW64: =IFERROR($D64*AX64,0) -> 0 | AY64: =IFERROR($D64*AZ64,0) -> 0 | BA64: =IFERROR($D64*BB64,0) -> 0 | BC64: =IFERROR($D64*BD64,0) -> 0 | BE64: =IFERROR($D64*BF64,0) -> 0 | BG64: =IFERROR($D64*BH64,0) -> 0 | BI64: =IFERROR($D64*BJ64,0) -> 0 | BK64: =IFERROR($D64*BL64,0) -> 0 | BM64: =IFERROR($D64*BN64,0) -> 0 | BO64: =IFERROR($D64*BP64,0) -> 0 | BQ64: =SUM(BN64,BL64,BJ64,BH64,BF64,BD64,BB64,AZ64,AX64,AV64,AT64,AR64,AP64,AN64,AL64,AJ64,AH64,AF64,AD64,AB64,Z64,X64,V64,T64,R64,P64,N64,L64,J64,H64,BP64) -> 0 | BR64: =SUM(G64,I64,K64,M64,O64,Q64,S64,U64,W64,Y64,AA64,AC64,AE64,AG64,AI64,AK64,AM64,AO64,AQ64,AS64,AU64,AW64,AY64,BA64,BC64,BE64,BG64,BI64,BK64,BM64,BO64) -> 0 | BS64: =D64='Orçamento Detalhado'!J70 -> TRUE
B65: 2.2.6 | C65: =IF(VLOOKUP(B65,'Orçamento Detalhado'!$A$11:$I$531,4,)="","",(VLOOKUP(B65,'Orçamento Detalhado'!$A$11:$I$531,4,))) -> Acessórios para tratamento | D65: =IF(B65="","",VLOOKUP($B65,'Orçamento Detalhado'!$A$11:$J$531,10,)) | E65: =IFERROR(D65/$D$527,0) -> 0 | F65: 61 | G65: =IFERROR($D65*H65,0) -> 0 | I65: =IFERROR($D65*J65,0) -> 0 | K65: =IFERROR($D65*L65,0) -> 0 | M65: =IFERROR($D65*N65,0) -> 0 | O65: =IFERROR($D65*P65,0) -> 0 | Q65: =IFERROR($D65*R65,0) -> 0 | S65: =IFERROR($D65*T65,0) -> 0 | U65: =IFERROR($D65*V65,0) -> 0 | W65: =IFERROR($D65*X65,0) -> 0 | Y65: =IFERROR($D65*Z65,0) -> 0 | AA65: =IFERROR($D65*AB65,0) -> 0 | AC65: =IFERROR($D65*AD65,0) -> 0 | AE65: =IFERROR($D65*AF65,0) -> 0 | AG65: =IFERROR($D65*AH65,0) -> 0 | AI65: =IFERROR($D65*AJ65,0) -> 0 | AK65: =IFERROR($D65*AL65,0) -> 0 | AM65: =IFERROR($D65*AN65,0) -> 0 | AO65: =IFERROR($D65*AP65,0) -> 0 | AQ65: =IFERROR($D65*AR65,0) -> 0 | AS65: =IFERROR($D65*AT65,0) -> 0 | AU65: =IFERROR($D65*AV65,0) -> 0 | AW65: =IFERROR($D65*AX65,0) -> 0 | AY65: =IFERROR($D65*AZ65,0) -> 0 | BA65: =IFERROR($D65*BB65,0) -> 0 | BC65: =IFERROR($D65*BD65,0) -> 0 | BE65: =IFERROR($D65*BF65,0) -> 0 | BG65: =IFERROR($D65*BH65,0) -> 0 | BI65: =IFERROR($D65*BJ65,0) -> 0 | BK65: =IFERROR($D65*BL65,0) -> 0 | BM65: =IFERROR($D65*BN65,0) -> 0 | BO65: =IFERROR($D65*BP65,0) -> 0 | BQ65: =SUM(BN65,BL65,BJ65,BH65,BF65,BD65,BB65,AZ65,AX65,AV65,AT65,AR65,AP65,AN65,AL65,AJ65,AH65,AF65,AD65,AB65,Z65,X65,V65,T65,R65,P65,N65,L65,J65,H65,BP65) -> 0 | BR65: =SUM(G65,I65,K65,M65,O65,Q65,S65,U65,W65,Y65,AA65,AC65,AE65,AG65,AI65,AK65,AM65,AO65,AQ65,AS65,AU65,AW65,AY65,BA65,BC65,BE65,BG65,BI65,BK65,BM65,BO65) -> 0 | BS65: =D65='Orçamento Detalhado'!J71 -> TRUE
B66: 2.2.7 | C66: =IF(VLOOKUP(B66,'Orçamento Detalhado'!$A$11:$I$531,4,)="","",(VLOOKUP(B66,'Orçamento Detalhado'!$A$11:$I$531,4,))) -> Alvenaria Estrutural | D66: =IF(B66="","",VLOOKUP($B66,'Orçamento Detalhado'!$A$11:$J$531,10,)) | E66: =IFERROR(D66/$D$527,0) -> 0 | F66: 62 | G66: =IFERROR($D66*H66,0) -> 0 | I66: =IFERROR($D66*J66,0) -> 0 | K66: =IFERROR($D66*L66,0) -> 0 | M66: =IFERROR($D66*N66,0) -> 0 | O66: =IFERROR($D66*P66,0) -> 0 | Q66: =IFERROR($D66*R66,0) -> 0 | S66: =IFERROR($D66*T66,0) -> 0 | U66: =IFERROR($D66*V66,0) -> 0 | W66: =IFERROR($D66*X66,0) -> 0 | Y66: =IFERROR($D66*Z66,0) -> 0 | AA66: =IFERROR($D66*AB66,0) -> 0 | AC66: =IFERROR($D66*AD66,0) -> 0 | AE66: =IFERROR($D66*AF66,0) -> 0 | AG66: =IFERROR($D66*AH66,0) -> 0 | AI66: =IFERROR($D66*AJ66,0) -> 0 | AK66: =IFERROR($D66*AL66,0) -> 0 | AM66: =IFERROR($D66*AN66,0) -> 0 | AO66: =IFERROR($D66*AP66,0) -> 0 | AQ66: =IFERROR($D66*AR66,0) -> 0 | AS66: =IFERROR($D66*AT66,0) -> 0 | AU66: =IFERROR($D66*AV66,0) -> 0 | AW66: =IFERROR($D66*AX66,0) -> 0 | AY66: =IFERROR($D66*AZ66,0) -> 0 | BA66: =IFERROR($D66*BB66,0) -> 0 | BC66: =IFERROR($D66*BD66,0) -> 0 | BE66: =IFERROR($D66*BF66,0) -> 0 | BG66: =IFERROR($D66*BH66,0) -> 0 | BI66: =IFERROR($D66*BJ66,0) -> 0 | BK66: =IFERROR($D66*BL66,0) -> 0 | BM66: =IFERROR($D66*BN66,0) -> 0 | BO66: =IFERROR($D66*BP66,0) -> 0 | BQ66: =SUM(BN66,BL66,BJ66,BH66,BF66,BD66,BB66,AZ66,AX66,AV66,AT66,AR66,AP66,AN66,AL66,AJ66,AH66,AF66,AD66,AB66,Z66,X66,V66,T66,R66,P66,N66,L66,J66,H66,BP66) -> 0 | BR66: =SUM(G66,I66,K66,M66,O66,Q66,S66,U66,W66,Y66,AA66,AC66,AE66,AG66,AI66,AK66,AM66,AO66,AQ66,AS66,AU66,AW66,AY66,BA66,BC66,BE66,BG66,BI66,BK66,BM66,BO66) -> 0 | BS66: =D66='Orçamento Detalhado'!J72 -> TRUE
B67: 2.2.8 | C67: =IF(VLOOKUP(B67,'Orçamento Detalhado'!$A$11:$I$531,4,)="","",(VLOOKUP(B67,'Orçamento Detalhado'!$A$11:$I$531,4,))) | D67: =IF(B67="","",VLOOKUP($B67,'Orçamento Detalhado'!$A$11:$J$531,10,)) | E67: =IFERROR(D67/$D$527,0) -> 0 | F67: 63 | G67: =IFERROR($D67*H67,0) -> 0 | I67: =IFERROR($D67*J67,0) -> 0 | K67: =IFERROR($D67*L67,0) -> 0 | M67: =IFERROR($D67*N67,0) -> 0 | O67: =IFERROR($D67*P67,0) -> 0 | Q67: =IFERROR($D67*R67,0) -> 0 | S67: =IFERROR($D67*T67,0) -> 0 | U67: =IFERROR($D67*V67,0) -> 0 | W67: =IFERROR($D67*X67,0) -> 0 | Y67: =IFERROR($D67*Z67,0) -> 0 | AA67: =IFERROR($D67*AB67,0) -> 0 | AC67: =IFERROR($D67*AD67,0) -> 0 | AE67: =IFERROR($D67*AF67,0) -> 0 | AG67: =IFERROR($D67*AH67,0) -> 0 | AI67: =IFERROR($D67*AJ67,0) -> 0 | AK67: =IFERROR($D67*AL67,0) -> 0 | AM67: =IFERROR($D67*AN67,0) -> 0 | AO67: =IFERROR($D67*AP67,0) -> 0 | AQ67: =IFERROR($D67*AR67,0) -> 0 | AS67: =IFERROR($D67*AT67,0) -> 0 | AU67: =IFERROR($D67*AV67,0) -> 0 | AW67: =IFERROR($D67*AX67,0) -> 0 | AY67: =IFERROR($D67*AZ67,0) -> 0 | BA67: =IFERROR($D67*BB67,0) -> 0 | BC67: =IFERROR($D67*BD67,0) -> 0 | BE67: =IFERROR($D67*BF67,0) -> 0 | BG67: =IFERROR($D67*BH67,0) -> 0 | BI67: =IFERROR($D67*BJ67,0) -> 0 | BK67: =IFERROR($D67*BL67,0) -> 0 | BM67: =IFERROR($D67*BN67,0) -> 0 | BO67: =IFERROR($D67*BP67,0) -> 0 | BQ67: =SUM(BN67,BL67,BJ67,BH67,BF67,BD67,BB67,AZ67,AX67,AV67,AT67,AR67,AP67,AN67,AL67,AJ67,AH67,AF67,AD67,AB67,Z67,X67,V67,T67,R67,P67,N67,L67,J67,H67,BP67) -> 0 | BR67: =SUM(G67,I67,K67,M67,O67,Q67,S67,U67,W67,Y67,AA67,AC67,AE67,AG67,AI67,AK67,AM67,AO67,AQ67,AS67,AU67,AW67,AY67,BA67,BC67,BE67,BG67,BI67,BK67,BM67,BO67) -> 0 | BS67: =D67='Orçamento Detalhado'!J73 -> TRUE
B68: 2.2.9 | C68: =IF(VLOOKUP(B68,'Orçamento Detalhado'!$A$11:$I$531,4,)="","",(VLOOKUP(B68,'Orçamento Detalhado'!$A$11:$I$531,4,))) | D68: =IF(B68="","",VLOOKUP($B68,'Orçamento Detalhado'!$A$11:$J$531,10,)) | E68: =IFERROR(D68/$D$527,0) -> 0 | F68: 64 | G68: =IFERROR($D68*H68,0) -> 0 | I68: =IFERROR($D68*J68,0) -> 0 | K68: =IFERROR($D68*L68,0) -> 0 | M68: =IFERROR($D68*N68,0) -> 0 | O68: =IFERROR($D68*P68,0) -> 0 | Q68: =IFERROR($D68*R68,0) -> 0 | S68: =IFERROR($D68*T68,0) -> 0 | U68: =IFERROR($D68*V68,0) -> 0 | W68: =IFERROR($D68*X68,0) -> 0 | Y68: =IFERROR($D68*Z68,0) -> 0 | AA68: =IFERROR($D68*AB68,0) -> 0 | AC68: =IFERROR($D68*AD68,0) -> 0 | AE68: =IFERROR($D68*AF68,0) -> 0 | AG68: =IFERROR($D68*AH68,0) -> 0 | AI68: =IFERROR($D68*AJ68,0) -> 0 | AK68: =IFERROR($D68*AL68,0) -> 0 | AM68: =IFERROR($D68*AN68,0) -> 0 | AO68: =IFERROR($D68*AP68,0) -> 0 | AQ68: =IFERROR($D68*AR68,0) -> 0 | AS68: =IFERROR($D68*AT68,0) -> 0 | AU68: =IFERROR($D68*AV68,0) -> 0 | AW68: =IFERROR($D68*AX68,0) -> 0 | AY68: =IFERROR($D68*AZ68,0) -> 0 | BA68: =IFERROR($D68*BB68,0) -> 0 | BC68: =IFERROR($D68*BD68,0) -> 0 | BE68: =IFERROR($D68*BF68,0) -> 0 | BG68: =IFERROR($D68*BH68,0) -> 0 | BI68: =IFERROR($D68*BJ68,0) -> 0 | BK68: =IFERROR($D68*BL68,0) -> 0 | BM68: =IFERROR($D68*BN68,0) -> 0 | BO68: =IFERROR($D68*BP68,0) -> 0 | BQ68: =SUM(BN68,BL68,BJ68,BH68,BF68,BD68,BB68,AZ68,AX68,AV68,AT68,AR68,AP68,AN68,AL68,AJ68,AH68,AF68,AD68,AB68,Z68,X68,V68,T68,R68,P68,N68,L68,J68,H68,BP68) -> 0 | BR68: =SUM(G68,I68,K68,M68,O68,Q68,S68,U68,W68,Y68,AA68,AC68,AE68,AG68,AI68,AK68,AM68,AO68,AQ68,AS68,AU68,AW68,AY68,BA68,BC68,BE68,BG68,BI68,BK68,BM68,BO68) -> 0 | BS68: =D68='Orçamento Detalhado'!J74 -> TRUE
B69: 2.2.10 | C69: =IF(VLOOKUP(B69,'Orçamento Detalhado'!$A$11:$I$531,4,)="","",(VLOOKUP(B69,'Orçamento Detalhado'!$A$11:$I$531,4,))) | D69: =IF(B69="","",VLOOKUP($B69,'Orçamento Detalhado'!$A$11:$J$531,10,)) | E69: =IFERROR(D69/$D$527,0) -> 0 | F69: 65 | G69: =IFERROR($D69*H69,0) -> 0 | I69: =IFERROR($D69*J69,0) -> 0 | K69: =IFERROR($D69*L69,0) -> 0 | M69: =IFERROR($D69*N69,0) -> 0 | O69: =IFERROR($D69*P69,0) -> 0 | Q69: =IFERROR($D69*R69,0) -> 0 | S69: =IFERROR($D69*T69,0) -> 0 | U69: =IFERROR($D69*V69,0) -> 0 | W69: =IFERROR($D69*X69,0) -> 0 | Y69: =IFERROR($D69*Z69,0) -> 0 | AA69: =IFERROR($D69*AB69,0) -> 0 | AC69: =IFERROR($D69*AD69,0) -> 0 | AE69: =IFERROR($D69*AF69,0) -> 0 | AG69: =IFERROR($D69*AH69,0) -> 0 | AI69: =IFERROR($D69*AJ69,0) -> 0 | AK69: =IFERROR($D69*AL69,0) -> 0 | AM69: =IFERROR($D69*AN69,0) -> 0 | AO69: =IFERROR($D69*AP69,0) -> 0 | AQ69: =IFERROR($D69*AR69,0) -> 0 | AS69: =IFERROR($D69*AT69,0) -> 0 | AU69: =IFERROR($D69*AV69,0) -> 0 | AW69: =IFERROR($D69*AX69,0) -> 0 | AY69: =IFERROR($D69*AZ69,0) -> 0 | BA69: =IFERROR($D69*BB69,0) -> 0 | BC69: =IFERROR($D69*BD69,0) -> 0 | BE69: =IFERROR($D69*BF69,0) -> 0 | BG69: =IFERROR($D69*BH69,0) -> 0 | BI69: =IFERROR($D69*BJ69,0) -> 0 | BK69: =IFERROR($D69*BL69,0) -> 0 | BM69: =IFERROR($D69*BN69,0) -> 0 | BO69: =IFERROR($D69*BP69,0) -> 0 | BQ69: =SUM(BN69,BL69,BJ69,BH69,BF69,BD69,BB69,AZ69,AX69,AV69,AT69,AR69,AP69,AN69,AL69,AJ69,AH69,AF69,AD69,AB69,Z69,X69,V69,T69,R69,P69,N69,L69,J69,H69,BP69) -> 0 | BR69: =SUM(G69,I69,K69,M69,O69,Q69,S69,U69,W69,Y69,AA69,AC69,AE69,AG69,AI69,AK69,AM69,AO69,AQ69,AS69,AU69,AW69,AY69,BA69,BC69,BE69,BG69,BI69,BK69,BM69,BO69) -> 0 | BS69: =D69='Orçamento Detalhado'!J75 -> TRUE
B70: 2.2.11 | C70: =IF(VLOOKUP(B70,'Orçamento Detalhado'!$A$11:$I$531,4,)="","",(VLOOKUP(B70,'Orçamento Detalhado'!$A$11:$I$531,4,))) | D70: =IF(B70="","",VLOOKUP($B70,'Orçamento Detalhado'!$A$11:$J$531,10,)) | E70: =IFERROR(D70/$D$527,0) -> 0 | F70: 66 | G70: =IFERROR($D70*H70,0) -> 0 | I70: =IFERROR($D70*J70,0) -> 0 | K70: =IFERROR($D70*L70,0) -> 0 | M70: =IFERROR($D70*N70,0) -> 0 | O70: =IFERROR($D70*P70,0) -> 0 | Q70: =IFERROR($D70*R70,0) -> 0 | S70: =IFERROR($D70*T70,0) -> 0 | U70: =IFERROR($D70*V70,0) -> 0 | W70: =IFERROR($D70*X70,0) -> 0 | Y70: =IFERROR($D70*Z70,0) -> 0 | AA70: =IFERROR($D70*AB70,0) -> 0 | AC70: =IFERROR($D70*AD70,0) -> 0 | AE70: =IFERROR($D70*AF70,0) -> 0 | AG70: =IFERROR($D70*AH70,0) -> 0 | AI70: =IFERROR($D70*AJ70,0) -> 0 | AK70: =IFERROR($D70*AL70,0) -> 0 | AM70: =IFERROR($D70*AN70,0) -> 0 | AO70: =IFERROR($D70*AP70,0) -> 0 | AQ70: =IFERROR($D70*AR70,0) -> 0 | AS70: =IFERROR($D70*AT70,0) -> 0 | AU70: =IFERROR($D70*AV70,0) -> 0 | AW70: =IFERROR($D70*AX70,0) -> 0 | AY70: =IFERROR($D70*AZ70,0) -> 0 | BA70: =IFERROR($D70*BB70,0) -> 0 | BC70: =IFERROR($D70*BD70,0) -> 0 | BE70: =IFERROR($D70*BF70,0) -> 0 | BG70: =IFERROR($D70*BH70,0) -> 0 | BI70: =IFERROR($D70*BJ70,0) -> 0 | BK70: =IFERROR($D70*BL70,0) -> 0 | BM70: =IFERROR($D70*BN70,0) -> 0 | BO70: =IFERROR($D70*BP70,0) -> 0 | BQ70: =SUM(BN70,BL70,BJ70,BH70,BF70,BD70,BB70,AZ70,AX70,AV70,AT70,AR70,AP70,AN70,AL70,AJ70,AH70,AF70,AD70,AB70,Z70,X70,V70,T70,R70,P70,N70,L70,J70,H70,BP70) -> 0 | BR70: =SUM(G70,I70,K70,M70,O70,Q70,S70,U70,W70,Y70,AA70,AC70,AE70,AG70,AI70,AK70,AM70,AO70,AQ70,AS70,AU70,AW70,AY70,BA70,BC70,BE70,BG70,BI70,BK70,BM70,BO70) -> 0 | BS70: =D70='Orçamento Detalhado'!J76 -> TRUE
B71: 2.3 | C71: =IF(B71="","",VLOOKUP(B71,'Orçamento Detalhado'!$A$11:$I$531,4,)) -> PAREDES E PAÍNEIS | D71: =SUM(D72:D80) -> 0 | E71: =IFERROR(D71/$D$527,0) -> 0 | F71: 67 | G71: =SUM(G72:G80) -> 0 | H71: =IFERROR(G71/$D71,0) -> 0 | I71: =SUM(I72:I80) -> 0 | J71: =IFERROR(I71/$D71,0) -> 0 | K71: =SUM(K72:K80) -> 0 | L71: =IFERROR(K71/$D71,0) -> 0 | M71: =SUM(M72:M80) -> 0 | N71: =IFERROR(M71/$D71,0) -> 0 | O71: =SUM(O72:O80) -> 0 | P71: =IFERROR(O71/$D71,0) -> 0 | Q71: =SUM(Q72:Q80) -> 0 | R71: =IFERROR(Q71/$D71,0) -> 0 | S71: =SUM(S72:S80) -> 0 | T71: =IFERROR(S71/$D71,0) -> 0 | U71: =SUM(U72:U80) -> 0 | V71: =IFERROR(U71/$D71,0) -> 0 | W71: =SUM(W72:W80) -> 0 | X71: =IFERROR(W71/$D71,0) -> 0 | Y71: =SUM(Y72:Y80) -> 0 | Z71: =IFERROR(Y71/$D71,0) -> 0 | AA71: =SUM(AA72:AA80) -> 0 | AB71: =IFERROR(AA71/$D71,0) -> 0 | AC71: =SUM(AC72:AC80) -> 0 | AD71: =IFERROR(AC71/$D71,0) -> 0 | AE71: =SUM(AE72:AE80) -> 0 | AF71: =IFERROR(AE71/$D71,0) -> 0 | AG71: =SUM(AG72:AG80) -> 0 | AH71: =IFERROR(AG71/$D71,0) -> 0 | AI71: =SUM(AI72:AI80) -> 0 | AJ71: =IFERROR(AI71/$D71,0) -> 0 | AK71: =SUM(AK72:AK80) -> 0 | AL71: =IFERROR(AK71/$D71,0) -> 0 | AM71: =SUM(AM72:AM80) -> 0 | AN71: =IFERROR(AM71/$D71,0) -> 0 | AO71: =SUM(AO72:AO80) -> 0 | AP71: =IFERROR(AO71/$D71,0) -> 0 | AQ71: =SUM(AQ72:AQ80) -> 0 | AR71: =IFERROR(AQ71/$D71,0) -> 0 | AS71: =SUM(AS72:AS80) -> 0 | AT71: =IFERROR(AS71/$D71,0) -> 0 | AU71: =SUM(AU72:AU80) -> 0 | AV71: =IFERROR(AU71/$D71,0) -> 0 | AW71: =SUM(AW72:AW80) -> 0 | AX71: =IFERROR(AW71/$D71,0) -> 0 | AY71: =SUM(AY72:AY80) -> 0 | AZ71: =IFERROR(AY71/$D71,0) -> 0 | BA71: =SUM(BA72:BA80) -> 0 | BB71: =IFERROR(BA71/$D71,0) -> 0 | BC71: =SUM(BC72:BC80) -> 0 | BD71: =IFERROR(BC71/$D71,0) -> 0 | BE71: =SUM(BE72:BE80) -> 0 | BF71: =IFERROR(BE71/$D71,0) -> 0 | BG71: =SUM(BG72:BG80) -> 0 | BH71: =IFERROR(BG71/$D71,0) -> 0 | BI71: =SUM(BI72:BI80) -> 0 | BJ71: =IFERROR(BI71/$D71,0) -> 0 | BK71: =SUM(BK72:BK80) -> 0 | BL71: =IFERROR(BK71/$D71,0) -> 0 | BM71: =SUM(BM72:BM80) -> 0 | BN71: =IFERROR(BM71/$D71,0) -> 0 | BO71: =SUM(BO72:BO80) -> 0 | BP71: =IFERROR(BO71/$D71,0) -> 0 | BQ71: =SUM(BN71,BL71,BJ71,BH71,BF71,BD71,BB71,AZ71,AX71,AV71,AT71,AR71,AP71,AN71,AL71,AJ71,AH71,AF71,AD71,AB71,Z71,X71,V71,T71,R71,P71,N71,L71,J71,H71,BP71) -> 0 | BR71: =SUM(G71,I71,K71,M71,O71,Q71,S71,U71,W71,Y71,AA71,AC71,AE71,AG71,AI71,AK71,AM71,AO71,AQ71,AS71,AU71,AW71,AY71,BA71,BC71,BE71,BG71,BI71,BK71,BM71,BO71) -> 0 | BS71: =D71='Orçamento Detalhado'!J77 -> TRUE
